Workbook

Sheet ENTRY
A1: No. | B1: TEAM NAME | C1: Paid | D1: MANAGERS | E1: PHONE | F1: ADDRESS1 | G1: ADDRESS2 | H1: ADDRESS3 | I1: EMAIL | J1: RUNNER | N1: CANOE | R1: SWIM | V1: EQUESTRIAN | Z1: CYCLE | AD1: CAT | AE1: SIGN | AF1: EQUESTRIAN CLUB
B2: 44498 | J2: SURNAME | K2: AGE | L2: PHONE | M2: SIGN | N2: SURNAME | O2: AGE | P2: PHONE | Q2: SIGN | R2: SURNAME | S2: AGE | T2: PHONE | U2: SIGN | V2: SURNAME | W2: AGE | X2: PHONE | Y2: SIGN | Z2: SURNAME | AA2: AGE | AB2: PHONE | AC2: SIGN
A3: 2 | B3: RUSTY IRONMEN BLUE | C3: Y | D3: CLIVE CHOATE | E3: 0422124908 | F3: 16 KEPPEL MEWS | G3: HALLS HEAD | H3: WA 6210 | I3: choate@westnet.com.au | J3: JIM LANGFORD | K3: 77 | M3: Y | N3: MATT RITIKIS | O3: 57 | Q3: Y | R3: JUSTIN HARRIS | S3: 51 | U3: Y | V3: LINDA YATES | W3: 43 | Y3: Y | Z3: DAVE WHITELEY | AA3: 70 | AC3: Y | AD3: SV | AE3: Y
A4: 3 | B4: RUSTY IRONMEN RED | C4: Y | D4: CLIVE CHOATE | E4: 0422124908 | F4: 16 KEPPEL MEWS | G4: HALLS HEAD | H4: WA 6210 | I4: choate@westnet.com.au | J4: BILL WHALLEY | K4: 66 | M4: Y | N4: JOHN REYNOLDS | O4: 64 | Q4: Y | R4: SHAYNE ISBISTER | U4: Y | V4: NE | Z4: STUART GEE | AA4: 64 | AC4: Y | AD4: SV | AE4: Y
A5: 4 | B5: RUSTY IRONMEN GREEN | C5: Y | D5: CLIVE CHOATE | E5: 0422124908 | F5: 16 KEPPEL MEWS | G5: HALLS HEAD | H5: WA 6210 | I5: choate@westnet.com.au | J5: JOSH CAMPBELL | K5: 15 | M5: YY | N5: JOE FORD | Q5: Y | R5: SHAWNY NORRIS | S5: 20 | U5: Y | V5: STEPH COOTE | Y5: Y | Z5: TIM HOWLEY | AC5: Y | AD5: OP | AE5: Y
A6: 5 | B6: 50 IS THE NEW 30 | C6: Y | D6: LINDA VOWLES | E6: 0417588651 | F6: PO BOX1020 | G6: BRIDGETOWN | H6: WA 6255 | I6: wheelerjane29@gmail.com | J6: DAVINA DEAN | K6: 40 | L6: 0466578657 | M6: Y | N6: ALISON WHEATLEY | O6: 61 | P6: 0427617507 | Q6: Y | R6: JEN CASOTTI | S6: 47 | T6: 0419048741 | U6: Y | V6: SAM MARTIN | W6: 49 | Y6: Y | Z6: BEV SZOLKOWSKI | AA6: 64 | AC6: Y | AD6: SL | AE6: Y
A7: 6 | B7: RUSTY IRONMEN PURPLE | C7: Y | D7: CLIVE CHOATE | E7: 0422124908 | F7: 16 KEPPEL MEWS | G7: HALLS HEAD | H7: WA 6210 | I7: choate@westnet.com.au | J7: ADAM BRENNER | K7: 43 | M7: Y | N7: ALAN HALL | O7: 50 | Q7: Y | R7: SHANNON BRENNER | S7: 38 | U7: Y | V7: GEORGIE URKKO | Y7: Y | Z7: MARTY WALLACE | AC7: Y | AD7: OP | AE7: Y
A8: 7 | B8: GEEGEELUP RACERS | D8: MICK DEWING | E8: 041790398 | F8: PO BOX 257 | G8: BRIDGETOWN | H8: WA 6255 | I8: mdewing@iinet.net.au | J8: JOEL BARKER | K8: 39 | L8: 0400975884 | M8: Y | N8: MICK DEWING | O8: 71 | P8: 0417903987 | Q8: Y | R8: JOHN MONCRIEFF | S8: 70 | T8: 0432105754 | U8: Y | V8: KEELY ANGEL | W8: 21 | X8: 97612215 | Y8: Y | Z8: MIKE VAN DUIJNHOVEN | AA8: 73 | AB8: 0428327366 | AC8: Y | AD8: OP | AE8: Y
A9: 8 | B9: HAVANA CLUB | C9: Y | D9: GLEN HOLST | E9: 0419850643 | F9: PO BOX 120 | G9: BRIDGETOWN | H9: WA 6255 | I9: admin@glenholst.com.au | J9: CALLUM MacNISH | K9: 31 | L9: 0401404585 | M9: Y | N9: GLEN HOLST | O9: 60 | P9: 0419850643 | Q9: Y | R9: ANDREW MACNISH | S9: 56 | T9: 0408810444 | U9: Y | V9: EMMA PANIZZA | W9: 33 | X9: 0428740442 | Y9: Y | Z9: CLAUDE QUINONES | AA9: 63 | AB9: 0417971963 | AC9: Y | AD9: OP | AE9: Y
A10: 9 | B10: SMASHING KREBS | C10: Y | D10: DAVID FIELD | E10: 0417173549 | F10: PO BOX 811 | G10: BRIDGETOWN | H10: WA 6255 | I10: dfphysio@bigpond.net.au | J10: DAVID FIELD | K10: 49 | L10: 0417173549 | M10: Y | N10: TIM MULCAHY | O10: 48 | P10: 0418489710 | Q10: Y | R10: JOHANNA VAN ROOYEN | S10: 49 | T10: 0414854864 | U10: Y | V10: NE | Z10: MIKE HOAR | AA10: 48 | AB10: 0408011667 | AC10: Y | AD10: VE | AE10: Y
A11: 10 | B11: RUSTY IRONMEN GOLD | C11: Y | D11: CLIVE CHOATE | E11: 0422124908 | F11: 16 KEPPEL MEWS | G11: HALLS HEAD | H11: WA 6210 | I11: choate@westnet.com.au | J11: ROSS LANGFORD | K11: 43 | M11: Y | N11: PAUL DEVONPORT | O11: 53 | Q11: Y | R11: LYLE KILDEA | S11: 63 | U11: Y | V11: MARK HAY | W11: 62 | Y11: Y | Z11: DAVE KENNEDY | AC11: Y | AD11: VE | AE11: Y
A12: 11 | B12: FIVE ABREAST | C12: Y | D12: DIANNE HOLLETT | E12: 0431184436 | F12: PO BOX 249 | G12: BRIDGETOWN | H12: WA 6255 | I12: bigholl@westnet.com.au | J12: DIANE HOLLETT | K12: 58 | L12: 0431184436 | M12: Y | N12: LYN WHITNEY | O12: 64 | P12: 97611238 | Q12: Y | R12: KYLIE ENGLISH | S12: 54 | U12: Y | V12: VIKTORIA CHLAPIK | W12: 38 | X12: 0499143219 | Y12: Y | Z12: RENEE WALLACE | AC12: Y | AD12: SL | AE12: Y | AF12: Y
A13: 12 | B13: GIDDYUP | C13: Y | D13: DAWN PENNEY | E13: 0497577849 | F13: 145 SHAKESPEARE AVE | G13: YOKIINE | H13: WA 6060 | I13: dawn.penney@westnet.com.au | J13: DAWN PENNEY | K13: 54 | L13: 0497577849 | M13: Y | N13: LARRY ODGERS | O13: 69 | P13: 0448798716 | Q13: Y | R13: DAWN PENNEY | S13: 54 | T13: 0497577849 | U13: Y | V13: NICOLA JOHNSON | W13: 43 | X13: '0402680883 | Y13: Y | Z13: DAWN PENNEY | AA13: 54 | AB13: 0497577849 | AC13: Y | AD13: SV | AE13: Y
A14: 13 | B14: BUSSELTON FAST FEMMES | C14: Y | D14: JO HARRISON-WARD | E14: 0487831386 | F14: PO BOX 35 | G14: BUSSELTON | H14: WA 6280 | I14: joharrisonward@gmail.com | J14: ANGELA HOMANN | K14: 46 | L14: 0435071286 | M14: Y | N14: ANGELA HOMANN | O14: 46 | P14: 0435071286 | Q14: Y | R14: AMBER BEE | S14: 43 | T14: 0488911572 | U14: Y | V14: STACEY ETHERIDGE | W14: 36 | X14: 043955187 | Y14: Y | Z14: DONNA STEPHENSON | AC14: Y | AD14: LV | AE14: Y
A15: 14 | B15: MONGER MONGRELS | C15: Y | D15: DEAN ZEC | E15: 04248600761 | F15: 1/74-78 CORBETT ST | G15: SCARBOROUGH | H15: WA 6019 | I15: deanzec@hotmail.com | J15: STEVE PREECE | K15: 52 | L15: 04271300008 | M15: Y | N15: SCOTT WOOLDRIDGE | O15: 54 | P15: 0424813680 | Q15: Y | R15: DEAN ZEC | S15: 54 | T15: 0428600761 | U15: Y | V15: NE | Z15: ROB DE LAETER | AA15: 52 | AC15: Y | AD15: VE | AE15: Y
A16: 15 | B16: HA HA | C16: Y | D16: ELLA ADAMS | E16: 0477477207 | F16: 15 KINGSLAND AVENUE | G16: CITY BEACH | H16: WA 6015 | I16: eradams03@gmail.com | J16: TILLY HOWARDS-EVANS | K16: 14 | M16: YY | N16: SIMON ADAMS | O16: 51 | Q16: Y | R16: ELLA ADAMS | S16: 18 | U16: Y | V16: NE | Z16: JACK ADAMS | AA16: 20 | AC16: Y | AD16: OP | AE16: Y
A17: 16 | B17: AMELIA PARK | C17: Y | D17: HANNAH MATTHEWS | E17: 0400792958 | F17: 357 ICALOORUP ROAD | G17: VASSE | H17: WA 6280 | I17: hannahmatthews19@gmail.com | J17: MURRAY SCOTT | K17: 39 | L17: 0437288016 | M17: Y | N17: JESSE BYRNE | Q17: Y | R17: HANNAH MATTHEWS | S17: 28 | T17: 0400792958 | U17: Y | V17: SARAH BROWN | W17: 35 | X17: 0438851068 | Y17: Y | Z17: TIM HEWITT | AA17: 40 | AB17: 0438851068 | AC17: Y | AD17: OP | AE17: Y
A18: 17 | B18: FIVE ALIVE | C18: Y | D18: KATHRYN KNOLL | E18: 0428428705 | F18: PO BOX 596 | G18: DONNYBROOK | H18: WA 6239 | I18: knollcando@westnet.com.au | J18: WENDY THORNHILL | K18: 44 | L18: 0498938375 | M18: Y | N18: PETER LIDDLE | O18: 62 | P18: 0466136652 | Q18: Y | R18: BRENDON BUNNING | S18: 65 | T18: 0458224230 | U18: Y | V18: KATHRYN KNOLL | W18: 54 | X18: 0427427705 | Y18: Y | Z18: LEIGHTON KNOLL | AA18: 60 | AB18: 0427427705 | AC18: Y | AD18: SV | AE18: Y
A19: 18 | B19: JITTERBUG | C19: Y | D19: NEALE PIKE | E19: 0409011783 | F19: PO BOX 117 | G19: COWARAMUP | H19: WA 6284 | I19: neale.pike@gmail.com | J19: NEALE PIKE | K19: 39 | L19: 0409011783 | M19: Y | N19: JOEL QUARTEMAINE | Q19: Y | R19: TIMOTHY BYCROFT | S19: 37 | T19: 0422475103 | U19: Y | V19: LIBBY FINLAYSON | W19: 45 | X19: 0407727703 | Z19: BERNARD WEARDEN | AA19: 32 | AB19: 0404645415 | AC19: Y | AD19: OP
A20: 19 | B20: RIVER RATS | C20: Y | D20: ANDREW WHITTELL | E20: 0409376359 | F20: 10 SPARROW CRES | G20: BUSSELTON | H20: WA 6280 | I20: busolaserman@gmail.com | J20: RICK WARD | K20: 72 | L20: 0419796080 | M20: Y | N20: LEONARD CHRISTIE | O20: 67 | P20: 0435933956 | Q20: Y | R20: DARRYL KELLY | S20: 70 | T20: 0419046579 | U20: Y | V20: NE | Z20: ANDREW WHITTELL | AA20: 68 | AB20: 0409376359 | AC20: Y | AD20: SV | AE20: Y
A21: 20 | B21: DOGS OF WAR | C21: Y | D21: JUSTIN KELLY | E21: 0439414882 | F21: 12 ALISON RD | G21: ATTADALE | H21: WA 6156 | I21: justin.kelly@woodgroup.com | J21: JUSTIN KELLY | K21: 41 | L21: 0439414882 | M21: Y | N21: JAMES RHYS | O21: 42 | P21: 0449231345 | Q21: Y | R21: KIM STANES | S21: 41 | T21: 0425625680 | U21: Y | V21: NE | Z21: ALEXANDER LOCKETT | AA21: 42 | AB21: 0475513203 | AC21: Y | AD21: VE | AE21: Y
A22: 21 | B22: RUSTY IRONMEN ORANGE | C22: Y | D22: CLIVE CHOATE | E22: 0422124908 | F22: 16 KEPPEL MEWS | G22: HALLS HEAD | H22: WA 6210 | I22: choate@westnet.com.au | J22: STEPHEN GARNER | M22: Y | N22: JAKE WILLIAMS | Q22: Y | R22: PETER BEYER | U22: Y | V22: NE | Z22: CHRIS BOYLE | AC22: Y | AD22: OP
A23: 22 | B23: WEST BRIDGETOWN WARRIORS 2 | D23: FRAN LONGO | E23: 0450656370 | F23: 3 KYBRA COURT | G23: BROOME | H23: WA | I23: francielongo@hotmail.com | J23: PHIL SMITH | L23: 0490922047 | N23: SCOTT GAMBLE | O23: 50 | P23: 0421499713 | R23: LEON BERTHELSEN | S23: 45 | T23: 0408081566 | V23: FRANCES LONGO | W23: 38 | X23: 0450656370 | Y23: Y | Z23: PHIL SMITH | AA23: 40 | AB23: 0410442376 | AD23: OP | AE23: Y
A24: 23 | B24: WEST BRIDGETOWN WARRIORS 3 | C24: Y | D24: SHAYNE CARTER | E24: 0400886576 | F24: PO BOX 611 | G24: CAPEL | H24: WA 6271 | I24: jsrcarter@live.com.au | J24: ANDREW HAAK | K24: 43 | L24: 0402036570 | M24: Y | N24: LLOYD POWELL | O24: 53 | P24: 0414476015 | Q24: Y | R24: DAVID MOYES | S24: 57 | T24: 0430886576 | U24: Y | V24: SHAYNE CARTER | W24: 33 | X24: 0400886576 | Y24: Y | Z24: KIRSTY FLWEMING | AA24: 50 | AB24: 0439769464 | AC24: Y | AD24: OP | AE24: Y
A25: 24 | B25: WEST BRIDGETOWN WARRIORS 4 | C25: Y | D25: SARAH YOUNGSON | E25: 97612741 | F25: PO BOX 1201 | G25: BRIDGETOWN | H25: WA 6255 | I25: sarah.youngson@westnet.com.au | J25: SARAH YOUNGSON | K25: 48 | L25: 0421068854 | M25: Y | N25: ANGUS YOUNGSON | O25: 58 | P25: 0416241633 | Q25: Y | R25: CAROLINE CRISP | S25: 60 | T25: 0402270690 | U25: Y | V25: NE | Z25: MAX JENSEN | AA25: 67 | AB25: 0418542400 | AC25: Y | AD25: SV | AE25: Y
A26: 25 | B26: WEST BRIDGETOWN WARRIORS 5 | C26: Y | D26: ANDREA HEWITT | E26: 0424254984 | F26: 10 HOBBS AVE | G26: DALKEITH | H26: WA 6009 | I26: andrea.cussons@gmail.com | J26: ANDREA HEWITT | K26: 48 | L26: 0424254984 | M26: Y | N26: MAREE AINSWORTH | O26: 59 | P26: 0419914161 | Q26: Y | R26: SHARON GARDNER | S26: 47 | T26: 0417902096 | U26: Y | V26: JESSICA FLYNN-MEYER | W26: 47 | X26: 0498399491 | Y26: Y | Z26: NIC FABISZAK | AA26: 49 | AB26: 0478616802 | AC26: Y | AD26: SL
A27: 26 | B27: WEST BRIDGETOWN WARRIORS 6 | C27: Y | D27: JODY MOYES | E27: 0438295288 | F27: PO BOX 524 | G27: DUNSBOROUGH | H27: WA 6281 | I27: jody@privateproperties.com.au | J27: CLARE FAZACKERLEY | K27: 57 | M27: Y | N27: STEPHANIE HIGGINS | O27: 54 | P27: 0411737594 | R27: OLA CLARKE | S27: 24 | T27: 0400196564 | U27: Y | V27: TARA GARDNER | W27: 39 | X27: 0406097526 | Y27: Y | Z27: JODY MOYES | AA27: 57 | AB27: 0438295288 | AC27: Y | AD27: WO | AE27: Y
A28: 27 | B28: AVERAGE JOES | C28: Y | D28: KATIE HETHERINGTON | E28: 0447840667 | F28: 15B CHAPMAN RD | G28: ST JAMES | H28: WA 6102 | I28: kjhether@hotmail.com | J28: KATIE HETHERINGTON | K28: 28 | L28: 0447840667 | M28: Y | N28: CORAN LONGWOOD | O28: 26 | P28: 0478532383 | Q28: Y | R28: CHLOE HOPKINSON | S28: 22 | T28: 0431391086 | V28: CLARE MARK | W28: 54 | X28: 97612818 | Z28: CALLUM PROUD | AA28: 22 | AB28: 0499096642 | AD28: OP | AE28: Y
A29: 28 | B29: ROCKINGHAM RAMBLERS | C29: Y | D29: MAREE STIRLING | E29: 0420330244 | F29: 10 CARNAC ST | G29: FREMANTLE | H29: WA 6160 | I29: burkeanderson1@gmail.com | J29: MAREE STIRLING | K29: 58 | L29: 0420330244 | M29: Y | N29: WAYNE POULSEN | O29: 69 | P29: 0410900234 | R29: REBEKAH ASHBY | S29: 60 | T29: 0415110572 | U29: Y | V29: NE | Z29: SCOTT ANDERSON | AA29: 63 | AB29: 0411225600 | AC29: Y | AD29: SV | AE29: Y | AL29: Kelmscott Adult Riders
A30: 29 | B30: UNSERIOUSNESS | C30: Y | D30: LAUREN HOSSELL | E30: 0407072696 | F30: 7 PARK CLOSE | G30: GREENWOOD | H30: WA 6024 | I30: laurenmhossell@gmail.com | J30: ALANA PATISON | K30: 42 | L30: 0415772235 | M30: Y | N30: ROBERT HOSSELL | O30: 48 | P30: 0407187441 | Q30: Y | R30: LAUREN HOSSELL | S30: 38 | T30: 0407072696 | U30: Y | V30: ASHLEE CHAPMAN | W30: 14 | Z30: STUART PEARCE | AA30: 44 | AB30: 0438920074 | AC30: Y | AD30: OP | AE30: Y
A31: 30 | B31: LABOR OF LOVE | C31: Y | D31: JANE KELSBIE | E31: 0428245303 | F31: 14 HEATHER RD | G31: OCEAN BEACH | H31: WA 6333 | I31: Jane.Kelsbie@mp.wa.gov.au | J31: RANEE WILSON | K31: 57 | N31: MILLY HENDERSON-MOTT | O31: 16 | R31: JANE KELSBIE | S31: 55 | U31: Y | V31: NE | Z31: UNDA WIGLEY | AA31: 50 | AD31: VE | AE31: Y
A32: 31 | B32: BUSSELTON MASTERS MARRONS | C32: Y | D32: JO HARRISON-WARD | E32: 0487831386 | F32: PO BOX 35 | G32: BUSSELTON | H32: WA 6280 | I32: joharrisonward@gmail.com | J32: CAROLYN SCOTT | M32: Y | N32: PETER PAVLINOVICH | O32: 53 | P32: 0416082759 | R32: ROD SIMMONDS | S32: 71 | T32: 0429117516 | V32: NE | Z32: TODD TAYLOR | AA32: 49 | AB32: 0481161881 | AD32: SV | AE32: Y
A33: 32 | B33: LUNACHICKS | D33: KATE MARTIN | E33: 0421028730 | F33: 150 SMITH ROAD | G33: BULLSBROOK | H33: WA 6080 | I33: kathera@hotmail.com | J33: SAM HUMBERSTONE | K33: 40 | L33: 0433088383 | M33: Y | N33: KATE MARTIN | O33: 40 | P33: 0421028730 | Q33: Y | R33: KATE MARTIN | S33: 40 | T33: 0421028730 | U33: Y | V33: ANN-MAREE WASLEY | W33: 38 | X33: 0422894919 | Y33: Y | Z33: SAM HUMBERSTONE | AA33: 40 | AB33: 0433088383 | AC33: Y | AD33: WO | AE33: Y
A34: 33 | B34: RUSTY IRONMEN PINK | C34: Y | D34: CLIVE CHOATE | E34: 0422124908 | F34: 16 KEPPEL MEWS | G34: HALLS HEAD | H34: WA 6210 | I34: choate@westnet.com.au | J34: SHARON DAVIS | K34: 48 | M34: Y | N34: MELISSA MARTYN | O34: 52 | Q34: Y | R34: RHIANNON JAMES | S34: 48 | U34: Y | V34: NE | Z34: JANE THOMAS | AA34: 59 | AC34: Y | AD34: SL | AE34: Y
A35: 34 | B35: RUSTY IRONMEN SILVER | C35: Y | D35: CLIVE CHOATE | E35: 0422124908 | F35: 16 KEPPEL MEWS | G35: HALLS HEAD | H35: WA 6210 | I35: choate@westnet.com.au | J35: NICKI WHITE | K35: 57 | M35: Y | N35: ANN SMITHSON | O35: 52 | Q35: Y | R35: SARAH CAMPBELL | S35: 49 | U35: Y | V35: KIM PIPER | W35: 45 | Y35: Y | Z35: SUSIE SINGH | AA35: 59 | AC35: Y | AD35: SL | AE35: Y
A36: 35 | B36: RUSTY IRONMEN MAGENTA | C36: Y | D36: CLIVE CHOATE | E36: 0422124908 | F36: 16 KEPPEL MEWS | G36: HALLS HEAD | H36: WA 6210 | I36: choate@westnet.com.au | J36: PETER THOMAS | K36: 50 | N36: PETER FERGIE | O36: 70 | Q36: Y | R36: PETER THOMAS | S36: 50 | U36: Y | V36: NE | Z36: GARRY ITZSTEIN | AA36: 62 | AC36: Y | AD36: SV | AE36: Y
A37: 36 | B37: RUSTY IRONMEN BURGUNDY | C37: Y | D37: CLIVE CHOATE | E37: 0422124908 | F37: 16 KEPPEL MEWS | G37: HALLS HEAD | H37: WA 6210 | I37: choate@westnet.com.au | J37: JIMENA TARACENA | K37: 47 | M37: Y | N37: DANIEL BINGHAM | Q37: Y | R37: STEVE WISEMAN | S37: 66 | U37: Y | V37: NE | Z37: JOHN REYBURN | AA37: 58 | AC37: Y | AD37: SV | AE37: Y
A38: 37 | B38: BUSSELTON MASTERS DUGONGS | C38: Y | D38: JO HARRISON-WARD | E38: 0487831386 | F38: PO BOX 35 | G38: BUSSELTON | H38: WA 6280 | I38: joharrisonward@gmail.com | J38: BRIAN RABAUD | K38: 86 | L38: 0417946886 | M38: Y | N38: ANDREW STEPHENSON | O38: 60 | P38: 0402269185 | Q38: Y | R38: RUSSELL BISHOP | U38: Y | V38: NE | Z38: ANDREW STEPHENSON | AB38: 0428468881 | AC38: Y | AD38: SV | AE38: Y
A39: 38 | B39: FRISKY MIDGET | C39: Y | D39: ANDREW HIGHET | E39: 0429067714 | F39: 54 SAMSON ST | G39: MOSMAN PARK | H39: WA 6012 | I39: drhighet@gmail.com | J39: KATE INGRAM | K39: 54 | L39: 0422096040 | M39: Y | N39: GREG HOGAN | O39: 54 | P39: 0412382426 | Q39: Y | R39: JASON HUNT | S39: 50 | T39: 0420662160 | U39: Y | V39: NE | Z39: ANDREW HIGHET | AA39: 52 | AB39: 0429067714 | AC39: Y | AD39: VE | AE39: Y
A40: 39 | B40: ROCKET AND GROOT | C40: Y | D40: DONNA WILLIAMSON | E40: 0402136019 | F40: 3 TAME CLOSE | G40: DENMARK | H40: WA 6333 | I40: donna_williamson@dodo.com.au | J40: JORJA WILLIAMSON | K40: 19 | L40: 0484872723 | M40: Y | N40: SAM WILLIAMSON | O40: 24 | P40: 0432578667 | Q40: Y | R40: JORJA WILLIAMSON | S40: 19 | T40: 0484872723 | U40: Y | V40: NE | Z40: SAM WILLIAMSON | AA40: 24 | AB40: 0432578667 | AC40: Y | AD40: OP | AE40: Y
A41: 40 | B41: LIFESPORTS GUNNA CATCH YA | C41: Y | D41: TRISH DAVIES | E41: 0429644055 | F41: PO BOX 954 | G41: BRIDGETOWN | H41: WA 6255 | I41: trish@lifesports.com.au | J41: DARCY CRAVEN | N41: KOBY GOUGH | R41: SCOTT MOORE | V41: NE | Z41: ETHAN WILLEY | AL41: Moora Horsemens
A42: 41 | B42: OVER 4T | C42: Y | D42: PETER WHITNEY | E42: 97611238 | F42: PO BOX 99 | G42: BRIDGETOWN | H42: WA 6255 | I42: lyn@whitney.net.au | J42: TONY CROSSLAND | K42: 66 | L42: 0427744477 | N42: TED WILLETT | O42: 74 | P42: 0488644064 | Q42: Y | R42: PETER SANDERSON | S42: 64 | U42: Y | V42: NE | Z42: IAN KUGLER | AA42: 66 | AB42: 97651512 | AC42: Y | AD42: SV | AE42: Y
A43: 42 | B43: FOREVER YOUNG | C43: Y | D43: JOHN WHITEHAND | E43: 0401997193 | F43: 3 ANDREWS PLACE | G43: COTTESLOE | H43: WA 6011 | I43: john.whitehand@gmail.com | J43: LISA TAYLOR | K43: 39 | L43: 0449651774 | M43: Y | N43: JOHN WHITEHAND | O43: 71 | P43: 0401997193 | Q43: Y | R43: LINDSAY SHEPHERD | S43: 61 | T43: 0439804632 | V43: JO FLYNN | W43: 50 | X43: 0409997863 | Y43: Y | Z43: JENNIFER BATH | AA43: 72 | AB43: 0418124044 | AC43: Y | AD43: SV | AE43: Y
A44: 43 | B44: IMAGINE IF WE TRAINED | C44: Y | D44: DONNA WILLIAMSON | E44: 0402136019 | F44: 3 TAME CLOSE | G44: DENMARK | H44: WA 6333 | I44: donna_williamson@dodo.com.au | J44: JACK WILLIAMSON | K44: 22 | L44: 0498589049 | M44: Y | N44: DECLAN BOTTOMLEY | O44: 22 | P44: 0411470053 | Q44: Y | R44: JACK WILLIAMSON | S44: 22 | T44: 0498589049 | U44: Y | V44: NE | Z44: DECLAN BOTTOMLEY | AA44: 22 | AB44: 0411470053 | AC44: Y | AD44: OP | AE44: Y
A45: 44 | B45: OLD DOCS | C45: Y | D45: PETER BATH | E45: 0407080760 | F45: 6 WEBB ST | G45: COTTESLOE | H45: WA 6011 | I45: gromit@iinet.net.au | J45: LIZZY PAVLOVICH | K45: 38 | L45: 0406720930 | M45: Y | N45: RICHARD LANG | O45: 71 | P45: 0432233661 | Q45: Y | R45: TIM HUMPHREY | S45: 72 | T45: 0488195014 | V45: JOAN GILL | W45: 68 | X45: 0417173710 | Y45: Y | Z45: PETER BATH | AA45: 79 | AB45: 0407080760 | AC45: Y | AD45: SV | AE45: Y | AF45: WOOROLOO
A46: 45 | B46: THINKFIT WOMAN | D46: SUZANNE BECK | E46: 0432332913 | F46: 30 GARDINER DR | G46: HENLEY BROOK | H46: WA 6055 | I46: craig.beck@hotmail.com.au | J46: KATRINA BRYCE | K46: 49 | L46: 0418877404 | M46: Y | N46: MARIE ANDERSSON | O46: 57 | P46: 0417097090 | Q46: Y | R46: TAM SWAN | S46: 46 | T46: 0429660202 | V46: SERENA SOMMERVILLE | W46: 32 | X46: 0413256302 | Y46: Y | Z46: SUZANNE BECK | AA46: 50 | AB46: 0432332913 | AC46: Y | AD46: WO | AE46: Y
A47: 46 | B47: THINKFIT MENS | D47: SUZANNE BECK | E47: 0432332913 | F47: 30 GARDINER DR | G47: HENLEY BROOK | H47: WA 6055 | I47: craig.beck@hotmail.com.au | J47: CRAIG BECK | K47: 48 | L47: 0401903255 | M47: Y | N47: JUSTIN DAVIS | O47: 49 | P47: 0458841447 | Q47: Y | R47: LIAM SOUTHAM | S47: 42 | T47: 0434280028 | U47: Y | V47: TEX WEBSTER | W47: 48 | X47: 0419702187 | Y47: Y | Z47: DEAN SWAN | AA47: 50 | AB47: 0400208174 | AC47: Y | AD47: VE | AE47: Y
A48: 47 | B48: THINKFIT KIDS | D48: SUZANNE BECK | E48: 0432332913 | F48: 30 GARDINER DR | G48: HENLEY BROOK | H48: WA 6055 | I48: craig.beck@hotmail.com.au | J48: KOBEE BECK | K48: 15 | L48: 0401721284 | M48: YY | N48: NOAH BOLDY | O48: 17 | P48: 0468736341 | R48: MIA SOUTHAM | S48: 15 | T48: 0434280028 | U48: YY | V48: ROSIE WEBSTER | W48: 14 | X48: 0498036918 | Y48: YY | Z48: KOBEE BECK | AA48: 15 | AB48: 401721284 | AC48: Y | AD48: U8 | AE48: Y
A49: 48 | B49: THINKFITTER 4 KIDS | C49: Y | D49: KATRINA BRYCE | E49: 0418877404 | F49: 18 BEVERLEY TCE | G49: STH GUILDFORD | H49: WA 6055 | I49: katwoman@iinet.net.au | J49: CHARLOTTE COOPER | K49: 16 | M49: YY | N49: JOEL HORTON | O49: 15 | Q49: YY | R49: AMY TUCKER | S49: 16 | U49: YY | V49: ASHA HENDERSON | W49: 16 | Y49: YY | Z49: LUKA DAVIS | AA49: 15 | AC49: YY | AD49: U8
A50: 49 | B50: UNDERTRAINED AND OVERCONFIDENT | C50: Y | D50: KEELY GEORGE | E50: 0438904778 | F50: 58 COLLINGWOOD RD | G50: ALBANY | H50: WA 6330 | I50: Keely.George@education.wa.edu.au | J50: SCOTT SMITH | K50: 36 | N50: BAILEY FIELD | O50: 24 | Q50: Y | R50: KEELY GEORGE | S50: 52 | T50: 0438904778 | U50: Y | V50: NE | Z50: ANDREW HANNIG | AA50: 25 | AB50: 0498426644 | AC50: Y | AD50: OP | AE50: Y
A51: 50 | B51: OVERCONFIDENT AND UNDERTRAINED | C51: Y | D51: GINA FULLARTON | E51: 0419854089 | F51: 82 RUFUS ST | G51: ALBANY | H51: WA 6330 | I51: maxandus8@gmail.com | J51: TONY ROBERTSON | K51: 54 | L51: 0447907443 | M51: Y | N51: STEVEN FULLARTON | O51: 57 | P51: 0458179281 | Q51: Y | R51: GINA FULLARTON | S51: 54 | T51: 0419854089 | U51: Y | V51: NE | Z51: STEVEN WALKERDEN | AA51: 53 | AB51: 0409883695 | AC51: Y | AD51: SV | AE51: Y
A52: 51 | B52: SCHWIMMEN | C52: Y | D52: AMANDA BROWN | E52: 0408099321 | F52: 4 PLUMMER ST | G52: EAST VIC PARK | H52: WA 6101 | I52: amandabrown20@bigpond.com | J52: ABIGAIL SUTHERLAND | K52: 49 | L52: 0487465776 | M52: Y | N52: AMANDA BROWN | O52: 50 | P52: 0408099321 | Q52: Y | R52: MICHELE SCHMIDT | S52: 50 | T52: 0448062966 | U52: Y | V52: NE | Z52: TRACEY KIMPTON | AC52: Y | AD52: SL | AE52: Y
A53: 52 | B53: IT'S TIME | C53: Y | D53: TOM CROSS | E53: 0409182014 | F53: 513 CROOKED BROOOK RD | G53: DARDANUP | H53: WA 6236 | I53: tom@jwcross.com.au | J53: KEITH YARDLEY | K53: 58 | L53: 0427913232 | M53: Y | N53: ROD CHAMBERS | O53: 62 | P53: 0434824264 | Q53: Y | R53: RICHARD GEORGE | S53: 60 | T53: 0404819532 | U53: Y | V53: CHRIS HADDON | W53: 61 | X53: 0427907680 | Y53: Y | Z53: TOM CROSS | AA53: 66 | AB53: 0409182014 | AC53: Y | AD53: SV | AE53: Y
A54: 53 | B54: HERE FOR BEERS | C54: Y | D54: BEN LARKIN | E54: 0437900494 | F54: 93 FIFTH AVE | G54: MT LAWLEY | H54: WA 6050 | I54: ben.larkin@beadellresources.com.au | J54: DAVID SHINNER | K54: 40 | L54: 0437311686 | M54: Y | N54: BEN LARKIN | O54: 40 | P54: 0437900494 | Q54: Y | R54: ADRIAN BARRETT | S54: 40 | T54: 0417920802 | V54: NE | Z54: ADRIAN PARODY | AA54: 40 | AB54: 0400237486 | AC54: Y | AD54: VE | AE54: Y
A55: 54 | B55: WHEATBELT WALLABIES | C55: Y | D55: JEMMA REID | E55: 0400089183 | F55: PO BOX 547 | G55: YORK | H55: WA 6302 | I55: jemmaread97@gmail.com | J55: LINDA KILPATRICK | N55: TIM WIESE | O55: 50 | P55: 0429859070 | R55: JEMMA REID | S55: 24 | T55: 0400089183 | V55: JEMMA REID | W55: 24 | X55: 0400089183 | Z55: TIM WIESE | AA55: 50 | AB55: 0429859070 | AD55: OP | AE55: Y
A56: 55 | B56: BLACKWOOD BEASTS | C56: Y | D56: ISAAC SEALEY | E56: 0448232742 | F56: 37 COODE ST | G56: BAYSWATER | H56: WA 6053 | I56: isaacsealey@gmail.com | J56: ISAAC SEALEY | K56: 29 | L56: 0448232742 | M56: Y | N56: ISAAC SEALEY | O56: 29 | P56: 0448232742 | Q56: Y | R56: SARAH WILSON | S56: 25 | T56: 0432385835 | U56: Y | V56: NE | Y56: Y | Z56: MARK CUMMINGS | AA56: 57 | AB56: 0402904130 | AC56: Y | AD56: OP | AE56: Y
A57: 56 | B57: FAST BUT NOT FURIOUS | C57: Y | D57: JOSH PONTON | E57: 0477001809 | F57: 21 EDEN DR | G57: BULLSBROOK | H57: WA 6084 | I57: josh.ponton111@gmail.com | J57: MITCHELL DUNN | K57: 21 | M57: Y | N57: DAVID WORTHY | O57: 57 | P57: 0431983324 | Q57: Y | R57: ASHLEY MEILLEAR | S57: 25 | T57: 0421339285 | V57: NE | Z57: JOSH PONTON | AA57: 20 | AB57: 0477001809 | AC57: Y | AD57: OP | AE57: Y
A58: 57 | B58: SHORT OF A SIX PACK | C58: Y | D58: TERESSA KENNINGTON | E58: 0400362295 | I58: teressa.kennington@gmail.com | J58: TERESSA KENNINGTON | K58: 44 | L58: 0400362295 | M58: Y | N58: MARK WILMAN | O58: 51 | P58: 0409996282 | Q58: Y | R58: GREGORY HARDING | U58: Y | V58: CAROLINE RICE | W58: 38 | X58: 0413030020 | Y58: Y | Z58: BRYAN KENNINGTON | AA58: 50 | AB58: 0422060730 | AC58: Y | AD58: VE | AE58: Y
A59: 58 | B59: HONEY BADGERS | C59: Y | D59: CHRIS MOTT | E59: 0429967507 | F59: PO BOX 982 | G59: BRIDGETOWN | H59: WA 6255 | I59: stophocles@gmail.com | J59: NATHAN WALTER | K59: 40 | L59: 0409771685 | M59: Y | N59: CRAIG BESWICK | O59: 47 | P59: 0438003841 | Q59: Y | R59: CHRIS MOTT | S59: 48 | T59: 0429967507 | U59: Y | V59: NE | Z59: GEORGE CRAIG | AA59: 50 | AB59: 0438611019 | AC59: Y | AD59: VE | AE59: Y
A60: 59 | B60: THE DEFIBRILLATORS | C60: Y | D60: DONALD PENTZ | E60: 0427433557 | F60: 5 CHECKERS WALK | G60: MIDDLETON BEACH | H60: WA 6330 | I60: donaldpentz@gunwarrie.com.au | J60: MARK LAWRENCE | K60: 41 | L60: 0459351503 | M60: Y | N60: HUNTER SMITH | O60: 46 | P60: 0428551544 | Q60: Y | R60: DONALD PENTZ | S60: 45 | T60: 0427433557 | U60: Y | V60: CAMPBELL CLIFTON | W60: 47 | X60: 0448612033 | Z60: BRIAN KENT | AA60: 45 | AB60: 0404391782 | AC60: Y | AD60: VE | AE60: Y
A61: 60 | B61: 6101 HOTEL | C61: Y | D61: ANNE MAGENNIS | E61: 0432325702 | F61: 17 PITT ST | G61: ST JAMES | H61: WA 6102 | I61: satulip@bigpond.com | J61: SIENNA HEPWORTH | K61: 14 | L61: 0405499170 | M61: Y | N61: BRAD SCULLY | O61: 49 | P61: 0436851456 | Q61: Y | R61: ALANA TULIP | S61: 16 | T61: 0432325702 | U61: Y | V61: NE | Z61: BRIAN MARTIN | AA61: 49 | AB61: 0432899483 | AC61: Y | AD61: OP | AE61: Y
A62: 61 | B62: 6101 INDIA | C62: Y | D62: GEMMA MILNE | E62: 0403309523 | F62: 45A CANTERBURY TCE | G62: EAST VIC PARK | H62: WA 6101 | I62: mgemma@live.com.au | J62: GEMMA MILNE | K62: 40 | L62: 0403309523 | M62: Y | N62: ALANA HEPWORTH | O62: 45 | P62: 0405499170 | Q62: Y | R62: JAMES MARTIN | S62: 15 | T62: 0424064726 | U62: YY | V62: NE | Z62: DOMINICK PONTRE | AA62: 43 | AB62: 0424561701 | AC62: Y | AD62: OP | AE62: Y
A63: 62 | B63: 6101 DELTA | C63: Y | D63: MARK CASSIDY | E63: 0406063851 | F63: 84 DOUGLAS AVE | G63: SOUTH PERTH | H63: WA 6151 | I63: marktcassidy@yahoo.com.au | J63: HARRY CARTER | K63: 18 | L63: 0411620210 | M63: Y | N63: MARK CASSIDY | O63: 50 | P63: 0406063851 | Q63: Y | R63: DAVID MILNE | S63: 49 | T63: 0417179006 | U63: Y | V63: NE | Z63: DAVID FORD | AA63: 56 | AB63: 0408108531 | AC63: Y | AD63: OP | AE63: Y
A64: 63 | B64: SAFETY BRAKES REVISITED | C64: Y | D64: DAVE BERGLUND | E64: 0417921773 | F64: 49 JAMES STREET | G64: PINJARRA | H64: WA 6208 | I64: daveberg1@hotmail.com | J64: GERARD HILL | K64: 36 | L64: 0404416508 | N64: DAVID BERGLUND | O64: 63 | P64: 0417921773 | Q64: Y | R64: TRAVIS NEDERPELT | S64: 36 | T64: 0481266603 | V64: SARAH DACEY | W64: 44 | X64: 0475215519 | Y64: Y | Z64: MATTHEW CONNAN | AA64: 18 | AB64: 0432939863 | AD64: OP | AE64: Y
A65: 64 | B65: 6101 JULIET | C65: Y | D65: BIANCA BESTON | E65: 0431719066 | F65: 40 BOUNDARY RD | G65: ST JAMES | H65: WA 6102 | I65: biancabeston@gmail.com | J65: JANINE WAIDE | K65: 50 | L65: 0412133131 | M65: Y | N65: SUE DEERING | O65: 47 | P65: 04148487121 | Q65: Y | R65: BIANCA BESTON | S65: 40 | T65: 0431719066 | U65: Y | V65: NE | Z65: SINEAD MILLER | AA65: 45 | AB65: 0410748760 | AC65: Y | AD65: LV | AE65: Y
A66: 65 | B66: 6101 KILO | C66: Y | D66: BIANCA BESTON | E66: 0431719066 | F66: 40 BOUNDARY RD | G66: ST JAMES | H66: WA 6102 | I66: matthew.beston@gmail.com | J66: DANIEL YOUNG | K66: 41 | L66: 0420316521 | N66: SIMON DEERING | O66: 54 | P66: 0408916136 | Q66: Y | R66: MATTHEW BESTON | S66: 40 | T66: 0488359534 | U66: Y | V66: NE | Z66: BRIAN KELLETT | AA66: 43 | AB66: 0477097615 | AC66: Y | AD66: VE | AE66: Y
A67: 66 | B67: BEATING AROUND THE BUSH | D67: ANNE SCHWENKENBECHER | E67: 0424939520 | F67: 64 CARR ST | G67: WEST PERTH | H67: WA 6005 | I67: sshprn5@murdoch.edu.au | J67: MARILEE TAMASY | K67: 39 | L67: 0452633053 | M67: Y | N67: QUINTIN HUGHES | O67: 50 | P67: 0412942228 | Q67: Y | R67: ANDREW LONGWILL | S67: 55 | T67: 0437803236 | U67: Y | V67: ANNE SCHWENKENBECHER | W67: 43 | X67: 0424939520 | Y67: Y | Z67: YOHEI OKAMOTO | AA67: 36 | AB67: 0412904113 | AC67: Y | AD67: VE | AE67: Y
A68: 67 | B68: BLACKOUT ELECTRICAL | C68: Y | D68: GINA LOOKE | E68: 0428272945 | F68: 2615 BUNNING RD | G68: MT HELENA | H68: WA 6082 | I68: ginalooke@gmail.com | J68: THEA HIGGINBOTTOM | K68: 30 | L68: 0423965375 | M68: Y | N68: IAN LOOKE | O68: 62 | P68: 0428291018 | Q68: Y | R68: SAMUEL LOOKE | S68: 34 | T68: 0427866514 | U68: Y | V68: GINA LOOKE | W68: 59 | X68: 0428272945 | Y68: Y | Z68: TOM HIGGINBOTTOM | AA68: 32 | AB68: 0419576710 | AC68: Y | AD68: OP | AE68: Y
A69: 68 | B69: 6101 LIMA | C69: Y | D69: TANIA STEBER | E69: 0477175792 | F69: 45 HAMPSHIRE ST | G69: EAST VIC PARK | H69: WA 6101 | I69: tania.steber@gmail.com | J69: BRONWEN FUCHSBICHLER | K69: 44 | L69: 0429980636 | M69: Y | N69: JANE LIDDLE | O69: 59 | P69: 0433411996 | Q69: Y | R69: ADAM WAIDE | S69: 44 | T69: 0421914035 | U69: Y | V69: NE | Z69: TANIS STEBER | AA69: 43 | AB69: 0477175792 | AC69: Y | AD69: VE | AE69: Y
A70: 69 | B70: TEAM SLOTH | C70: Y | D70: JUSTIN MATTHEWS | E70: 0429017069 | F70: 96 BLACKWOOD RD | G70: GREENBUSHES | H70: WA 6254 | I70: jgmatthews@bigpond.com | J70: RAY BOYD | K70: 55 | L70: 0479119960 | M70: Y | N70: MICHAEL ARBLASTER | O70: 49 | P70: 0439916021 | Q70: Y | R70: GABRIEL BOYD | S70: 19 | T70: 0466672875 | U70: Y | V70: NE | Z70: GREG SULLIVAN | AA70: 59 | AB70: 0418888744 | AC70: Y | AD70: OP | AE70: Y
A71: 70 | B71: DOUG'S TEAM | C71: Y | D71: WARREN SOUTHWELL | E71: 0407423060 | F71: 5 LIONEL RD | G71: DARLINGTON | H71: WA 6070 | I71: wsouthwe@bigpond.net.au | J71: JAMES DEWING | K71: 37 | L71: 0400241885 | M71: Y | N71: WARREN SOUTHWELL | O71: 62 | P71: 0407423060 | Q71: Y | R71: HOLLY CORDELL | S71: 31 | T71: 0422525485 | U71: Y | V71: GILLIAN WADDINGTON | W71: 46 | X71: 0408943376 | Y71: Y | Z71: DREW CORDELL | AA71: 39 | AB71: 0451077259 | AC71: Y | AD71: OP | AE71: Y
A72: 71 | B72: WIN OR BOOZE | D72: ELLIE DODD | E72: 0423944259 | F72: 2 LUNDY COVE | G72: KIARA | H72: WA 6054 | I72: Eldo_43@outlook.com | J72: BEN PALMER | K72: 25 | L72: 0467494014 | M72: Y | N72: ALEX GATES | O72: 25 | P72: 0432711920 | Q72: Y | R72: NATALIE VERNON | S72: 25 | T72: 0424276495 | U72: Y | V72: ELLIE DODD | W72: 24 | X72: 0423944259 | Y72: Y | Z72: TROY HIGGINS | AA72: 30 | AB72: 0426739104 | AC72: Y | AD72: OP | AE72: Y
A73: 72 | B73: COULD OFF BEANS | D73: PETER HARVEY | E73: 0428891200 | F73: 769 BOYUP BROOK CRANBROOK RD | G73: MAYANUP | H73: WA 6244 | I73: peter@titaneng.com.au | J73: TROY LATHWELL | K73: 54 | L73: 0417092061 | N73: PETER HARVEY | O73: 56 | P73: 0428891200 | Q73: Y | R73: TROY LATHWELL | S73: 54 | T73: 0417092061 | V73: NE | Z73: JON DERECOURT | AA73: 54 | AB73: 0417092061 | AD73: SV | AE73: Y
A74: 73 | V74: NE
A75: 74 | B75: VIVA LA FRANKIE | C75: Y | D75: FELICITY DELLA GOLA | E75: 0437776654 | F75: RMB 351 | G75: KOJONUP | H75: WA 6395 | I75: fawillett@gmail.com | J75: RICHARD AVERY | K75: 35 | L75: 0429423976 | M75: Y | N75: ELIZABETH SMITH | O75: 47 | P75: 0428551628 | Q75: Y | R75: FELICITY DELLA GOLA | S75: 34 | T75: 0437776654 | U75: Y | V75: NE | Z75: MARELIZE RUSSOUW | AA75: 37 | AB75: 0400562426 | AC75: Y | AD75: OP | AE75: Y
A76: 75 | B76: KIMBERLEY CLUB | C76: Y | D76: JANE GILLHAM | E76: 0417983419 | F76: 13 CYPRESS BRACE | G76: DUNSBOROUGH | H76: WA 6281 | I76: gilham.jane@gmail.com | J76: WAYNE DAVIES | N76: PETER VAN MAANEN | O76: 43 | P76: 0422305774 | Q76: Y | R76: GRANT FAWCETT | S76: 49 | T76: 0438984633 | U76: Y | V76: JANE GILLHAM | W76: 45 | X76: 0417983419 | Y76: Y | Z76: WAYNE DAVIES | AA76: 53 | AB76: 0402346629 | AC76: Y | AD76: VE | AE76: Y | AH76: PASSION OF FIRE - 'JESTER' | AI76: H 28/5 | AL76: Moora Horsemens
A77: 76 | B77: CLARKE MOB | C77: Y | D77: TREVOR CLARKE | E77: 0400491240 | F77: 9 CAMERON ST | G77: EXMOUTH | H77: WA 6707 | I77: jocelyn.lee@bigpond.com | J77: DUSTIN CLARKE | K77: 29 | L77: 0419991492 | M77: Y | N77: ADAM CHATFIELD | O77: 37 | P77: 0417458806 | Q77: Y | R77: RANCE CLARKE | S77: 26 | T77: 0417113424 | U77: Y | V77: LAURIE CLARKE | Y77: Y | Z77: TRISTAN CLARKE | AA77: 21 | AB77: 0477844861 | AC77: Y | AD77: OP | AE77: Y
A78: 77 | B78: GARMAN DUO | C78: Y | D78: LUKA MANENICA | E78: 0401141146 | F78: 11A COBB ST | G78: SCARBOROUGH | H78: WA 6019 | I78: lukamanenica@hotmail.com | J78: HARRY GARLAND | K78: 29 | L78: 0400859554 | M78: Y | N78: LUKA MANENICA | O78: 32 | P78: 0401141146 | Q78: Y | R78: HARRY GARLAND | S78: 29 | T78: 0400859554 | U78: Y | V78: NE | Z78: LUKA MANENICA | AA78: 32 | AB78: 0401141146 | AC78: Y | AD78: OP
A79: 78 | B79: SHAKE'n'BAKE | C79: Y | D79: ROB JARRETT | E79: 0412581348 | F79: 28CASULA AVE | G79: COODANUP | H79: WA 6210 | I79: robbie_jay@hotmail.com | J79: JACK DOWIE | K79: 59 | L79: 0413333650 | M79: Y | N79: ROB JARRETT | O79: 56 | P79: 0412581348 | Q79: Y | R79: ROB DE LAETER | S79: 45 | T79: 0418226465 | V79: NE | Z79: DALE RODGERS | AA79: 58 | AC79: Y | AD79: VE | AE79: Y
A80: 79 | B80: LIFESPORTS TEAM SHANK | C80: Y | D80: TRISH DAVIES | E80: 0429644055 | F80: PO BOX 954 | G80: BRIDGETOWN | H80: WA 6255 | I80: trish@lifesports.com.au | J80: CAROLYN MADER | N80: DAVE CAMPBELL | R80: RAY MURPHY | V80: BRIAN PARTRIDGE | Y80: Y | Z80: LUKAS BAKER
A81: 80 | B81: GETCHA WANGRIDEOUT | C81: Y | D81: JOSIE WANG | E81: 0410800773 | F81: 91 ROBERT ST | G81: COMO | H81: WA 6152 | I81: josefine.wang@gmail.com | J81: JOSIE WANG | K81: 34 | L81: 0410800773 | M81: Y | N81: CHRIS MILLER | O81: 37 | P81: 0406029614 | R81: INGER WANG | S81: 64 | T81: 0422352523 | V81: SONIA | Z81: CALLUM RIDEOUT | AA81: 34 | AB81: 0450137044 | AD81: OP | AE81: Y
A82: 81 | B82: DEVILS IN DISGUISE | C82: Y | D82: DENYSE MACNISH | E82: 0410504964 | F82: 1 HOVEA CLOSE | G82: BRIDGETOWN | H82: WA 6255 | I82: denysem@westnet.com.au | J82: PAMELA BENNETT | K82: 40 | M82: Y | N82: GREG PLAYER | O82: 61 | P82: 0418950151 | Q82: Y | R82: BEVAN O'REILLY | S82: 40 | T82: 0423360429 | U82: Y | V82: NE | Z82: BEVAN O'REILLY | AA82: 40 | AB82: 0423360429 | AC82: Y | AD82: VE | AE82: Y
A83: 82 | B83: LIFESPORTS TEAM FITZY | C83: Y | D83: TRISH DAVIES | E83: 0429644055 | F83: PO BOX 954 | G83: BRIDGETOWN | H83: WA 6255 | I83: trish@lifesports.com.au | J83: CAMERON HAYES | N83: JUSTIN FITZPATRICK | R83: LILY-ROSE GRACIE | V83: NE | Z83: OWEN DOUST
A84: 83 | B84: COMET'S APPARITION | C84: Y | D84: KIRILEE WOOD | E84: 0420757525 | F84: U10/1B McNEIL ST | G84: PEPPERMINT GROVE | H84: WA 6011 | I84: kirileewood@hotmail.com | J84: NERINE ASHTON | K84: 46 | L84: 0412966400 | N84: JOANNE LEWIS | O84: 43 | P84: 0439327785 | Q84: Y | R84: JOANNE LEWIS | S84: 43 | T84: 0439327785 | U84: Y | V84: MICHELLE GORHAM | W84: 49 | X84: 0408007203 | Y84: Y | Z84: KIRILEE WOOD | AA84: 54 | AB84: 0420757525 | AC84: Y | AD84: LV | AE84: Y
A85: 84 | B85: LIFESPORTS THE BOYS | C85: Y | D85: TRISH DAVIES | E85: 0429644055 | F85: PO BOX 954 | G85: BRIDGETOWN | H85: WA 6255 | I85: trish@lifesports.com.au | J85: KYLE WILSON | N85: TIM DAVIES | R85: CHLOE THOMAS | V85: NE | Z85: TOBY WARD
A86: 85 | B86: LIFESPORTS TEAM LEGENDS | C86: Y | D86: TRISH DAVIES | E86: 0429644055 | F86: PO BOX 954 | G86: BRIDGETOWN | H86: WA 6255 | I86: trish@lifesports.com.au | J86: BRETT DAVIES | N86: DAMIEN BROUGHTON | R86: ROSIE BANKS | V86: NE | Z86: BEN RODGERS
A87: 86 | B87: FAST THINKING | C87: Y | D87: PHILIP MASSEY | E87: 0414536337 | F87: 35 CRYSTAL BROOK RD | G87: WATTLE GROVE | H87: WA 6107 | I87: philip@printlogic.com.au | J87: MARCUS WESTLAKE | K87: 19 | L87: 0434488086 | M87: Y | N87: ADAM REEVE | O87: 50 | P87: 0438664332 | Q87: Y | R87: JACKSON O'KEFFE | S87: 19 | T87: 0414536337 | U87: Y | V87: NE | Z87: SIMON WESTLAKE | AA87: 56 | AB87: 0418906038 | AC87: Y | AD87: OP | AE87: Y | AF87: Y
A88: 87 | B88: WEST BRIDGETOWN WARRIORS 7 | C88: Y | D88: NIGEL CHESTERFIELD EVANS | I88: nigelchesterfieldevans@gmail.com | J88: JAN HAAK | M88: Y | N88: ADAM BRETT | R88: ROB CHANDLER | U88: Y | V88: WILLIAM POWELL | Y88: Y | Z88: NIGEL CHESTERFIELD EVANS
A89: 88 | B89: HALF WAY THERE | C89: Y | D89: TREVOR LONGWOOD | E89: 0431678500 | F89: 212 GEORGE ST | G89: WEST SWAN | H89: WA 6055 | I89: trevorlongwood@gmail.com | J89: DAN DERRY | K89: 50 | L89: 415676770 | M89: Y | N89: TREVOR LONGWOOD | O89: 53 | P89: 0431678500 | Q89: Y | R89: JASON MARAIS | S89: 59 | T89: 0403001001 | U89: Y | V89: PHOEBE WALSH | Y89: Y | Z89: GEORGE MILLER | AA89: 52 | AB89: 0408989990 | AC89: Y | AD89: VE | AE89: Y
A90: 89 | B90: LIFESPORTS MR BILL | C90: Y | D90: TRISH DAVIES | E90: 0429644055 | F90: PO BOX 954 | G90: BRIDGETOWN | H90: WA 6255 | I90: trish@lifesports.com.au | J90: RUSSELL FORREST | N90: VINCE JUREWICZ | R90: JENNILEE VAN ROOYEN | V90: MEGAN RICHARDS | Z90: TIM SAUNDERS
A91: 90 | B91: 6101 ALPHA | C91: Y | D91: MARK CASSIDY | E91: 0406063851 | F91: 84 DOUGLAS AVE | G91: SOUTH PERTH | H91: WA 6151 | I91: marktcassidy@yahoo.com.au | J91: LACHLAN CASSIDY | K91: 16 | L91: '0406175264 | M91: YY | N91: SARAH BAILEY | O91: 46 | P91: 0415879028 | Q91: Y | R91: KAREN MARTIN | S91: 50 | T91: 0424064726 | U91: Y | V91: NE | Z91: MIKE BANTON | AA91: 47 | AB91: '0433996695 | AC91: Y | AD91: OP | AE91: Y
A92: 91 | B92: 6101 BRAVO | C92: Y | D92: ANNE MAGENNIS | E92: 0432325702 | F92: 17 PITT ST | G92: ST JAMES | H92: WA 6102 | I92: satulip@bigpond.com | J92: BERNIE McCRAM | K92: 37 | L92: 0424400135 | M92: Y | N92: SIMON TULIP | O92: 60 | P92: 0466774629 | Q92: Y | R92: RYAN BUTLER | S92: 46 | T92: 0402139268 | U92: Y | V92: NE | Z92: JOHN CARTER | AA92: 48 | AB92: 0411620210 | AC92: Y | AD92: OP | AE92: Y
A93: 92 | B93: 6101 CHARLIE | C93: Y | D93: VICKI ARVIDSON | E93: 0497312307 | F93: 3 PALM PLACE | G93: WILSON | H93: WA 6107 | I93: colinarvo@iprimus.com.au | J93: JADE ARVIDSON | K93: 18 | L93: 0401525831 | M93: Y | N93: NELSON TULIP | O93: 18 | P93: 0424425938 | Q93: Y | R93: AMANDA BROWN | S93: 50 | T93: 040809934 | U93: Y | V93: NE | Z93: COLIN ARVIDSON | AA93: 53 | AB93: 0466136626 | AC93: Y | AD93: OP | AE93: Y
A94: 93 | B94: 6101 GOLF | C94: Y | D94: TODD BEATON | E94: 0413624044 | F94: 60 HILL VIEW TCE | G94: ST JAMES | H94: WA 6102 | I94: todd.beaton@royhill.com.au | J94: BIANCA BESTON | K94: 40 | L94: 0431719066 | M94: Y | N94: TODD BEATON | O94: 44 | P94: 0413624044 | Q94: Y | R94: DANIEL YOUNG | T94: 0420316521 | U94: Y | V94: NE | Z94: MIKE GREEN | AA94: 50 | AB94: 0431143747 | AC94: Y | AD94: OP | AE94: Y
A95: 94 | B95: 6101 FOXTROT | C95: Y | D95: MAREK LUKASIK | E95: 0401536204 | F95: 4 RIEBE AVE | G95: KEWDALE | H95: WA 6015 | I95: Marek.Lukasik@riotinto.com | J95: RYAN DERMOT | K95: 45 | L95: 0418217233 | M95: Y | N95: GRANT McMURTRIE | O95: 48 | P95: 0438538336 | Q95: Y | R95: MAREK LUKASIK | S95: 47 | T95: 0401536204 | U95: Y | V95: NE | Z95: SIMON HEPWORTH | AA95: 48 | AB95: 0437488277 | AC95: Y | AD95: VE | AE95: Y
A96: 95 | B96: 6101 ECHO | C96: Y | D96: KAREN McROBB | E96: 0418945432 | F96: 21 GRESHAM ST | G96: VIC PARK | H96: WA 6100 | I96: kazguy05@yahoo.com.au | J96: JACK RICHARDS - SCULLY | K96: 18 | L96: 0416363385 | M96: Y | N96: GUY KNOWLDEN | O96: 55 | P96: 0438099847 | Q96: Y | R96: JAY CLARK | S96: 54 | T96: 0447128872 | U96: Y | V96: NE | Z96: PATTI ALGIE | AA96: 48 | AB96: 0401809789 | AC96: Y | AD96: OP | AE96: Y
A97: 96 | B97: STRAY ANIMALS | C97: Y | D97: RAYMOND YONG | E97: 0404315243 | F97: 7 CHANDLER AVE EAST | G97: FLOREAT | H97: WA 6014 | I97: ryong03@gmail.com | J97: MILES DRACUP | K97: 60 | L97: 0409352833 | N97: MARK CRAKE | O97: 63 | P97: 0468875355 | R97: RAYMOND YONG | S97: 59 | T97: 0404315243 | V97: NE | Z97: MATT DAVIS | AD97: OP | AE97: Y
A98: 97 | B98: THE COW TIPPERS | C98: Y | D98: IRMA BOTHA | E98: 0419941450 | F98: 119 ROTHESAY HEIGHTS | G98: MINDARIE | H98: WA 6030 | I98: christinev8@gmail.com | J98: LISA VENTER | K98: 35 | L98: 0448877142 | M98: Y | N98: NICO(jnr) BOTHA | O98: 33 | P98: 0407445230 | Q98: Y | R98: CHRISTINE MARTINS | S98: 35 | T98: 0420532276 | U98: Y | V98: NICO (snr) BOTHA | W98: 62 | X98: 0407367055 | Y98: Y | Z98: ANDRIES MARTINS | AA98: 42 | AB98: 0406618023 | AC98: Y | AD98: OP | AE98: Y
A99: 98 | B99: HIGHWAY HURRICANES | C99: Y | D99: DIANNE ROBERTS | F99: 54 ROBINIA WAY | G99: BRIDGETOWN | H99: WA 62455 | I99: dianneroberts3@yahoo.com.au | J99: BEC PICCOLI | K99: 35 | L99: 0402656605 | M99: Y | N99: CANDICE INGWERSEN | O99: 36 | P99: 0421662568 | Q99: Y | R99: JILL HUNTER | S99: 42 | T99: 0411166568 | U99: Y | V99: COMINE MARAIS | W99: 49 | X99: 0420595950 | Y99: Y | Z99: DIANNE ROBERTS | AA99: 39 | AB99: 0407440851 | AC99: Y | AD99: LV | AE99: Y
A100: 99 | B100: HIGHWAY HEROES | C100: Y | D100: AARON ROBERTS | E100: 0427838050 | F100: 54 ROBINIA WAY | G100: BRIDGETOWN | H100: WA 62455 | I100: aaronroberts@goblue.com.au | J100: MARC REDAIC | L100: 0448440229 | M100: Y | N100: NATHAN DIXON | O100: 40 | P100: 0413629386 | Q100: Y | R100: AARON ROBERTS | S100: 39 | T100: 0427838050 | U100: Y | V100: BRIGITA KOTSI | W100: 36 | X100: 0499091327 | Y100: Y | Z100: ANDREW PICCOLI | AA100: 37 | AB100: 0400719215 | AC100: Y | AD100: OP | AE100: Y
...

Sheet WEB
A1: NO | B1: TEAM NAME | C1: Sect | D1: RUNNER | E1: CANOEIST | F1: SWIMMER | G1: EQUESTRIAN | H1: CYCLIST
B2: =ENTRY!B2 -> 44498
A3: =ENTRY!A3 -> 2 | B3: =ENTRY!B3 -> RUSTY IRONMEN BLUE | C3: =ENTRY!AD3 -> SV | D3: =ENTRY!J3 -> JIM LANGFORD | E3: =ENTRY!N3 -> MATT RITIKIS | F3: =ENTRY!R3 -> JUSTIN HARRIS | G3: =ENTRY!V3 -> LINDA YATES | H3: =ENTRY!Z3 -> DAVE WHITELEY
A4: =ENTRY!A4 -> 3 | B4: =ENTRY!B4 -> RUSTY IRONMEN RED | C4: =ENTRY!AD4 -> SV | D4: =ENTRY!J4 -> BILL WHALLEY | E4: =ENTRY!N4 -> JOHN REYNOLDS | F4: =ENTRY!R4 -> SHAYNE ISBISTER | G4: =ENTRY!V4 -> NE | H4: =ENTRY!Z4 -> STUART GEE
A5: =ENTRY!A5 -> 4 | B5: =ENTRY!B5 -> RUSTY IRONMEN GREEN | C5: =ENTRY!AD5 -> OP | D5: =ENTRY!J5 -> JOSH CAMPBELL | E5: =ENTRY!N5 -> JOE FORD | F5: =ENTRY!R5 -> SHAWNY NORRIS | G5: =ENTRY!V5 -> STEPH COOTE | H5: =ENTRY!Z5 -> TIM HOWLEY
A6: =ENTRY!A6 -> 5 | B6: =ENTRY!B6 -> 50 IS THE NEW 30 | C6: =ENTRY!AD6 -> SL | D6: =ENTRY!J6 -> DAVINA DEAN | E6: =ENTRY!N6 -> ALISON WHEATLEY | F6: =ENTRY!R6 -> JEN CASOTTI | G6: =ENTRY!V6 -> SAM MARTIN | H6: =ENTRY!Z6 -> BEV SZOLKOWSKI
A7: =ENTRY!A7 -> 6 | B7: =ENTRY!B7 -> RUSTY IRONMEN PURPLE | C7: =ENTRY!AD7 -> OP | D7: =ENTRY!J7 -> ADAM BRENNER | E7: =ENTRY!N7 -> ALAN HALL | F7: =ENTRY!R7 -> SHANNON BRENNER | G7: =ENTRY!V7 -> GEORGIE URKKO | H7: =ENTRY!Z7 -> MARTY WALLACE
A8: =ENTRY!A8 -> 7 | B8: =ENTRY!B8 -> GEEGEELUP RACERS | C8: =ENTRY!AD8 -> OP | D8: =ENTRY!J8 -> JOEL BARKER | E8: =ENTRY!N8 -> MICK DEWING | F8: =ENTRY!R8 -> JOHN MONCRIEFF | G8: =ENTRY!V8 -> KEELY ANGEL | H8: =ENTRY!Z8 -> MIKE VAN DUIJNHOVEN
A9: =ENTRY!A9 -> 8 | B9: =ENTRY!B9 -> HAVANA CLUB | C9: =ENTRY!AD9 -> OP | D9: =ENTRY!J9 -> CALLUM MacNISH | E9: =ENTRY!N9 -> GLEN HOLST | F9: =ENTRY!R9 -> ANDREW MACNISH | G9: =ENTRY!V9 -> EMMA PANIZZA | H9: =ENTRY!Z9 -> CLAUDE QUINONES
A10: =ENTRY!A10 -> 9 | B10: =ENTRY!B10 -> SMASHING KREBS | C10: =ENTRY!AD10 -> VE | D10: =ENTRY!J10 -> DAVID FIELD | E10: =ENTRY!N10 -> TIM MULCAHY | F10: =ENTRY!R10 -> JOHANNA VAN ROOYEN | G10: =ENTRY!V10 -> NE | H10: =ENTRY!Z10 -> MIKE HOAR
A11: =ENTRY!A11 -> 10 | B11: =ENTRY!B11 -> RUSTY IRONMEN GOLD | C11: =ENTRY!AD11 -> VE | D11: =ENTRY!J11 -> ROSS LANGFORD | E11: =ENTRY!N11 -> PAUL DEVONPORT | F11: =ENTRY!R11 -> LYLE KILDEA | G11: =ENTRY!V11 -> MARK HAY | H11: =ENTRY!Z11 -> DAVE KENNEDY
A12: =ENTRY!A12 -> 11 | B12: =ENTRY!B12 -> FIVE ABREAST | C12: =ENTRY!AD12 -> SL | D12: =ENTRY!J12 -> DIANE HOLLETT | E12: =ENTRY!N12 -> LYN WHITNEY | F12: =ENTRY!R12 -> KYLIE ENGLISH | G12: =ENTRY!V12 -> VIKTORIA CHLAPIK | H12: =ENTRY!Z12 -> RENEE WALLACE
A13: =ENTRY!A13 -> 12 | B13: =ENTRY!B13 -> GIDDYUP | C13: =ENTRY!AD13 -> SV | D13: =ENTRY!J13 -> DAWN PENNEY | E13: =ENTRY!N13 -> LARRY ODGERS | F13: =ENTRY!R13 -> DAWN PENNEY | G13: =ENTRY!V13 -> NICOLA JOHNSON | H13: =ENTRY!Z13 -> DAWN PENNEY
A14: =ENTRY!A14 -> 13 | B14: =ENTRY!B14 -> BUSSELTON FAST FEMMES | C14: =ENTRY!AD14 -> LV | D14: =ENTRY!J14 -> ANGELA HOMANN | E14: =ENTRY!N14 -> ANGELA HOMANN | F14: =ENTRY!R14 -> AMBER BEE | G14: =ENTRY!V14 -> STACEY ETHERIDGE | H14: =ENTRY!Z14 -> DONNA STEPHENSON
... A133: =ENTRY!A133 -> 0 | B133: =ENTRY!B133 -> 0 | C133: =ENTRY!AD133 -> 0 | D133: =ENTRY!J133 -> 0 | E133: =ENTRY!N133 -> 0 | F133: =ENTRY!R133 -> 0 | G133: =ENTRY!V133 -> 0 | H133: =ENTRY!Z133 -> 0
A134: =ENTRY!A133 -> 0 | B134: =ENTRY!B133 -> 0 | C134: =ENTRY!AD133 -> 0 | D134: =ENTRY!J133 -> 0 | E134: =ENTRY!N133 -> 0 | F134: =ENTRY!R133 -> 0 | G134: =ENTRY!V133 -> 0 | H134: =ENTRY!Z133 -> 0
A135: =ENTRY!A134 -> 0 | B135: =ENTRY!B134 -> 0 | C135: =ENTRY!AD134 -> 0 | D135: =ENTRY!J134 -> 0 | E135: =ENTRY!N134 -> 0 | F135: =ENTRY!R134 -> 0 | G135: =ENTRY!V134 -> 0 | H135: =ENTRY!Z134 -> 0
A136: =ENTRY!A135 -> 0 | B136: =ENTRY!B135 -> 0 | C136: =ENTRY!AD135 -> 0 | D136: =ENTRY!J135 -> 0 | E136: =ENTRY!N135 -> 0 | F136: =ENTRY!R135 -> 0 | G136: =ENTRY!V135 -> 0 | H136: =ENTRY!Z135 -> 0
A137: =ENTRY!A136 -> 0 | B137: =ENTRY!B136 -> 0 | C137: =ENTRY!AD136 -> 0 | D137: =ENTRY!J136 -> 0 | E137: =ENTRY!N136 -> 0 | F137: =ENTRY!R136 -> 0 | G137: =ENTRY!V136 -> 0 | H137: =ENTRY!Z136 -> 0
A138: =ENTRY!A137 -> 0 | B138: =ENTRY!B137 -> 0 | C138: =ENTRY!AD137 -> 0 | D138: =ENTRY!J137 -> 0 | E138: =ENTRY!N137 -> 0 | F138: =ENTRY!R137 -> 0 | G138: =ENTRY!V137 -> 0 | H138: =ENTRY!Z137 -> 0
A139: =ENTRY!A138 -> 0 | B139: =ENTRY!B138 -> 0 | C139: =ENTRY!AD138 -> 0 | D139: =ENTRY!J138 -> 0 | E139: =ENTRY!N138 -> 0 | F139: =ENTRY!R138 -> 0 | G139: =ENTRY!V138 -> 0 | H139: =ENTRY!Z138 -> 0
A140: =ENTRY!A139 -> 0 | B140: =ENTRY!B139 -> 0 | C140: =ENTRY!AD139 -> 0 | D140: =ENTRY!J139 -> 0 | E140: =ENTRY!N139 -> 0 | F140: =ENTRY!R139 -> 0 | G140: =ENTRY!V139 -> 0 | H140: =ENTRY!Z139 -> 0
A141: =ENTRY!A140 -> 0 | B141: =ENTRY!B140 -> 0 | C141: =ENTRY!AD140 -> 0 | D141: =ENTRY!J140 -> 0 | E141: =ENTRY!N140 -> 0 | F141: =ENTRY!R140 -> 0 | G141: =ENTRY!V140 -> 0 | H141: =ENTRY!Z140 -> 0
A142: =ENTRY!A141 -> 0 | B142: =ENTRY!B141 -> 0 | C142: =ENTRY!AD141 -> 0 | D142: =ENTRY!J141 -> 0 | E142: =ENTRY!N141 -> 0 | F142: =ENTRY!R141 -> 0 | G142: =ENTRY!V141 -> 0 | H142: =ENTRY!Z141 -> 0
A143: =ENTRY!A142 -> 0 | B143: =ENTRY!B142 -> 0 | C143: =ENTRY!AD142 -> 0 | D143: =ENTRY!J142 -> 0 | E143: =ENTRY!N142 -> 0 | F143: =ENTRY!R142 -> 0 | G143: =ENTRY!V142 -> 0 | H143: =ENTRY!Z142 -> 0
A144: =ENTRY!A143 -> 0 | B144: =ENTRY!B143 -> 0 | C144: =ENTRY!AD143 -> 0 | D144: =ENTRY!J143 -> 0 | E144: =ENTRY!N143 -> 0 | F144: =ENTRY!R143 -> 0 | G144: =ENTRY!V143 -> 0 | H144: =ENTRY!Z143 -> 0
A145: =ENTRY!A144 -> 0 | B145: =ENTRY!B144 -> 0 | C145: =ENTRY!AD144 -> 0 | D145: =ENTRY!J144 -> 0 | E145: =ENTRY!N144 -> 0 | F145: =ENTRY!R144 -> 0 | G145: =ENTRY!V144 -> 0 | H145: =ENTRY!Z144 -> 0
... A218: =ENTRY!A217 -> 0 | B218: =ENTRY!B217 -> 0 | C218: =ENTRY!AD217 -> 0 | D218: =ENTRY!J217 -> 0 | E218: =ENTRY!N217 -> 0 | F218: =ENTRY!R217 -> 0 | G218: =ENTRY!V217 -> 0 | H218: =ENTRY!Z217 -> 0
A219: =ENTRY!A216 -> 0 | B219: =ENTRY!B216 -> 0 | C219: =ENTRY!AD216 -> 0 | D219: =ENTRY!J216 -> 0 | E219: =ENTRY!N216 -> 0 | F219: =ENTRY!R216 -> 0 | G219: =ENTRY!V216 -> 0 | H219: =ENTRY!Z216 -> 0
A220: =ENTRY!A217 -> 0 | B220: =ENTRY!B217 -> 0 | C220: =ENTRY!AD217 -> 0 | D220: =ENTRY!J217 -> 0 | E220: =ENTRY!N217 -> 0 | F220: =ENTRY!R217 -> 0 | G220: =ENTRY!V217 -> 0 | H220: =ENTRY!Z217 -> 0
A221: =ENTRY!A218 -> 0 | B221: =ENTRY!B218 -> 0 | C221: =ENTRY!AD218 -> 0 | D221: =ENTRY!J218 -> 0 | E221: =ENTRY!N218 -> 0 | F221: =ENTRY!R218 -> 0 | G221: =ENTRY!V218 -> 0 | H221: =ENTRY!Z218 -> 0
A222: =ENTRY!A219 -> 0 | B222: =ENTRY!B219 -> 0 | C222: =ENTRY!AD219 -> 0 | D222: =ENTRY!J219 -> 0 | E222: =ENTRY!N219 -> 0 | F222: =ENTRY!R219 -> 0 | G222: =ENTRY!V219 -> 0 | H222: =ENTRY!Z219 -> 0

Sheet 2020
A1: No. | B1: TEAM NAME | C1: Paid | D1: MANAGERS | E1: PHONE | F1: ADDRESS1 | G1: ADDRESS2 | H1: ADDRESS3 | I1: EMAIL | J1: RUNNER | N1: CANOE | R1: SWIM | V1: EQUESTRIAN | Z1: CYCLE | AD1: CAT | AE1: SIGN | AF1: EQUESTRIAN CLUB
B2: 44103 | J2: SURNAME | K2: AGE | L2: PHONE | M2: SIGN | N2: SURNAME | O2: AGE | P2: PHONE | Q2: SIGN | R2: SURNAME | S2: AGE | T2: PHONE | U2: SIGN | V2: SURNAME | W2: AGE | X2: PHONE | Y2: SIGN | Z2: SURNAME | AA2: AGE | AB2: PHONE | AC2: SIGN | AF2: 0
A3: 2 | B3: RUSTY IRONMEN BLUE | D3: CLIVE CHOATE | E3: 0422124908 | F3: 16 KEPPEL MEWS | G3: HALLS HEAD | H3: WA 6210 | I3: choate@westnet.com.au | J3: JIM LANGFORD | K3: 76 | M3: Y | N3: MATT RITIKIS | O3: 56 | Q3: Y | R3: ETHAN NORRIS | S3: 50 | U3: Y | V3: LINDA YATES | W3: 42 | Y3: Y | Z3: DAVE WHITELEY | AA3: 69 | AC3: Y | AD3: SV | AE3: Y
A4: 3 | B4: RUSTY IRONMEN RED | D4: CLIVE CHOATE | E4: 0422124908 | F4: 16 KEPPEL MEWS | G4: HALLS HEAD | H4: WA 6210 | I4: choate@westnet.com.au | J4: DAVE KENNEDY | N4: IAN THOMPSON | O4: 64 | R4: JUSTIN HARRIS | S4: 46 | V4: MONEEKA ANGEL | W4: 32 | Z4: RICKY THACKRAY | AA4: 43 | AD4: OP | AE4: Y
A5: 4 | B5: RUSTY IRONMEN GREEN | D5: CLIVE CHOATE | E5: 0422124908 | F5: 16 KEPPEL MEWS | G5: HALLS HEAD | H5: WA 6210 | I5: choate@westnet.com.au | J5: RICKY THACKRAY | K5: 43 | N5: JOHN REYNOLDS | O5: 63 | R5: CLIVE CHOATE | S5: 69 | V5: KIRK BAKER | W5: 52 | Z5: DARRYL HARRIS | AA5: 55 | AD5: SV | AE5: Y
A6: 5 | B6: 50 IS THE NEW 30 | D6: LINDA VOWLES | E6: 0417588651 | F6: PO BOX 1020 | G6: BRIDGETOWN | H6: WA 6255 | I6: wheelerjane29@gmail.com | J6: KAREN ROYER | K6: 59 | L6: 0457190345 | M6: N | Q6: N | U6: N | V6: RAYLENE WATSON | W6: 56 | X6: 0419262633 | Y6: N | Z6: LINDA VOWLES | AA6: 55 | AB6: 0417588651 | AC6: Y | AE6: Y
A7: 9 | B7: SMASHING KREBS | D7: DAVID FIELD | E7: 0417173549 | F7: 16 ROSELLA RISE. | G7: BRIDGETOWN | H7: WA 6255 | I7: dfphysio@bigpopnd.com | J7: DAVID FIELD | K7: 48 | L7: 0417173549 | M7: Y | N7: TIM MULCAHY | O7: 47 | P7: 0418489710 | Q7: Y | R7: JOHANNA VAN ROOYEN | S7: 48 | T7: 0414854864 | U7: Y | V7: NE | Z7: MICHAEL HOAR | AA7: 47 | AB7: 0408011667 | AC7: Y | AD7: VE | AE7: Y
A8: 10 | B8: RUSTY IRONMEN GOLD | D8: CLIVE CHOATE | E8: 0422124908 | F8: 16 KEPPEL MEWS | G8: HALLS HEAD | H8: WA 6210 | I8: choate@westnet.com.au | J8: ROSS LANGFORD | K8: 42 | N8: PAUL DEVONPORT | O8: 52 | R8: LYLE KILDEA | S8: 62 | V8: MARK HAY | W8: 60 | Z8: ADRIAN PERRY | AA8: 57 | AD8: VE | AE8: Y
A9: 13 | B9: MUMS ON THE RUN | D9: BIANCA BESTON | E9: 0431719066 | F9: 40 BOUNDARY RD | G9: ST JAMES | H9: WA 6102 | I9: biancabeston@gmail.com | J9: BIANCA BESTON | K9: 39 | L9: 0431719066 | M9: Y | N9: SUE DEERING | O9: 46 | P9: 0414848712 | Q9: Y | R9: BIANCA BESTON | S9: 39 | T9: 0431719066 | U9: Y | V9: NE | Z9: BRIDGET KELLETT | AA9: 41 | AB9: 0477530090 | AC9: Y | AD9: LV | AE9: Y
A10: 14 | B10: MONGER MONGRELS | D10: DEAN ZEC | E10: 04248600761 | F10: 26 KURRAJONG PL | G10: GREENWOOD | H10: WA 6024 | I10: dean.zec@msasafety.com | J10: STEVE PREECE | K10: 51 | M10: N | N10: SCOTT WOOLDRIDGE | O10: 53 | P10: 0424813680 | Q10: N | R10: DEAN ZEC | S10: 53 | T10: 0428600761 | U10: N | V10: NE | Z10: JON ELLIOTT | AA10: 56 | AB10: 0412289801 | AC10: N | AD10: VE | AE10: Y
A11: 17 | B11: FIVE ALIVE | D11: KATHRYN KNOLL | E11: 0428428705 | F11: PO BOX 596 | G11: DONNYBROOK | H11: WA 6239 | I11: knollcando@westnet.com.au | J11: MELANIE EWEN | K11: 42 | L11: 0429361227 | M11: Y | N11: PETER LIDDLE | O11: 61 | P11: 0466136652 | Q11: Y | R11: BRENDON BUNNING | S11: 64 | T11: 0458224230 | U11: Y | V11: KATHRYN KNOLL | W11: 53 | X11: 0427427705 | Y11: Y | Z11: LEIGHTON KNOLL | AA11: 59 | AB11: 0427427705 | AC11: Y | AD11: SV | AE11: Y
A12: 19 | B12: RIVER RATS | D12: ANDY WHITTELL | E12: 0409376359 | F12: 10 SPARROW CRES | G12: BUSSELTON | H12: WA 6280 | I12: busolaserman@gmail.com | J12: RICK WARD | K12: 71 | L12: 0419796080 | M12: Y | N12: LEONARD CHRISTIE | O12: 66 | P12: 0435933956 | Q12: Y | R12: ANDREW WHITTELL | S12: 66 | T12: 0409376359 | U12: Y | V12: NE | Z12: MIKE CAROLL | AC12: Y | AD12: SV | AE12: Y
A13: 26 | B13: EASIER SAID THAN RUN | D13: KATE SMITH | E13: 0458367637 | F13: 36B BLACKWALL REACH PDE | G13: BICTON | H13: WA 6157 | I13: kate.smith@westnet.com.au | J13: KRISTINE RICCI | K13: 52 | L13: 0414851384 | M13: Y | N13: TONY SMITH | O13: 45 | P13: 0409859866 | Q13: Y | R13: KRISTINE RICCI | S13: 52 | T13: 0414851384 | U13: Y | V13: TONY BOOKER | W13: 52 | X13: 0412299016 | Y13: Y | Z13: KATE SMITH | AA13: 44 | AB13: 0458367637 | AC13: Y | AD13: VE | AE13: Y
A14: 29 | B14: DARKAN PNUTS | D14: NATHAN CUTHBERT | E14: 0459160702 | F14: LOT 135 COALFIELD RD | G14: DARKAN | H14: WA 6392 | I14: nathan.cuthbert@landmark.com.au | J14: NATHAN CUTHBERT | K14: 45 | L14: 0459160702 | M14: Y | N14: DEAN KING | O14: 41 | P14: 0427809960 | Q14: Y | R14: RYAN WILKE | S14: 41 | T14: 0429361104 | U14: Y | V14: NE | Z14: SCOTT EWEN | AA14: 44 | AB14: 0427361227 | AC14: Y | AD14: VE | AE14: Y
A15: 38 | B15: FRISKY MIDGET | D15: SILKE HIGHET | E15: 0420662160 | F15: 54 SAMSON ST | G15: MOSMAN PARK | H15: WA 6012 | I15: silkehighet@gmail.com | J15: KATE INGRAM | K15: 53 | L15: 0422096040 | M15: Y | N15: GREG HOGAN | O15: 53 | P15: 0412382426 | Q15: Y | R15: SILKE HIGHET | S15: 52 | T15: 0420662160 | U15: Y | Z15: ANDREW HIGHET | AA15: 51 | AB15: 0429067714 | AC15: Y | AD15: VE | AE15: Y
A16: 40 | B16: LIFESPORTS GUNNA CATCH YA | D16: TRISH DAVIES | E16: 0429644055 | F16: PO BOX 954 | G16: BRIDGETOWN | H16: WA 6255 | I16: trish@lifesports.com.au | J16: DARCY CRAVEN | K16: 16 | N16: CAMERON RODGERS | R16: ETHAN WILLEY | V16: NE | Z16: NATHAN DAVIES | AA16: 15 | AD16: U8
A17: 44 | B17: OLD DOCS | D17: PETER BATH | E17: 0407080760 | F17: 6 WEBB ST | G17: COTTESLOE | H17: WA 6011 | I17: gromit@iinet.net.au | AE17: Y | AF17: WOOROLOO
A18: 45 | B18: NEXT GENERATION | D18: ANNE MAGENNIS | E18: 0432325702 | F18: 17 PITT ST | G18: ST JAMES | H18: WA 6102 | I18: alana.tulip@icloud.com | J18: ALANA TULIP | K18: 15 | L18: 0432325702 | M18: YY | N18: ALANA TULIP | O18: 15 | P18: 0432325702 | Q18: YY | R18: GRACE HEPWORTH | S18: 15 | T18: 0405499170 | U18: YY | V18: NE | Z18: LACHLAN CASSIDY | AA18: 15 | AB18: 0417175082 | AC18: YY | AD18: U8 | AE18: Y
A19: 46 | B19: THINK FIT | D19: TEX WEBSTER | E19: 0419702187 | F19: 108 TERRACE RD | G19: GUILDFORD | H19: WA 6055 | I19: glindon.webster@bigpond.com
A20: 47 | B20: THINKFIT KIDS | D20: TEX WEBSTER | E20: 0419702187 | F20: 108 TERRACE RD | G20: GUILDFORD | H20: WA 6055 | I20: glindon.webster@bigpond.com
A21: 48 | B21: THINK FIT | D21: TEX WEBSTER | E21: 0419702187 | F21: 108 TERRACE RD | G21: GUILDFORD | H21: WA 6055 | I21: glindon.webster@bigpond.com
A22: 52 | B22: IT'S TIME | D22: TOM CROSS | E22: 0409182014 | F22: 513 CROOKED BROOOK RD | G22: DARDANUP | H22: WA 6236 | I22: tom@jwcross.com.au | J22: CHRIS KILEY | K22: 66 | L22: 0413144590 | M22: Y | N22: ROD CHAMBERS | O22: 61 | P22: 0434824264 | Q22: Y | R22: RICHARD GEORGE | S22: 60 | T22: 0404819532 | U22: Y | V22: CHRIS HADDON | W22: 60 | X22: 0427907680 | Y22: Y | Z22: TOM CROSS | AA22: 65 | AB22: 0409182014 | AC22: Y | AD22: SV | AE22: Y
A23: 58 | B23: HONEY BADGERS | D23: CHRIS MOTT | E23: 0429967507 | F23: PO BOX 982 | G23: BRIDGETOWN | H23: WA 6255 | I23: stophocles@gmail.com | J23: NATHAN WALTER | K23: 39 | L23: 0409771685 | M23: N | N23: CRAIG BESWICK | O23: 45 | P23: 0438003841 | Q23: Y | R23: CHRIS MOTT | S23: 47 | T23: 0429967507 | U23: Y | V23: NE | Z23: GEORGE CRAIG | AA23: 49 | AB23: 0438611019 | AC23: Y | AD23: OP | AE23: Y
A24: 62 | B24: 6101 DELTA | D24: KAREN MARTIN | E24: 0424064726 | F24: 19 GRESHAM ST | G24: VIC PARK | H24: WA 6100 | I24: kasbri@bigpond.net.au | J24: GRACE HEPWORTH | K24: 15 | L24: 0405499170 | M24: YY | N24: TODD BEATON | O24: 43 | P24: 0427813351 | Q24: Y | R24: KAREN MARTIN | S24: 49 | T24: 0424067726 | U24: Y | V24: NE | Z24: GLENN BURGESS | AA24: 52 | AB24: 0419915646 | AC24: Y | AD24: OP | AE24: Y
A25: 67 | B25: BLACKOUT ELECTRICAL | D25: GINA LOOKE | E25: 0428272945 | F25: 2615 BUNNING RD | G25: MT HELENA | H25: WA 6082 | I25: ian.ginalooke@bigpond.com | J25: THEA HIGGINBOTTOM | K25: 29 | L25: 0410800773 | M25: Y | N25: IAN LOOKE | O25: 61 | P25: 0428291018 | Q25: Y | R25: SAMUEL LOOKE | S25: 33 | T25: 0427866514 | U25: Y | V25: GINA LOOKE | W25: 58 | X25: 0428272945 | Y25: Y | Z25: THOMAS HIGGINBOTTOM | AA25: 31 | AB25: 0419576710 | AC25: Y | AD25: OP | AE25: Y
A26: 70 | B26: DOUG'S TEAM | D26: WARREN SOUTHWELL | E26: 0407423060 | F26: 5 LIONEL RD | G26: DARLINGTON | H26: WA 6090 | I26: wsouthwe@bigpond.net.au | J26: JAMES DEWING | K26: 36 | L26: 0439620243 | M26: Y | N26: WARREN SOUTHWELL | O26: 63 | P26: 0407423060 | Q26: Y | R26: HOLLY CORDELL | S26: 32 | T26: 0422525485 | U26: Y | V26: GILLIAN WADDINGTON | W26: 46 | X26: 0408943376 | Y26: Y | Z26: PETER CLISSA | AA26: 55 | AB26: 0422315667 | AC26: Y | AD26: OP | AE26: Y
A27: 78 | B27: SHAKE'n'BAKE | D27: ROB JARRETT | E27: 0412581348 | F27: 19 BELLAMBI CHASE | G27: LAKELANDS | H27: WA 6180 | I27: robbie_jay@hotmail.com | J27: JACK DOWIE | K27: 58 | L27: 0413333650 | N27: ROB JARRETT | O27: 55 | P27: 0412581348 | Q27: Y | R27: JACK DOWIE | S27: 58 | T27: 0413333650 | V27: NE | Z27: JOHN QUINN | AA27: 58 | AB27: 0413524524 | AD27: SV | AE27: Y
A28: 79 | B28: LIFESPORTS TEAM SHANK | D28: TRISH DAVIES | E28: 0429644055 | F28: PO BOX 954 | G28: BRIDGETOWN | H28: WA 6255 | I28: trish@lifesports.com.au | J28: CAROLYN MADER | N28: DAVE CAMPBELL | P28: 0474086321 | Q28: N | R28: PETER VOWLES | V28: BRIAN PARTRIDGE | Z28: LUKAS BAKER | AD28: OP | AE28: Y
A29: 81 | B29: RACING RUGRATS | D29: KEITH YARDLEY | E29: 0427913232 | F29: PO BOX 1821 | G29: BUNBURY | H29: WA 6230 | I29: info@rugratscarpetclean.com.au | J29: KEITH YARDLEY | K29: 57 | L29: 0427913232 | M29: Y | N29: GARY BUTLION | O29: 54 | P29: 0428459729 | Q29: Y | R29: GEORGE WILLIAMS | S29: 63 | T29: 0435078628 | U29: Y | V29: JULIE WALSH | W29: 58 | X29: 0428511268 | Y29: Y | Z29: GREG FLEAY | AA29: 58 | AB29: 0435755480 | AC29: YY | AD29: OP | AE29: Y
A30: 82 | B30: LIFESPORTS - TEAM FITZY | D30: TRISH DAVIES | E30: 0429644055 | F30: PO BOX 954 | G30: BRIDGETOWN | H30: WA 6255 | I30: trish@lifesports.com.au | J30: CAMERON HAYES | N30: JUSTIN FITZPATRICK | O30: 43 | P30: 0488227726 | R30: KAIDEN RICHINGS | V30: SARAH MUELLER | W30: 31 | X30: 0416318575 | Z30: ALAN BURMAN | AD30: OP | AE30: Y
A31: 84 | B31: LIFESPORTS THE BOYS | D31: TRISH DAVIES | E31: 0429644055 | F31: PO BOX 954 | G31: BRIDGETOWN | H31: WA 6255 | I31: trish@lifesports.com.au | J31: KYLE WILSON | K31: 20 | N31: TIM DAVIES | R31: TBC | V31: NE | Z31: TOBY WARD | AA31: 20 | AD31: OP | AE31: Y
A32: 85 | B32: LIFESPORTS LEGENDS | D32: TRISH DAVIES | E32: 0429644055 | F32: PO BOX 954 | G32: BRIDGETOWN | H32: WA 6255 | I32: trish@lifesports.com.au | J32: LEWIS RICHINGS | K32: 18 | N32: BRETT DAVIES | O32: 17 | R32: SINEAD ELAM | S32: 17 | V32: NE | Z32: BEN RODGERS | AA32: 18 | AD32: U8
A33: 86 | B33: FAST THINKING | D33: PHILIP MASSEY | E33: 0414536337 | F33: 35 CRYSTAL BROOK RD | G33: WATTLE GROVE | H33: WA 6107 | I33: pipmasseyperth@gmail.com | J33: DAVID BURCH | K33: 52 | L33: 0417519412 | M33: Y | N33: ADAM REEVE | O33: 49 | P33: 0438664332 | Q33: Y | R33: PIP MASSEY | S33: 61 | T33: 0414536337 | U33: Y | Z33: SIMON WESTLAKE | AA33: 58 | AB33: 0418906038 | AC33: Y | AD33: SV | AE33: Y | AF33: Y
A34: 89 | B34: LIFESPORTS - MR BILL | D34: TRISH DAVIES | E34: 0429644055 | F34: PO BOX 954 | G34: BRIDGETOWN | H34: WA 6255 | I34: trish@lifesports.com.au | J34: BRETT WILSON | L34: 0428901169 | M34: N | N34: VINCE JUREWICZ | O34: 56 | P34: 0429611970 | R34: JENNILEE VAN ROOYEN | V34: MEGAN RICHARDS | X34: 0427045812 | Y34: N | Z34: TIM SAUNDERS | AD34: OP
A35: 90 | B35: 6101 ALPHA | D35: KAREN McROBB | E35: 0418945432 | F35: 21 GRESHAM ST | G35: VIC PARK | H35: WA 6100 | I35: kazguy05@yahoo.com.au | J35: AMY FRANGS | K35: 15 | L35: 0432179406 | M35: Y | N35: AMANDA FORD-BROWN | O35: 51 | P35: 0466136626 | Q35: YY | R35: RYAN BUTLER | S35: 46 | U35: Y | V35: NE | Z35: KAREN McROBB | AA35: 51 | AB35: 0418945432 | AC35: Y | AD35: OP | AE35: Y
A36: 93 | B36: 6101 GOLF | D36: GUY KNOWLDEN | E36: 0438099847 | F36: 21 GRESHAM ST | G36: VIC PARK | H36: WA 6100 | I36: kazguy05@yahoo.com.au | J36: LACHIE CASSIDY | K36: 15 | L36: 0408097654 | M36: YY | N36: SIMON TULIP | O36: 59 | P36: 0466774629 | Q36: Y | R36: LISA JONES | S36: 50 | U36: Y | V36: NE | Z36: GUY KNOWLDEN | AA36: 54 | AB36: 0438099847 | AC36: Y | AD36: OP | AE36: Y
A37: 94 | B37: 6101 FOXTROT | D37: ALANA HEPWORTH | E37: 0405499170 | F37: 19 NORTHAMPTON ST | G37: EAST VIC PARK | H37: WA 6101 | I37: ashepworth@bigpond.com | J37: MARK FARRAWAY | K37: 45 | L37: 0407940932 | M37: Y | N37: JOS WELSH | O37: 50 | P37: 0407546174 | Q37: Y | R37: ALANA TULIP | S37: 15 | T37: 0405451121 | U37: Y | Z37: ALANA HEPWORTH | AA37: 45 | AB37: 0405499170 | AC37: Y | AD37: OP | AE37: Y
A38: 95 | B38: 6101 ECHO | D38: GRANT McMURTRIE | E38: 0438538336 | F38: 12 HAMPSHIRE ST | G38: EAST VIC PARK | H38: WA 6101 | I38: kategrant@westnet.com.au | J38: MARTIN DAVIES | K38: 56 | L38: 0409204473 | M38: Y | N38: GRANT McMURTRIE | O38: 47 | P38: 0438538336 | Q38: Y | R38: SIENNA HEPWORTH | S38: 13 | T38: 0477443932 | U38: YY | V38: NE | Z38: BRIAN MARTIN | AA38: 48 | AB38: 0432899483 | AC38: Y | AD38: OP
A39: 96 | B39: STRAY ANIMALS | D39: MATT DAVIS | E39: 0419245125 | F39: 10 TORRENS ST | G39: COTTESLOE | H39: WA 6011 | I39: matt@gnarabupbeachhouse.com.au | J39: MILES DRACUP | K39: 61 | L39: 0409352833 | M39: Y | N39: MARK CRAKE | O39: 64 | P39: 0468875355 | Q39: Y | R39: RAYMOND YONG | S39: 60 | T39: 0404315243 | U39: Y | V39: NE | Z39: MATT DAVIS | AA39: 62 | AB39: 0419245125 | AC39: Y | AD39: SV | AE39: Y
A40: 97 | B40: 6101 HOTEL | D40: DAVID MILNE | E40: 0417179006 | F40: 45A CANTERBURY TCE | G40: EAST VIC PARK | H40: WA 6101 | I40: david.milne@plc.wa.edu.au | J40: DOMINICK PONTRE | K40: 42 | L40: 0424561701 | M40: Y | N40: DANIEL HEGARTY | O40: 52 | P40: 0457803073 | Q40: Y | R40: DAVID MILNE | S40: 48 | T40: 0417179006 | U40: Y | V40: NE | Z40: MIKE BANTON | AA40: 48 | AB40: 0433996695 | AC40: Y | AD40: VE | AE40: Y
A41: 98 | B41: BLACKWOOD BANDITOS | D41: TANIA STEBER | E41: 0477175792 | F41: 45 HAMPSHIRE ST | G41: EAST VIC PARK | H41: WA 6101 | I41: tania.steber@gmail.com | J41: JANINE WAIDE | K41: 47 | L41: 0412233131 | M41: N | N41: JANE LIDDLE | O41: 57 | P41: 0433411996 | Q41: N | R41: JANINE WAIDE | S41: 47 | T41: 0412233131 | U41: N | V41: NE | Z41: TANIA STEBER | AA41: 41 | AB41: 0477175792 | AC41: N | AD41: LV | AE41: Y
A42: 107 | B42: RACING FOR RYDER 2 | D42: JUSTIN HARDY | E42: 0411225457 | F42: 37 BONTHORPE COURT | G42: ALBANY | H42: WA 6330 | I42: justin.hardy@dpird.wa.gov.au
A43: 108 | B43: RACING FOR RYDER 1 | D43: JUSTIN HARDY | E43: 0411225457 | F43: 37 BONTHORPE COURT | G43: ALBANY | H43: WA 6330 | I43: justin.hardy@dpird.wa.gov.au | AL43: Moora Horsemens
A44: 109 | B44: RACING FOR RYDER 3 | D44: JUSTIN HARDY | E44: 0411225457 | F44: 37 BONTHORPE COURT | G44: ALBANY | H44: WA 6330 | I44: justin.hardy@dpird.wa.gov.au
A45: 110 | B45: RACING FOR RYDER 4 | D45: JUSTIN HARDY | E45: 0411225457 | F45: 37 BONTHORPE COURT | G45: ALBANY | H45: WA 6330 | I45: justin.hardy@dpird.wa.gov.au
A46: 148 | B46: GONNA DO IT AGAIN | D46: JASMINE HORNBY | E46: 0434210170 | F46: 111 CENTRAL AVE | G46: REDCLIFFE | H46: WA 6104 | I46: mandjjhornby@bigpond.com | J46: REAHAN ALLAWAY | K46: 28 | L46: 0411891440 | M46: Y | N46: MARCUS HORNBY | O46: 16 | Q46: Y | R46: OTTO KAMENZIN | S46: 44 | T46: 0400826557 | U46: Y | V46: JASMINE HORNBY | W46: 42 | X46: 0434210170 | Y46: Y | Z46: JADE HURRELL | AA46: 44 | AB46: 042796974? | AC46: Y | AD46: OP | AE46: Y
A47: 166 | B47: CAIT AND THE BOYS KRANK IT UP | C47: Y | D47: KIMBERLEY RANSON | E47: 0429917771 | F47: 18 TINGLE ST | G47: BUNBURY | H47: WA 6231 | I47: krankituprealestate@vantageland.com.au | J47: PETER ANDREWS | K47: 30 | M47: Y | N47: KIMBERLEY RANSON | O47: 39 | P47: 0429917771 | Q47: Y | R47: KEN VAGG | S47: 28 | U47: Y | V47: CAITLYN LIEBMAN | Z47: BEN LARSON | AA47: 30 | AC47: Y | AD47: OP | AE47: Y | AF47: Y
A48: 401 | B48: STEVE CHOATE | D48: STEVE CHOATE | E48: 0402717211 | F48: 9A OCHILTREE WAY | G48: KARDINYA | H48: WA 6163 | I48: stevechoate1@gmail.com | J48: STEVE CHOATE | K48: 37 | L48: 0402717211 | M48: Y | N48: STEVE CHOATE | O48: 37 | P48: 0402717211 | Q48: Y | R48: STEVE CHOATE | S48: 37 | T48: 0402717211 | U48: Y | V48: NE | Z48: STEVE CHOATE | AA48: 37 | AB48: 0402717211 | AC48: Y | AD48: IM | AE48: Y
A49: 403 | B49: SARAH WIESE | D49: SARAH WIESE | E49: 98859050 | F49: PO BOX 181 | G49: NARROGIN | H49: WA 6312 | I49: wiese@activ8.net.au | J49: SARAH WIESE | K49: 49 | L49: 98859050 | M49: Y | N49: SARAH WIESE | O49: 49 | P49: 98859050 | Q49: Y | R49: SARAH WIESE | S49: 49 | T49: 98859050 | U49: Y | V49: SARAH WIESE | W49: 49 | X49: 98859050 | Y49: Y | Z49: SARAH WIESE | AA49: 49 | AB49: 98859050 | AC49: Y | AD49: IL | AE49: Y
A50: 404 | B50: TIM WIESE | D50: TIM WIESE | E50: 0429859070 | F50: PO BOX 181 | G50: NARROGIN | H50: WA 6312 | I50: wiese@activ8.net.au | J50: TIM WIESE | K50: 49 | L50: 0429859070 | M50: Y | N50: TIM WIESE | O50: 49 | P50: 0429859070 | Q50: Y | R50: TIM WIESE | S50: 49 | T50: 0429859070 | U50: Y | V50: TIM WIESE | W50: 49 | X50: 0429859070 | Y50: Y | Z50: TIM WIESE | AA50: 49 | AB50: 0429859070 | AC50: Y | AD50: IM | AE50: Y
A51: 406 | B51: EMMA WIESE | D51: SARAH WIESE | E51: 98859050 | F51: PO BOX 181 | G51: NARROGIN | H51: WA 6312 | I51: wiese@activ8.net.au | J51: EMMA WIESE | K51: 16 | L51: 0428223821 | M51: Y | N51: EMMA WIESE | O51: 16 | P51: 0428223821 | Q51: Y | R51: EMMA WIESE | S51: 16 | T51: 0428223821 | U51: Y | V51: EMMA WIESE | W51: 16 | X51: 0428223821 | Y51: Y | Z51: EMMA WIESE | AA51: 16 | AB51: 0428223821 | AC51: Y | AD51: IL | AE51: Y
A52: 409 | B52: EVIE MOLSON | D52: EVIE MOLSON | E52: 0418956519 | F52: 251 BUCKINGHAM RD | G52: KELMSCOTT | H52: WA 6111 | I52: bickleyvalleyhorsetours@gmail.com | J52: EVIE MOLSON | K52: 33 | L52: 0418956519 | M52: Y | N52: EVIE MOLSON | O52: 33 | P52: 0418956519 | Q52: Y | R52: EVIE MOLSON | S52: 33 | T52: 0418956519 | U52: Y | V52: EVIE MOLSON | W52: 33 | X52: 0418956519 | Y52: Y | Z52: EVIE MOLSON | AA52: 33 | AB52: 0418956519 | AC52: Y | AD52: IL | AE52: Y | AL52: Kelmscott Adult Riders
A53: 999 | B53: MANDURAH MEER-CUTS | D53: TRAVIS DAVIES | E53: 0419358408 | F53: 8 DISCOVERY CLOSE | G53: HALLS HEAD | H53: WA 6210 | I53: trg.davies@gmail.com | J53: TRAVIS DAVIES | K53: 31 | L53: 0419358408 | M53: Y | N53: ANDREW HACKET | O53: 39 | P53: 0418262258 | Q53: Y | R53: BRYCE WILD | S53: 32 | T53: 0451726068 | U53: Y | V53: NE | Z53: SEAN BOETTIGER | AA53: 36 | AB53: 0411984211 | AC53: Y | AD53: OP | AE53: Y
A54: 999 | B54: ONE'S GOT NUTS | D54: ROSLYN HOUSTON | E54: 0466511797 | F54: 14D ARNOTT COURT | G54: KELMSCOTT | H54: WA 6111 | I54: houston.roslyn@yahoo.com | J54: KARYN PORTER | K54: 37 | M54: Y | N54: MAREE AINSWORTH | O54: 58 | Q54: Y | R54: GAEL DAVIDSON | S54: 58 | U54: Y | V54: ROSLYN HOUSTON | W54: 45 | X54: 0466511797 | Y54: Y | Z54: ROB BUSSEY | AA54: 47 | AC54: Y | AD54: VE | AE54: Y
A55: 999 | B55: THE BIG EASY | D55: COURTNEY DRAPER | E55: 0408940691 | F55: 910 TRAYLER RD | G55: STONEVILLE | H55: WA 6081 | I55: courtney.draper@gmail.com | J55: JON BOWLEY | K55: 34 | L55: 0439691268 | M55: Y | N55: BRENDAN WELKER | O55: 44 | P55: 0430191071 | Q55: Y | R55: ROB HEWLETT | S55: 38 | T55: 0458715787 | U55: Y | V55: STEPH HEWLETT | W55: 33 | X55: 0407449758 | Y55: Y | Z55: ALAN DAVIDSON | AA55: 50 | AB55: 0428388452 | AC55: Y | AD55: OP | AE55: Y
A56: 999 | B56: THE STRING ALONGS | D56: REBECCA BOYANICH | E56: 0438526144 | F56: 38 COOKHAM RD | G56: LATHLAIN | H56: WA 6100 | I56: rebeccaboyanich@hotmail.com | J56: ALESSIA FLOYD | K56: 28 | L56: '0438429259 | M56: Y | N56: CADE TRIGG | O56: 32 | P56: 0437226605 | Q56: Y | R56: REBECCA BOYANICH | S56: 26 | T56: 0438526144 | U56: Y | Z56: DEAN REYNOLDS | AA56: 30 | AB56: 0437114408 | AC56: Y | AD56: OP | AE56: Y
A57: 999 | B57: RUSTY IRONMEN PINK | D57: CLIVE CHOATE | E57: 0422124908 | F57: 16 KEPPEL MEWS | G57: HALLS HEAD | H57: WA 6210 | I57: choate@westnet.com.au | J57: SHARON DAVIS | K57: 47 | N57: MELISSA MARTYN | O57: 51 | R57: RHIANNON JAMES | S57: 47 | Z57: JANE THOMAS | AA57: 60 | AD57: SL | AE57: Y
A58: 999 | B58: RUSTY IRONMEN INDIGO | D58: CLIVE CHOATE | E58: 0422124908 | F58: 16 KEPPEL MEWS | G58: HALLS HEAD | H58: WA 6210 | I58: choate@westnet.com.au | J58: PETER SKEGGS | K58: 60 | N58: TBC | R58: TBC | V58: NE | Y58: N | Z58: TREANA JONES | AA58: 54 | AD58: SV
A59: 999 | B59: RUSTY IRONMEN SILVER | D59: CLIVE CHOATE | E59: 0422124908 | F59: 16 KEPPEL MEWS | G59: HALLS HEAD | H59: WA 6210 | I59: choate@westnet.com.au | J59: STEVE WISEMAN | K59: 65 | N59: PETER MARTIN | O59: 58 | R59: TBC | V59: NE | Z59: JOHN REYBURN | AA59: 66 | AD59: SV | AE59: Y
A60: 999 | B60: RUSTY IRONMEN PURPLE | D60: CLIVE CHOATE | E60: 0422124908 | F60: 16 KEPPEL MEWS | G60: HALLS HEAD | H60: WA 6210 | I60: choate@westnet.com.au | J60: LYNETTE AVINS | K60: 40 | N60: ANN SMITHSON | O60: 51 | R60: TBC | V60: NE | Z60: SUSIE SINGH | AA60: 58 | AD60: SL | AE60: Y
A61: 999 | B61: RUSTY IRONMEN MAGENTA | D61: CLIVE CHOATE | E61: 0422124908 | F61: 16 KEPPEL MEWS | G61: HALLS HEAD | H61: WA 6210 | I61: choate@westnet.com.au | J61: VALME BATLEY | K61: 63 | N61: BRENDAN WADDY | O61: 51 | R61: LAURA WADDY | S61: 48 | V61: NE | Z61: RIJK BATLEY | AA61: 60 | AD61: SV | AE61: Y
A62: 999 | B62: 6101 COVID | D62: VICKI ARVIDSON | E62: 0497312307 | F62: 3 PALM PLACE | G62: WILSON | H62: WA 6107 | I62: colinarvo@iprimus.com.au | J62: GEMMA MILNE | K62: 39 | L62: 0403309523 | M62: Y | N62: BRAD SCULLY | O62: 48 | P62: 0436851456 | Q62: Y | R62: MAREK LUKASIK | S62: 46 | T62: 0401536204 | U62: Y | V62: NE | Z62: COLIN ARVIDSON | AA62: 52 | AB62: 0466136626 | AC62: Y | AD62: OP | AE62: Y
A63: 999 | B63: FRIDGETOWN FREIGHT TRAIN | D63: JORDAN OLSEN | E63: 0439605961 | I63: jordan.w.olsen@gmail.com | J63: WILLIAM BIRCH | K63: 31 | L63: 0452404673 | M63: Y | N63: WILLIAM HULMES | O63: 30 | P63: 0439908323 | Q63: Y | R63: JORDAN OLSEN | S63: 30 | T63: 0439605061 | U63: Y | V63: CLARE MARK | W63: 45 | X63: 97612818 | Y63: N | Z63: JORDAN OLSEN | AA63: 30 | AB63: 0439605061 | AC63: Y | AD63: OP | AE63: Y
A64: 999 | B64: GEO BAY BABES | D64: WENDY MEWETT | E64: 0419946675 | F64: 10 SPARROW CRES | G64: BROADWATER | H64: WA 6280 | I64: wendyloum56@gmail.com | J64: DEBORAH WESTELL | K64: 50 | L64: 0402178685 | M64: Y | N64: JOANI HOULT | O64: 73 | P64: 0400237549 | Q64: Y | R64: TRISH MILLER | S64: 70 | T64: 0417932737 | U64: Y | V64: NE | Z64: WENDY MEWETT | AA64: 64 | AB64: 0419946675 | AC64: Y | AD64: SL | AE64: Y
A65: 999 | B65: FAMILY OUTING #1 | D65: PIP NAIDOO | E65: 0426821701 | F65: 1 CALYPSO RD | G65: HALLS HEAD | H65: WA 6210 | I65: pipwhit@hotmail.com | J65: SUSANNE WOODALL | K65: 34 | M65: Y | N65: PHILIPPA NAIDOO | O65: 37 | P65: 0426821701 | Q65: Y | R65: PHILIPPA NAIDOO | S65: 37 | T65: 0426821701 | U65: Y | V65: KYLIE MUNYARD | W65: 51 | Y65: Y | Z65: SUZANNE ROGERS | AA65: 37 | AB65: 0435535739 | AC65: Y | AD65: OP | AE65: Y
A66: 999 | B66: FAMILY OUTING #2 | D66: PIP NAIDOO | E66: 0426821701 | F66: 1 CALYPSO RD | G66: HALLS HEAD | H66: WA 6210 | I66: pipwhit@hotmail.com | J66: SASHA LINGREN | M66: N | N66: KYM WHITNEY | O66: 38 | P66: 0438988308 | Q66: N | R66: DENNIS LINDGREN | S66: 37 | T66: 0426821701 | U66: N | V66: JASMINE GARDENER | W66: 24 | Y66: N | Z66: JAYDEN ROGERS | AA66: 38 | AB66: 0432895109 | AC66: N | AD66: OP | AE66: Y
A67: 999 | B67: 6101 INDIA | D67: SIMON HEPWORTH | E67: 0437483277 | F67: 19 NORTHAMPTON ST | G67: EAST VIC PARK | H67: WA 6101 | I67: ashepworth@bigpond.com | J67: SIMON HEPWORTH | K67: 49 | L67: 0437483277 | M67: Y | N67: SIMON HEPWORTH | O67: 49 | P67: 0437483277 | Q67: Y | R67: SIMON HEPWORTH | S67: 49 | T67: 0437483277 | U67: Y | Z67: SIMON HEPWORTH | AA67: 49 | AB67: 0437483277 | AC67: Y | AD67: IM | AE67: Y
A68: 999 | B68: CHRISSY CREEK CRACKERS | D68: EMMA CRANE | E68: 0428511786 | F68: 68 GRASSY VIEW | G68: GIDGEGANNUP | H68: WA 6083 | I68: cranee86@gmail.com | J68: NEVILLE TRISTRAM | K68: 61 | L68: 0467073483 | M68: Y | N68: BRADLEY HALL | O68: 35 | P68: 0488590570 | Q68: Y | R68: RYA N MEAD | S68: 39 | T68: 0400647550 | U68: Y | V68: EMMA CRANE | W68: 34 | X68: 0428511786 | Y68: Y | Z68: KAYE HOLDEN | AA68: 57 | AB68: 0427498602 | AC68: Y | AD68: OP | AE68: Y
A69: 999 | B69: NORFOLK AND CHANCE | D69: CAITLIN BOMBARA | E69: 0438927999 | F69: 100 LEITH ST | G69: CHIDLOW | H69: WA 6556 | I69: caitlinbombara@hotmail.com | J69: COURTENAY BOMBARA | K69: 28 | L69: 0448927999 | M69: Y | N69: ARCHER BOMBARA | O69: 18 | P69: 0448927999 | Q69: Y | R69: LEA MATTI | S69: 27 | U69: Y | V69: CAITLIN BOMBARA | W69: 26 | X69: 0448927999 | Y69: Y | Z69: OLIVER WILKE | AA69: 27 | AB69: 0488611691 | AC69: Y | AD69: OP | AE69: Y
A70: 999 | B70: SALTY NUTS | D70: SARAH DONOVAN | E70: 0429386543 | F70: 77 ATTFIELD ST | G70: FREMANTLE | H70: WA 6160 | I70: donovansarah@outlook.com | J70: SARAH DONOVAN | K70: 26 | L70: 0429386543 | M70: Y | N70: DANELLA ASHWIN | O70: 26 | P70: 0433747294 | Q70: Y | R70: JAKE CANNELL | S70: 26 | T70: 0422999871 | U70: Y | V70: NE | Z70: NICHOLAS PATTRICK | AA70: 26 | AB70: 0432062553 | AC70: Y | AD70: OP | AE70: Y
A71: 999 | B71: YA DREAMING | D71: EMILY WRAY | E71: 0426889008 | F71: 94 MIDDLETON RD | G71: ALBANY | H71: WA 6330 | I71: em.wray@hotmail.com | J71: EMILY WRAY | K71: 22 | L71: 0426889008 | M71: Y | N71: GRACE MOIR | O71: 26 | P71: 0427473048 | Q71: Y | R71: ASHLEIGH QUINN | S71: 25 | T71: 0435129902 | U71: Y | V71: NE | Z71: HOLLEE SIVIOUR | AA71: 25 | AB71: 0426889008 | AC71: Y | AD71: WO | AE71: Y
A72: 999 | B72: NC OUTRIDERS | D72: NATALIE WHITESIDE | E72: 0414305494 | F72: 1C PARKER ST | G72: EAST FREMANTLE | H72: WA 6158 | I72: njwhiteside@gmail.com | J72: JESS NGEH | K72: 35 | L72: 0430224114 | M72: Y | N72: THOMAS FLOWER | O72: 39 | P72: 0431503272 | Q72: Y | R72: GUS HINGELEY | S72: 38 | T72: 0427580702 | U72: Y | V72: STEPH COOTE | W72: 27 | X72: 0409208887 | Y72: Y | Z72: NATALIE WHITESIDE | AA72: 28 | AB72: 0414305494 | AC72: Y | AD72: OP | AE72: Y
A73: 999 | B73: THE JOGFATHERS | D73: ANDREW DONALDSON | E73: 0491944100 | F73: 198 BRIDGEWATER DR | G73: KALLAROO | H73: WA 6025 | I73: andrew.donaldson@outlook.com | J73: NATHAN AGBINYA | K73: 31 | L73: 0411462444 | M73: N | N73: JACK RETTY | O73: 25 | P73: 0435181428 | Q73: N | R73: ANDREW DONALDSON | S73: 29 | T73: 0491944100 | U73: N | V73: JESSE D'SYLVA | W73: 28 | X73: 0415544429 | Y73: N | Z73: ELLIOT ROBERTS | AA73: 18 | AB73: 0415544429 | AC73: Y | AD73: OP | AE73: Y
A74: 999 | B74: CRAZY COUSINS | D74: MATHEW VAN DUIJNHOVEN | E74: 0429206337 | F74: 45 GIGONDAS ST | G74: YALYALUP | H74: WA 6280 | I74: snowyvan01@gmail.com | J74: DAMIEN PORTER | K74: 45 | L74: 0400634879 | M74: Y | N74: MATHEW VAN DUIJNHOVEN | O74: 45 | P74: 0429206337 | Q74: Y | R74: DAMIEN PORTER | S74: 45 | T74: 0400634879 | U74: Y | V74: NE | Z74: MATHEW VAN DUIJNHOVEN | AA74: 45 | AB74: 0429206337 | AC74: Y | AD74: VE | AE74: Y
A75: 999 | B75: BETTER THAN CHORES | D75: KATE SMITH | E75: 0458367637 | F75: 36B BLACKWALL REACH PDE | G75: BICTON | H75: WA 6157 | I75: kate.smith@westnet.com.au | J75: HOLLY BOOKER | K75: 13 | L75: 0412299016 | M75: YY | N75: ALI RICCI | O75: 13 | P75: 0414851384 | Q75: YY | R75: HOLLY BOOKER | S75: 13 | T75: 0412299016 | U75: YY | V75: NE | Z75: ABI SMITH | AA75: 14 | AB75: 0458367637 | AC75: YY | AD75: U8 | AE75: Y
A76: 999 | B76: PORK HUNTS | D76: JEMMA READ | E76: 0400089183 | F76: 141 ATTFIELD RD | G76: YORK | H76: WA 6302 | I76: jemmaread97@gmail.com | J76: JAMES FILEAR | K76: 46 | L76: 0419956918 | M76: Y | N76: BILL WIESE | O76: 19 | P76: 0457196665 | Q76: Y | R76: JEMMA READ | S76: 23 | T76: 0400089183 | U76: Y | V76: JEMMA READ | W76: 23 | X76: 0400089183 | Y76: Y | Z76: RICHIE FILEAR | AA76: 44 | AB76: 0419904213 | AC76: Y | AD76: OP | AE76: Y
A77: 999 | B77: CRITICAL CONDITION | D77: MICHELLE HANRAHAN | E77: 0418611023 | F77: 34 MASLIN ST | G77: BRIDGETOWN | H77: WA 6255 | I77: shell.296@hotmail.com | J77: JONATHON MORLING | L77: 0419914081 | M77: Y | N77: KATE LEFEBRE | P77: 427653331 | Q77: Y | R77: MICHELLE HANRAHAN | T77: 418611023 | U77: Y | V77: NE | Z77: GURPREET SINGH | AB77: 0430433662 | AC77: Y | AD77: VE | AE77: Y
A78: 999 | B78: RIDE OR DIE | D78: SARAH NORTON | E78: 0417870981 | F78: 53 ARCHDEACON ST | G78: NEDLANDS | H78: WA 6009 | I78: sarso202@gmail.com | J78: NICK THOMPSON | K78: 20 | L78: 0450646090 | M78: Y | N78: LEIGHTON COOK | O78: 23 | P78: 0421511969 | Q78: Y | R78: JONNEY SAMMUT | S78: 23 | T78: 0400469666 | U78: Y | V78: SARAH NORTON | W78: 20 | X78: 0417870981 | Y78: Y | Z78: JUSTIN GHOSH | AA78: 26 | AB78: 0433058901 | AC78: Y | AD78: OP | AE78: Y
A79: 999 | B79: BUSSELTON MASTERS SWIMMERS 1 | D79: JO HARRISON-WARD | E79: 0487831386 | F79: PO BOX 35 | G79: BUSSELTON | H79: WA 6280 | I79: joharrisonward@gmail.com | J79: KATHLEEN JACKSON | K79: 47 | L79: 041123543 | M79: Y | N79: ANDREW STEPHENSON | O79: 59 | P79: 0402269185 | Q79: Y | R79: ROD SIMMONDS | S79: 70 | T79: 0429117516 | U79: Y | V79: JAMES SKERRITT | W79: 51 | X79: 0499741006 | Y79: Y | Z79: JULIAN SUTHERS | AA79: 58 | AB79: 0428468881 | AC79: Y | AD79: SV | AE79: Y
A80: 999 | B80: BUSSELTON MASTERS SWIMMERS 2 | D80: JO HARRISON-WARD | E80: 0487831386 | F80: PO BOX 35 | G80: BUSSELTON | H80: WA 6280 | I80: joharrisonward@gmail.com | J80: JEMMA BOURCHIER | K80: 33 | L80: 04007224255 | M80: Y | N80: PETER PAVLINOVICH | O80: 52 | P80: 0416082759 | Q80: Y | R80: TODD TAYLOR | S80: 48 | T80: 0481161881 | U80: Y | V80: ELIZABETH DANIEL | W80: 41 | X80: 0407715641 | Y80: Y | Z80: DONNA STEPHENSON | AA80: 59 | AB80: 041112295 | AC80: Y | AD80: OP | AE80: Y
A81: 999 | B81: CART'S DECISION | I81: ali.babington@hotmail.com | J81: NICHOLAS CARTER | N81: KLARA GRAY | R81: ALI BABINGTON | V81: NE | Z81: DANELLA ASHWIN | AD81: OP
A82: 999 | B82: LIGHTS ON | I82: josefine.wang@gmail.com | J82: JOSEFINE WANG | N82: CHRIS MILLER | R82: INGER WANG | V82: MARY MILLER | Z82: CALLUM RIDEOUT | AD82: OP
A83: 999 | B83: RAD CATS AND BULL BATS | I83: rebecca.baty@bethel.wa.edu.au | J83: CATHIE CONTIER | N83: SARAH RADFORD | R83: REBECCA BATY | Z83: ROBYN BULL | AD83: WO
A84: 999 | B84: C-PLATOON | I84: scrambled1975@gmail.com | J84: CAMPBELL LINDSAY | N84: STUART KING | R84: STUART KING | V84: NE | Z84: CAMPBELL LINDSAY | AD84: OP
A85: 21? | B85: CLARKY'S | D85: TRISTAN CLARKE | E85: 0477844861 | F85: 56 PARSONS AVE | G85: MANNING | H85: WA 6152 | I85: clartr16@gmail.com | J85: REGAN CLARKE | K85: 19 | L85: 0428046707 | M85: Y | N85: DUSTIN CLARKE | O85: 28 | P85: 0419991492 | Q85: Y | R85: RANCE CLARKE | S85: 25 | T85: 0417113424 | U85: Y | V85: TREVOR CLARKE | W85: 60 | X85: 0400491240 | Y85: Y | Z85: TRISTAN CLARKE | AA85: 21 | AB85: 0477844861 | AC85: Y | AD85: OP | AE85: Y
A86: 22? | B86: CLARKE PART II | D86: TRISTAN CLARKE | E86: 0477844861 | F86: 56 PARSONS AVE | G86: MANNING | H86: WA 6152 | I86: clartr16@gmail.com | J86: BEN CLARKE | K86: 15 | L86: 0490922047 | M86: YY | N86: JORDAN TRUNFIO | O86: 24 | P86: 0407617542 | Q86: Y | R86: OLA CLARKE | S86: 23 | T86: 0400196564 | U86: Y | V86: LAURIE CLARKE | W86: 60 | X86: 0427287069 | Y86: Y | Z86: PHILLIP COLIC | AA86: 22 | AB86: 0415089989 | AC86: Y | AD86: OP | AE86: Y
A87: 25? | B87: DIAMONDS IN THE ROUGH | D87: NATALIE CHAPMAN | E87: 0408900891 | F87: 248 SOLDIERS RD | G87: CARDUP | H87: WA 6122 | I87: mysrisque@bigpond.com | J87: JENNIFER HENDERSON | K87: 56 | L87: 0412849045 | M87: Y | N87: SUSAN THOMAS | O87: 55 | P87: 0424475996 | Q87: Y | R87: JACKIE HAGAN | S87: 55 | T87: 0427713202 | U87: Y | V87: NATALIE CHAPMAN | W87: 53 | X87: 0408900891 | Y87: Y | Z87: JASIA HAWKINS | AA87: 63 | AB87: 0421417989 | AC87: Y | AD87: SL | AE87: Y
A88: 49? | B88: THINKFIT 2 | D88: TEX WEBSTER | E88: 0419702187 | F88: 108 TERRACE RD | G88: GUILDFORD | H88: WA 6055 | I88: glindon.webster@bigpond.com
A89: IM | B89: BRAD WILLOUGHBY | D89: BRAD WILLOUGHBY | E89: 0421921786 | F89: 8 SENTINEL GARDENS | G89: LEEMING | H89: WA 6149 | I89: brad.w@live.com.au | J89: BRAD WILLOUGHBY | K89: 34 | L89: 0421921786 | M89: Y | N89: BRAD WILLOUGHBY | O89: 34 | P89: 0421921786 | Q89: Y | R89: BRAD WILLOUGHBY | S89: 34 | T89: 0421921786 | U89: Y | V89: BRAD WILLOUGHBY | W89: 34 | X89: 0421921786 | Y89: Y | Z89: BRAD WILLOUGHBY | AA89: 34 | AB89: 0421921786 | AC89: Y | AD89: IM | AE89: Y
A90: IM | B90: OSKAR BOLSENBROEK | D90: OSKAR BOLSENBROEK | E90: 0417977382 | F90: 35 HILL RD | G90: ROLEYSTONE | H90: WA 6110 | I90: oskarb123@gmail.com | J90: OSKAR BOLSENBROEK | K90: 50 | L90: 0417977382 | M90: Y | N90: OSKAR BOLSENBROEK | O90: 50 | P90: 0417977382 | Q90: Y | R90: OSKAR BOLSENBROEK | S90: 50 | T90: 0417977382 | U90: Y | V90: OSKAR BOLSENBROEK | W90: 50 | X90: 0417977382 | Y90: Y | Z90: OSKAR BOLSENBROEK | AA90: 50 | AB90: 0417977382 | AC90: Y | AD90: IM | AE90: Y
AL123: Kelmscott Adult Riders

Sheet 2019
A1: No. | B1: TEAM NAME | C1: Paid | D1: MANAGERS | E1: PHONE | F1: ADDRESS1 | G1: ADDRESS2 | H1: ADDRESS3 | I1: EMAIL | J1: RUNNER | N1: CANOE | R1: SWIM | V1: EQUESTRIAN | Z1: CYCLE | AD1: CAT | AE1: SIGN | AF1: EQUESTRIAN CLUB
B2: 43763 | J2: SURNAME | K2: AGE | L2: PHONE | M2: SIGN | N2: SURNAME | O2: AGE | P2: PHONE | Q2: SIGN | R2: SURNAME | S2: AGE | T2: PHONE | U2: SIGN | V2: SURNAME | W2: AGE | X2: PHONE | Y2: SIGN | Z2: SURNAME | AA2: AGE | AB2: PHONE | AC2: SIGN
A3: 1 | B3: BRIDGETOWN TEARAWAYS | D3: RIC WHEATLEY | E3: 0427501207 | F3: 1584 WINNEJUP RD | G3: BRIDGETOWN | H3: WA 6255 | I3: apwheatley@bigpond.com | J3: KATHERINE ROSINSKI | K3: 69 | L3: 97721240 | M3: Y | N3: MARTY WALLACE | O3: 56 | P3: 0417904842 | Q3: Y | R3: DAVID GRAY | S3: 71 | T3: 0428950921 | U3: Y | V3: MARK HAY | W3: 60 | X3: 0418953742 | Y3: Y | Z3: BARRY SHEPHARD | AA3: 75 | AB3: 97611171 | AC3: Y | AD3: SV | AE3: Y
A4: 2 | B4: RUSTY IRONMEN BLUE | D4: CLIVE CHOATE | E4: 0422124908 | F4: 16 KEPPEL MEWS | G4: HALLS HEAD | H4: WA 6210 | I4: choate@westnet.com.au | J4: JIM LANGFORD | K4: 75 | M4: Y | N4: MATT RITIKIS | O4: 55 | Q4: Y | R4: ETHAN NORRIS | S4: 49 | U4: Y | V4: LINDA YATES | W4: 41 | Y4: Y | Z4: DAVE WHITELEY | AA4: 68 | AC4: Y | AD4: SV | AE4: Y
A5: 3 | B5: RUSTY IRONMEN RED | D5: CLIVE CHOATE | E5: 0422124908 | F5: 16 KEPPEL MEWS | G5: HALLS HEAD | H5: WA 6210 | I5: choate@westnet.com.au | J5: STEPHEN BROWN | K5: 59 | M5: Y | N5: IAN THOMPSON | O5: 63 | Q5: Y | R5: JULIA NORRIS | S5: 46 | U5: Y | V5: MICHAEL BUTLER | W5: 60 | Y5: Y | Z5: NEIL HALL | AA5: 59 | AC5: Y | AD5: SV | AE5: Y
A6: 4 | B6: RUSTY IRONMEN GREEN | D6: CLIVE CHOATE | E6: 0422124908 | F6: 16 KEPPEL MEWS | G6: HALLS HEAD | H6: WA 6210 | I6: choate@westnet.com.au | J6: STEVE CHOATE | K6: 32 | M6: Y | N6: PETER MARTIN | O6: 57 | Q6: Y | R6: SHAWNALESE NORRIS | S6: 19 | U6: Y | V6: MONEEKA ANGEL | W6: 31 | Y6: Y | Z6: TREANA BENZ | AA6: 53 | AC6: Y | AD6: OP | AE6: Y
A7: 5 | B7: 50 IS THE NEW 30 | C7: Y | D7: JANE WHEELER | E7: 0427717095 | F7: PO BOX 558 | G7: BRIDGETOWN | H7: WA 6255 | I7: wheelerjane29@gmail.com | J7: KAREN ROYER | K7: 58 | L7: 457190345 | M7: N | N7: KAREN FRANKLIN-GREEN | O7: 55 | P7: 0466845875 | Q7: N | R7: JANE WHEELER | S7: 56 | T7: 0427717095 | U7: N | V7: RAYLENE WATSON | W7: 55 | X7: 0419262633 | Y7: N | Z7: LINDA VOWLES | AA7: 55 | AB7: 0417588651 | AC7: Y | AD7: SL | AE7: Y | AF7: WAERA
A8: 6 | B8: RUSTY IRONMEN BLACK | D8: CLIVE CHOATE | E8: 0422124908 | F8: 16 KEPPEL MEWS | G8: HALLS HEAD | H8: WA 6210 | I8: choate@westnet.com.au | J8: PETER SKEGGS | K8: 59 | M8: Y | N8: JOHN REYNOLDS | O8: 62 | Q8: Y | R8: JOEL LEWIS | S8: 57 | U8: Y | V8: KIRK BAKER | W8: 50 | Y8: N | Z8: JOHN REYBURN | AA8: 60 | AC8: N | AD8: SV
A9: 7 | B9: GEEGEELUP RACERS | D9: MICK DEWING | E9: 041790398 | F9: PO BOX 257 | G9: BRIDGETOWN | H9: WA 6255 | I9: mdewing@iinet.net.au | J9: JOEL BARKER | K9: 37 | L9: 0400975884 | M9: Y | N9: MICK DEWING | O9: 69 | P9: 0417903987 | Q9: Y | R9: JOHN MONCRIEFF | S9: 68 | T9: 0432105754 | U9: Y | V9: KEELY ANGEL | W9: 18 | X9: 97612215 | Y9: Y | Z9: MIKE VAN DUIJNHOVEN | AA9: 71 | AB9: 0428327366 | AC9: Y | AD9: OP | AE9: Y
A10: 8 | B10: HAVANA CLUB | D10: GLEN HOLST | E10: 0419850643 | F10: PO BOX 120 | G10: BRIDGETOWN | H10: WA 6255 | I10: admin@glenholst.com.au | J10: AMBROSE FOLEY | K10: 19 | L10: 0467266545 | M10: Y | N10: GLEN HOLST | O10: 58 | P10: 0419850643 | Q10: Y | R10: ANDREW MACNISH | S10: 54 | T10: 0408810444 | U10: Y | V10: EMMA PANIZZA | W10: 31 | X10: 0428740442 | Y10: Y | Z10: ROB DE LAETER | AA10: 51 | AB10: 0417971963 | AC10: Y | AD10: OP | AE10: Y
A11: 9 | B11: SMASHING KREBS | D11: DAVID FIELD | E11: 0417173549 | F11: 16 ROSELLA RISE. | G11: BRIDGETOWN | H11: WA 6255 | I11: dfphysio@bigpopnd.net.au | J11: GURPREET SINGH | K11: 39 | L11: 0430433662 | M11: Y | N11: TIM MULCAHY | O11: 46 | P11: 0418489710 | Q11: Y | R11: JOHANNA VAN ROOYEN | S11: 46 | T11: 0414854864 | U11: Y | V11: NE | Z11: MIKE HOAR | AA11: 46 | AB11: 0408011667 | AC11: Y | AD11: OP | AE11: Y
A12: 10 | B12: RUSTY IRONMEN GOLD | D12: CLIVE CHOATE | E12: 0422124908 | F12: 16 KEPPEL MEWS | G12: HALLS HEAD | H12: WA 6210 | I12: choate@westnet.com.au | J12: ROSS LANGFORD | K12: 41 | M12: Y | N12: CHRIS BOOCOCK | O12: 61 | Q12: Y | R12: LYLE KILDEA | S12: 61 | U12: Y | V12: LYNETTE AVINS | W12: 39 | Y12: Y | Z12: ADRIAN PERRY | AA12: 56 | AC12: Y | AD12: VE | AE12: Y
A13: 11 | B13: FIVE ABREAST | D13: DIANNE HOLLETT | E13: 0431184436 | F13: PO BOX 249 | G13: BRIDGETOWN | H13: WA 6255 | I13: bigholl@westnet.com.au | J13: DIANE HOLLETT | K13: 58 | L13: 0431184436 | M13: Y | N13: LYN WHITNEY | O13: 64 | P13: 97611238 | Q13: Y | R13: KYLIE ENGLISH | S13: 54 | U13: N | V13: VIKTORIA CHLAPIK | W13: 38 | X13: 0499143219 | Y13: N | Z13: ALISON WHEATLEY | AA13: 59 | AB13: 0427944377 | AC13: Y | AD13: SL | AE13: Y | AF13: Y
A14: 12 | B14: GIDDYUP | D14: DAWN PENNEY | E14: 0497577849 | F14: 145 SHAKESPEARE AVE | G14: YOKIINE | H14: WA 6060 | I14: dawn.penney@westnet.com.au | J14: DAWN PENNEY | K14: 52 | L14: 0497577849 | M14: Y | N14: LARRY ODGERS | O14: 67 | P14: 0448798716 | Q14: Y | R14: DAWN PENNEY | S14: 52 | T14: 0497577849 | U14: Y | V14: NICOLA JOHNSON | W14: 43 | X14: '0402680883 | Y14: Y | Z14: DAWN PENNEY | AA14: 52 | AB14: 0497577849 | AC14: Y | AD14: VE | AE14: Y
A15: 13 | B15: MUMS ON THE RUN | D15: BIANCA BESTON | E15: 0431719066 | F15: 40 BOUNDARY RD | G15: ST JAMES | H15: WA 6102 | I15: biancabeston@gmail.com | J15: SINEAD MILLER | K15: 43 | M15: Y | N15: SUE DEERING | O15: 45 | P15: 0414848712 | Q15: Y | R15: BIANCA BESTON | S15: 38 | T15: 0431719066 | U15: Y | V15: NE | Z15: CHERIE LOMEN | AA15: 36 | AB15: 0420521340 | AC15: Y | AD15: LV | AE15: Y
A16: 14 | B16: MONGER MONGRELS | D16: DEAN ZEC | E16: 04248600761 | F16: 26 KURRAJONG PL | G16: GREENWOOD | H16: WA 6024 | I16: dean.zec@msasafety.com | J16: ROB DE LAETER | K16: 51 | L16: 0417971963 | M16: Y | N16: SCOTT WOOLDRIDGE | O16: 52 | P16: 0424813680 | Q16: N | R16: DEAN ZEC | S16: 52 | T16: 0428600761 | U16: N | V16: NE | Z16: JON ELLIOTT | AA16: 54 | AB16: 0412289801 | AC16: N | AD16: VE | AE16: Y
A17: 15 | B17: RUSTY IRONMEN PURPLE | D17: CLIVE CHOATE | E17: 0422124908 | F17: 16 KEPPEL MEWS | G17: HALLS HEAD | H17: WA 6210 | I17: choate@westnet.com.au | J17: STEVE WISEMAN | K17: 64 | M17: Y | N17: ANN SMITHSON | O17: 50 | Q17: Y | R17: LESLEY STACKHOUSE | S17: 52 | U17: Y | V17: BOBBY SPENCE | W17: 59 | Y17: Y | Z17: SUSIE SINGH | AA17: 57 | AC17: Y | AD17: SV | AE17: Y
A18: 16 | B18: TOUCH WOOD | D18: ROWENA DE GROOT | E18: 0402242911 | F18: 38 CROSSLAND ST | G18: ESPERANCE | H18: WA 6450 | I18: rowenakend@gmail.com | J18: JAYME BERGMAN | K18: 36 | L18: 0439340353 | M18: Y | N18: ROWENA DE GROOT | O18: 34 | P18: 0402262911 | Q18: Y | R18: MICHELLE PITMAN | S18: 37 | T18: 0428520724 | U18: Y | V18: NADETTE HODGE | W18: 44 | X18: 0428932044 | Y18: Y | Z18: LOUISE PEARN | AA18: 42 | AB18: 0418896706 | AC18: Y | AD18: WO | AE18: Y | AF18: ESPERANCE EQUESTRIAN CLUB
A19: 17 | B19: FIVE ALIVE | C19: Y | D19: KATHRYN KNOLL | E19: 0428428705 | F19: PO BOX 596 | G19: DONNYBROOK | H19: WA 6239 | I19: knollcando@westnet.com.au | J19: ANDREW ELDRIDGE | K19: 58 | L19: 0438220703 | M19: Y | N19: PETER LIDDLE | O19: 60 | P19: 0466136652 | Q19: Y | R19: BRENDON BUNNING | S19: 63 | T19: 0458224230 | U19: Y | V19: KATHRYN KNOLL | W19: 52 | X19: 0427427705 | Y19: Y | Z19: LEIGHTON KNOLL | AA19: 58 | AB19: 0427427705 | AC19: Y | AD19: SV | AE19: Y
A20: 18 | B20: RUSTY IRONMEN PINK | D20: CLIVE CHOATE | E20: 0422124908 | F20: 16 KEPPEL MEWS | G20: HALLS HEAD | H20: WA 6210 | I20: choate@westnet.com.au | J20: SHARON DAVIS | K20: 46 | M20: Y | N20: MELISSA MARTYN | O20: 50 | Q20: Y | R20: RHIANNON JAMES | S20: 45 | U20: Y | V20: SONIA BROI | W20: 53 | X20: 0474 137 868 | Y20: Y | Z20: JANE THOMAS | AA20: 59 | AC20: Y | AD20: SL | AE20: Y
A21: 19 | B21: RIVER RATS | D21: ANDY WHITTELL | E21: 0409376359 | F21: 10 SPARROW CRES | G21: BUSSELTON | H21: WA 6280 | I21: busolaserman@gmail.com | J21: RUSSELL BARTON | K21: 51 | L21: 0410260021 | M21: Y | N21: ANDREW WHITTELL | O21: 66 | P21: 0409376359 | Q21: Y | R21: JILL BARTON | S21: 55 | T21: 0410260021 | U21: Y | V21: NE | Z21: SCOTT GODLEY | AA21: 53 | AC21: Y | AD21: SV | AE21: Y
A22: 20 | B22: DOGS OF WAR | D22: JUSTIN KELLY | E22: 0439414882 | F22: 12 ALISON RD | G22: ATTADALE | H22: WA 6156 | I22: justin.kelly@woodgroup.com | J22: JUSTIN KELLY | K22: 39 | L22: 0439414882 | M22: Y | N22: JAMES RHYS | O22: 40 | P22: 0449231345 | Q22: Y | R22: KIM STANES | S22: 39 | T22: 0425625680 | U22: Y | Z22: ALEXANDER LOCKETT | AA22: 40 | AB22: 0475513203 | AC22: Y | AD22: OP | AE22: Y
A23: 21 | B23: WEST BRIDGETOWN WARRIORS 1 | D23: SARAH YOUNGSON | E23: 97612741 | F23: PO BOX 1201 | G23: BRIDGETOWN | H23: WA 6255 | I23: sarah.youngson@westnet.com.au | J23: REGAN CLARKE | K23: 18 | L23: 0428046707 | M23: Y | N23: TRISTAN CLARKE | O23: 20 | P23: 0477844861 | Q23: Y | R23: LACHLAN GARDNER | S23: 14 | T23: 0417902096 | U23: YY | V23: FRANCES LONGO | W23: 36 | X23: 0450656370 | Y23: Y | Z23: TRISTAN CLARKE | AA23: 20 | AB23: 0477844861 | AC23: Y | AD23: OP | AE23: Y
A24: 22 | B24: WEST BRIDGETOWN WARRIORS 2 | D24: SARAH YOUNGSON | E24: 97612741 | F24: PO BOX 1201 | G24: BRIDGETOWN | H24: WA 6255 | I24: sarah.youngson@westnet.com.au | J24: ANDREW HAAK | K24: 41 | L24: 0402036570 | M24: Y | N24: GREG DALE | O24: 42 | P24: 0410304342 | Q24: Y | R24: TIM HEWITT | S24: 46 | T24: 0424249530 | U24: Y | V24: SHAYNE CARTER | W24: 31 | X24: 0438108015 | Y24: Y | Z24: MAX JENSEN | AA24: 65 | AB24: 0418542400 | AC24: Y | AD24: OP | AE24: Y
A25: 23 | B25: WEST BRIDGETOWN WARRIORS 3 | D25: SARAH YOUNGSON | E25: 97612741 | F25: PO BOX 1201 | G25: BRIDGETOWN | H25: WA 6255 | I25: sarah.youngson@westnet.com.au | J25: SARAH YOUNGSON | K25: 46 | L25: 97612741 | M25: Y | N25: ANGUS YOUNGSON | O25: 56 | P25: 0416241633 | Q25: Y | R25: ALBERT HAAK | S25: 71 | T25: 0418479474 | U25: Y | V25: DEBRA CHAPMAN | W25: 55 | X25: 0499976995 | Y25: Y | Z25: NIC FABISZAK | AA25: 47 | AB25: 0478616802 | AC25: Y | AD25: VE
A26: 24 | B26: WEST BRIDGETOWN WARRIORS 4 | D26: SARAH YOUNGSON | E26: 97612741 | F26: PO BOX 1201 | G26: BRIDGETOWN | H26: WA 6255 | I26: sarah.youngson@westnet.com.au | J26: BEN CLARKE | K26: 14 | L26: 0477844861 | M26: YY | N26: DAVID MOYES | O26: 55 | P26: 0488553667 | Q26: Y | R26: STEVE MASTERS | S26: 62 | T26: 0419957116 | U26: Y | V26: LAURIE CLARKE | W26: 60 | X26: 0400491240 | Y26: Y | Z26: SHARON GARDNER | AA26: 45 | AB26: 0417902096 | AC26: Y | AD26: OP | AE26: Y
A27: 25 | B27: WEST BRIDGETOWN WARRIORS 5 | D27: SARAH YOUNGSON | E27: 97612741 | F27: PO BOX 1201 | G27: BRIDGETOWN | H27: WA 6255 | I27: sarah.youngson@westnet.com.au | J27: FIONA DUYVESTEIN | K27: 48 | L27: 0417886680 | M27: Y | N27: LLOYD POWELL | O27: 52 | P27: 0414476015 | Q27: Y | R27: KATIE MASTERS | S27: 34 | T27: 0419957116 | U27: Y | V27: MATILDA O'NEILL | W27: 15 | X27: 0481463089 | Y27: YY | Z27: NIGEL CHESTERFIELD-EVANS | AA27: 65 | AB27: 0417172265 | AC27: Y | AD27: OP
A28: 26 | B28: EASIER SAID THAN RUN | C28: Y | D28: KATE SMITH | E28: 0458367637 | F28: 36B BLACKWALL REACH PDE | G28: BICTON | H28: WA 6157 | I28: kate.smith@westnet.com.au | J28: KRISTINE RICCI | K28: 51 | L28: 0414851384 | M28: Y | N28: TONY SMITH | O28: 44 | P28: 0409859866 | Q28: Y | R28: KRISTINE RICCI | S28: 51 | T28: 0414851384 | U28: Y | V28: TONY BOOKER | W28: 51 | X28: 0412299016 | Y28: Y | Z28: KATE SMITH | AA28: 42 | AB28: 0458367637 | AC28: Y | AD28: VE | AE28: Y | AF28: claremont therapuetic riding centre (M'liss)
A29: 27 | B29: SCRAMBLED LEGGS | C29: Y | D29: HANNAH EDGECOMBE | E29: 0488980654 | F29: 2/201 COODE ST | G29: COMO | H29: WA 6102 | I29: hedgecombe41700@gmail.com | J29: HANNAH EDGECOMBE | K29: 20 | L29: 0488980654 | M29: Y | N29: JAMES CAMERON | O29: 21 | P29: 0430066335 | Q29: Y | R29: GRACE TAYLOR | S29: 21 | T29: 0417978724 | U29: Y | V29: NE | Z29: WILL REGAN | AA29: 20 | AB29: 0488774053 | AC29: Y | AD29: OP | AE29: Y
A30: 28 | B30: WELL DRAPED BODS | D30: COURTNEY DRAPER | E30: 0408940691 | F30: 910 TRAYLEN RD | G30: STONEVILLE | H30: WA 6081 | I30: courtney.draper@gmail.com | J30: COURTNEY DRAPER | K30: 36 | L30: 0408940691 | M30: Y | N30: BRENDAN WELKER | O30: 43 | P30: 0430191071 | Q30: Y | R30: KARL WELKER | S30: 41 | T30: 0433748002 | U30: Y | V30: NE | Z30: MATT BOYD | AA30: 34 | AB30: 0421840984 | AC30: Y | AD30: OP | AE30: Y
A31: 29 | B31: DARKAN PNUTS | D31: NATHAN CUTHBERT | E31: 0459160702 | F31: LOT 135 COALFIELD RD | G31: DARKAN | H31: WA 6392 | I31: nathan.cuthbert@landmark.com.au | J31: NATHAN CUTHBERT | K31: 44 | L31: 0459160702 | M31: Y | N31: DEAN KING | O31: 40 | P31: 0427809960 | Q31: Y | R31: RYAN WILKE | S31: 40 | T31: 0429361104 | U31: Y | V31: NE | Z31: SCOTT EWEN | AA31: 43 | AB31: 0427361227 | AC31: Y | AD31: VE | AE31: Y
A32: 30 | B32: DARKAN NO NUTS | D32: MELANIE EWEN | E32: 0429361227 | F32: PO BOX 44 | G32: DARKAN | H32: WA 6392 | I32: ewens@bluegums.net | J32: MELANIE EWEN | K32: 41 | L32: 0429361227 | M32: Y | N32: MELISSA WILKIE | O32: 37 | P32: 0408914052 | Q32: Y | R32: KYM GIBBS | S32: 39 | T32: 0428250642 | U32: Y | V32: NE | Z32: JOANNE KING | AA32: 39 | AB32: 0408185973 | AC32: Y | AD32: LV | AE32: Y
A33: 31 | B33: TEAM CHAMPERS | D33: LAUREN HOSSELL | E33: 0407072696 | F33: 7 PARK CLOSE | G33: GREENWOOD | H33: WA 6024 | I33: laurenmhossell@gmail.com | J33: ALANA PATISON | K33: 40 | L33: 0415772235 | M33: Y | N33: ROBERT HOSSELL | O33: 46 | Q33: Y | R33: LAUREN HOSSELL | S33: 36 | T33: 0407072696 | U33: Y | V33: JANE HOSSELL | W33: 61 | X33: 0417935841 | Y33: Y | Z33: STUART PEARCE | AA33: 42 | AB33: 0438920074 | AC33: Y | AD33: OP | AE33: Y
A34: 32 | B34: LUNACHICKS | D34: KATE MARTIN | E34: 0421028730 | F34: 150 SMITH ROAD | G34: BULLSBROOK | H34: WA 6080 | I34: kathera@hotmail.com | J34: SAM HUMBERSTONE | K34: 40 | L34: 0433088383 | M34: Y | N34: KATE MARTIN | O34: 40 | P34: 0421028730 | Q34: Y | R34: TORI DEWAR | S34: 28 | T34: 0402528215 | U34: Y | V34: ANN-MAREE WASLEY | W34: 38 | X34: 0422894919 | Y34: Y | Z34: KAT KINGSLEY | AA34: 29 | AB34: 0434875518 | AC34: Y | AD34: WO | AE34: Y
A35: 33 | B35: TWO CANS OF COURAGE | C35: Y | D35: CARLENE DAVIDSON | E35: 0431284135 | F35: 40 NORMA RD | G35: ALFRED COVE | H35: WA 6154 | I35: carlene@iinet.net.au | J35: LISA CALLAGHAN | K35: 35 | L35: 0422169622 | M35: Y | N35: MATT CALLAGHAN | O35: 39 | P35: 0478632090 | Q35: Y | R35: CARLENE DAVIDSON | S35: 52 | T35: 0431284135 | U35: Y | V35: NE | Z35: DARREN CHAPMAN | AA35: 36 | AB35: 0427673047 | AC35: Y | AD35: OP | AE35: Y
A36: 34 | B36: COUNTRY WARRIORS | D36: LIESL SIMONS | E36: 0419919951 | F36: 27 CLIFFORD ST | G36: YORK | H36: WA 6302 | I36: lieslsimons@bigpond.com | J36: LIESL SIMONS | K36: 53 | L36: 0419919951 | M36: Y | N36: MICHAEL LEAHY | O36: 54 | Q36: Y | R36: KIARA SIMONS | S36: 16 | T36: 0437928401 | U36: YY | V36: MARYANNE PHILLIPS | W36: 55 | Y36: Y | Z36: MEEGAN FYFIELD | AA36: 41 | AB36: 0431862231 | AC36: Y | AD36: OP | AE36: Y
A37: 35 | B37: JUST KEEP SCRIMMIN | D37: GIVLIANA SCRIMGEOUR | E37: 0419957780 | F37: 96 WOOD ST | G37: INGLEWOOD | H37: WA 6053 | I37: clarebombers@hotmail.com | J37: CLARE RICE | K37: 40 | L37: 0487844216 | M37: Y | N37: MEL (NINO) RICE | O37: 41 | P37: 0439391977 | Q37: Y | R37: LEWIS SCRIMGEOUR | S37: 15 | T37: 0466805567 | U37: YY | V37: NE | Z37: DAMON SCRIMGEOUR | AA37: 48 | AB37: 0403966411 | AC37: Y | AD37: OP | AE37: Y
A38: 36 | B38: TAG YOU ARE IT | D38: ROBYN BULL | E38: 0408704989 | F38: 8 COMET CORNER | G38: McKAIL | H38: WA 6330 | I38: robyn_11_7@hotmail.com | J38: REBECCA BATY | K38: 33 | L38: 0431114735 | M38: Y | N38: SARAH RADFORD | O38: 61 | P38: 0428066774 | Q38: Y | R38: MELISSA METTAM | S38: 32 | T38: 0448800835 | U38: Y | V38: SHIRLEY O'DONOGHUE | W38: 52 | X38: 0400733047 | Y38: Y | Z38: ROBYN BULL | AA38: 34 | AB38: 0408704989 | AC38: Y | AD38: OP | AE38: Y
A39: 37 | B39: BUTLERS ON BUTANE | C39: Y | D39: MARGARET BUTLER | E39: 0409994999 | F39: 7 ACACIA RD | G39: MAIDA VALE | H39: WA 6057 | I39: david02@westnet.com.au | J39: DAVID BUTLER | K39: 44 | L39: 0439924963 | M39: Y | N39: DAVID BUTLER | O39: 44 | P39: 0439924963 | Q39: Y | R39: VICKI BUTLER | S39: 44 | T39: 0407998829 | U39: Y | V39: NE | Z39: WENDY BUTLER | AA39: 41 | AB39: 0409109218 | AC39: Y | AD39: OP | AE39: Y
A40: 38 | B40: BEATING AROUND THE BUSH | D40: ANNE SCHWENKENBECHER | E40: 0424939520 | F40: 64 CARR ST | G40: WEST PERTH | H40: WA 6005 | I40: a.schwenkenbecher@murdoch.edu.au | J40: ANN LEFROY | K40: 39 | L40: 0400301855 | M40: Y | N40: ROHAN SADLER | O40: 47 | P40: 0433192600 | Q40: Y | R40: TIM FLANAGAN | S40: 39 | T40: 0451979015 | U40: Y | V40: ANNE SCHWENKENBECHER | W40: 41 | X40: 0424939520 | Y40: Y | Z40: YOHEI OKAMOTO | AA40: 34 | AB40: 0412904113 | AC40: Y | AD40: OP | AE40: Y
A41: 39 | B41: ROBE | D41: CAROLINE O'DEA | E41: 0408949702 | F41: 60 HOLMES ST | G41: SHELLEY | H41: WA 6148 | I41: cazmac78@hotmail.com | J41: FIONA EDWARDS | K41: 46 | L41: 0407008006 | M41: Y | N41: LOUISE REYNOLDS | O41: 44 | P41: 0409007355 | Q41: Y | R41: CAROLINE O'DEA | S41: 41 | T41: 0408949702 | U41: Y | V41: NE | Z41: JEFF BURT | AA41: 54 | AB41: 0429083630 | AC41: Y | AD41: VE
A42: 40 | B42: LIFESPORTS GUNNA CATCH YA | D42: TRISH DAVIES | E42: 0429644055 | F42: PO BOX 954 | G42: BRIDGETOWN | H42: WA 6255 | I42: trish@lifesports.com.au | J42: DARCY CRAVEN | K42: 15 | N42: CAMERON RODGERS | R42: ETHAN WILLEY | V42: NE | Z42: NATHAN DAVIES | AA42: 14 | AD42: U8
A43: 41 | B43: OVER 4T | C43: Y | D43: PETER WHITNEY | E43: 97611238 | F43: PO BOX 99 | G43: BRIDGETOWN | H43: WA 6255 | I43: lyn@whitney.net.au | J43: TONY CROSSLAND | K43: 64 | L43: 0427744477 | M43: Y | N43: TED WILLETT | O43: 72 | P43: 0488644064 | Q43: Y | R43: VINCE JUREWICZ | S43: 55 | T43: 0429611970 | V43: NE | Z43: IAN KUGLER | AA43: 64 | AB43: 97651512 | AC43: Y | AD43: SV | AE43: Y | AG43: EFT
A44: 42 | B44: FOREVER YOUNG | C44: Y | D44: JOHN WHITEHAND | E44: 0401997193 | F44: 3 ANDREWS PLACE | G44: COTTESLOE | H44: WA 6011 | I44: john.whitehand@gmail.com | J44: SHAY KENNARE | K44: 57 | L44: 0414707669 | M44: Y | N44: JOHN WHITEHAND | O44: 69 | P44: 0401997193 | Q44: Y | R44: LINDSAY SHEPHERD | S44: 59 | U44: Y | V44: JO FLYNN | Y44: Y | Z44: WAYNE SAVAGE | AA44: 56 | AB44: 0417094266 | AC44: Y | AD44: SV | AE44: Y
A45: 43 | B45: TOUGH GIRLS | D45: SUZANNE PEACOCK | E45: 0409375165 | F45: 9 PUGET CRT | G45: SPENCER PARK | H45: WA 6330 | I45: suz.peacock@gmail.com | J45: JENNIE HALLIMAN | K45: 43 | L45: 0420372656 | M45: Y | N45: SUZANNE PEACOCK | O45: 45 | P45: 0409375165 | Q45: Y | R45: DANA NEUMANN | S45: 44 | T45: 0474476134 | U45: Y | V45: LANI FRUSHER | W45: 39 | X45: 0438451681 | Y45: Y | Z45: MARILYN CONNELL | AA45: 55 | AB45: 0408441233 | AC45: Y | AD45: LV | AE45: Y
A46: 44 | B46: OLD DOCS | C46: Y | D46: PETER BATH | E46: 0407080760 | F46: 6 WEBB ST | G46: COTTESLOE | H46: WA 6011 | I46: gromit@iinet.net.au | J46: THANGA MUTHIPANDIAN | K46: 43 | L46: 0407080760 | M46: Y | N46: RICHARD LANG | O46: 69 | P46: 0432233661 | Q46: Y | R46: TIM HUMPHREY | S46: 71 | T46: 0488195014 | U46: Y | V46: JOAN GILL | W46: 66 | X46: 0417173710 | Y46: Y | Z46: PETER BATH | AA46: 77 | AB46: 0407080760 | AC46: Y | AD46: SV | AE46: Y | AF46: WOOROLOO
A47: 45 | B47: NEXT GEN | D47: LACHLAN CASSIDY | E47: 0406175264 | F47: 84 DOUGLAS AVE | G47: ST JAMES | H47: WA 6151 | I47: satulip@bigpond.com | J47: ALANA TULIP | K47: 14 | L47: 0432325702 | M47: YY | N47: LACHLAN CASSIDY | O47: 14 | P47: 0417175082 | Q47: Y | R47: GRACE HEPWORTH | S47: 14 | T47: 0405499170 | U47: YY | V47: NE | Z47: DYLAN KELLY | AA47: 15 | AB47: 0406966074 | AC47: YY | AD47: U8 | AE47: Y
A48: 46 | B48: THINK FIT | D48: TEX WEBSTER | E48: 0419702187 | F48: 108 TERRACE RD | G48: GUILDFORD | H48: WA 6055 | I48: glindon.webster@bigpond.com | J48: GRAHAM BROWN | K48: 42 | L48: 0435206029 | M48: Y | N48: AMANDA NISCHKE | O48: 60 | P48: 0412311158 | Q48: Y | R48: LIAM SOUTHAM | S48: 40 | T48: 0434280028 | U48: Y | V48: TEX WEBSTER | W48: 46 | X48: 0419702187 | Y48: Y | Z48: KATRINA BRYCE | AA48: 47 | AB48: 0427013740 | AC48: Y | AD48: VE | AE48: Y
A49: 47 | B49: THINKFIT KIDS | D49: TEX WEBSTER | E49: 0419702187 | F49: 108 TERRACE RD | G49: GUILDFORD | H49: WA 6055 | I49: glindon.webster@bigpond.com | J49: KOBEE BECK | K49: 13 | L49: 0432332913 | M49: YY | N49: JAYDEN HART | O49: 15 | P49: 0417953296 | Q49: YY | R49: MIA SOUTHAM | S49: 13 | T49: 0434280028 | U49: YY | V49: ROSIE WEBSTER | W49: 12 | X49: 0419702187 | Y49: YY | Z49: WILLIAM CHAPMAN | AA49: 12 | AC49: YY | AD49: U8 | AE49: Y
A50: 48 | B50: THINKFIT 4 KIDS | D50: KATRINA BRYCE | E50: 0418877404 | F50: 18 BEVERLEY TCE | G50: SOUTH GUILDFORD | H50: WA 6055 | I50: katwoman@iinet.net.au | J50: CHARLOTTE COOPER | K50: 14 | L50: 0408956988 | M50: YY | N50: MATILDA BRYANT | O50: 16 | P50: 0418907457 | R50: BEN CHAPMAN | T50: 0425544443 | V50: NE | Z50: LUKA DAVIS | AA50: 13 | AB50: 0418877404 | AC50: YY | AD50: U8 | AE50: Y
A51: 49 | B51: HORSELESS HEROS | D51: CORINNE MOULE | E51: 0409510072 | F51: 9B GLIDDON AVE | G51: KALBARRI | H51: WA 6536 | I51: kate.grum@bigpond.com | J51: KATE CLAYTON | K51: 40 | L51: 0409906251 | M51: Y | N51: CORINNE MOULE | O51: 44 | P51: 0409510072 | Q51: Y | R51: ALYSON BRETT | S51: 52 | T51: 0419908605 | U51: Y | V51: NE | Z51: CORINNE MOULE | AA51: 44 | AB51: 0409510072 | AC51: Y | AD51: LV | AE51: Y
A52: 50 | B52: QUAINE CONSTRUCTION | D52: CORAN LONGWOOD | E52: 0478532383 | F52: 41 MARION WAY | G52: GOOSEBERRY HILL | H52: WA 6076 | I52: coranlongwood@gmail.com | J52: NIC HARMEN | K52: 23 | L52: 0422477274 | M52: Y | N52: CORAN LONGWOOD | O52: 24 | P52: 0478532383 | Q52: Y | R52: KYLE LEE | S52: 17 | T52: 0407879184 | U52: YY | V52: MIKAYLA JONES | W52: 19 | X52: 0466254689 | Y52: Y | Z52: ROWAN BROWN | AA52: 26 | AB52: 0438905339 | AC52: Y | AD52: OP | AE52: Y | AH52: BANKSI | AI52: PF1
A53: 51 | B53: MORPHINE FLOWERS | C53: Y | D53: FIONA THOMAS | E53: 0437876031 | F53: 6 TONKIN FAIRWAY | G53: DALYELLUP | H53: WA 6230 | I53: tomo.197023@gmail.com | J53: GREG STRACHAN | K53: 48 | L53: 0427956454 | M53: Y | N53: GREG STRACHAN | O53: 48 | P53: 0427956454 | Q53: Y | R53: FIONA THOMAS | S53: 49 | T53: 0437876031 | U53: Y | V53: NE | Z53: KYRA NIMMO | AA53: 48 | AB53: 0424362671 | AC53: Y | AD53: VE | AE53: Y
A54: 52 | B54: IT'S TIME | D54: TOM CROSS | E54: 0409182014 | F54: 513 CROOKED BROOOK RD | G54: DARDANUP | H54: WA 6236 | I54: tom@jwcross.com.au | J54: CHRIS KILEY | K54: 65 | L54: 0413144590 | M54: Y | N54: ROD CHAMBERS | O54: 60 | P54: 0434824264 | Q54: Y | R54: RICHARD GEORGE | S54: 59 | T54: 0404819532 | U54: Y | V54: CHRIS HADDON | W54: 60 | X54: 0427907680 | Y54: Y | Z54: TOM CROSS | AA54: 64 | AB54: 0409182014 | AC54: Y | AD54: SV | AE54: Y
A55: 53 | B55: HERE FOR BEERS | D55: BEN LARKIN | E55: 0437900494 | F55: 93 FIFTH AVE | G55: MT LAWLEY | H55: WA 6050 | I55: ben.larkin@beadellresources.com.au | J55: DAVID SHINNER | K55: 38 | L55: 0437311686 | M55: Y | N55: BEN LARKIN | O55: 38 | P55: 0437900494 | Q55: Y | R55: ADRIAN BARRETT | S55: 38 | T55: 0417920802 | U55: Y | V55: NE | Z55: ADRIAN PARODY | AA55: 38 | AB55: 0400237486 | AC55: Y | AD55: OP | AE55: Y
A56: 54 | B56: HIDDEN POTENTIAL | D56: KIRSTY MOYNIHAN | E56: 0416219971 | F56: PO BOX 3030 | G56: SHELLEY | H56: WA 6148 | I56: kirsty_v@yahoo.com.au | J56: DAWN O'BRIEN | K56: 51 | L56: 0432967303 | M56: Y | N56: PHYL MOYNIHAN | O56: 68 | P56: 0413137115 | Q56: Y | R56: LISA BAILIE | S56: 43 | T56: 0408293441 | U56: Y | V56: KERRIE KNIGHT | W56: 54 | X56: 0488122821 | Z56: KERRY DELL'AGOSTINA | AA56: 38 | AC56: Y | AD56: SL
A57: 55 | B57: HIGHWAY HEROES | C57: Y | D57: AARON ROBERTS | E57: 0427838050 | F57: 13A PAWLETT WAY | G57: KARRINYUP | H57: WA 6018 | I57: aaronroberts@goblue.com.au | J57: AARON ROBERTS | K57: 36 | L57: 0427838050 | M57: Y | N57: KATE KING | O57: 34 | P57: 0401342658 | Q57: Y | R57: KATIE KING | S57: 34 | T57: 0401342658 | U57: Y | V57: TARLEE SMITH | W57: 28 | X57: 0466090971 | Y57: Y | Z57: GLEN GASPER | AA57: 43 | AB57: 0413998908 | AC57: Y | AD57: OP | AE57: Y
A58: 56 | B58: MIXED BAG | D58: KIRSTY MOYNIHAN | E58: 0416219971 | F58: PO BOX 3030 | G58: SHELLEY | H58: WA 6148 | I58: kirsty_v@yahoo.com.au | J58: LISA BAILIE | K58: 43 | L58: 0408293441 | M58: Y | N58: JASON MOYNIHAN | O58: 45 | P58: 0412304777 | Q58: Y | R58: KIRSTY MOYNIHAN | S58: 47 | T58: 0416219971 | U58: Y | V58: DIANNE HUXTABLE | W58: 63 | X58: 0410349396 | Y58: Y | Z58: CRAIG HUXTABLE | AA58: 38 | AB58: 0476549781 | AC58: Y | AD58: OP | AE58: Y
A59: 57 | B59: KOBRA KILLERS | D59: CHRIS MOTT | E59: 0429967507 | F59: PO BOX 982 | G59: BRIDGETOWN | H59: WA 6255 | I59: chris.mott@education.wa.edu.au | J59: MILLY HENDERSON-MOTT | K59: 14 | L59: 0424898507 | M59: YY | N59: GRACE HENDERSON-MOTT | O59: 14 | P59: 0424550692 | Q59: YY | R59: SARAH JAKOBSON | S59: 15 | T59: 0467954374 | U59: YY | V59: NE | Z59: MEL FARQUHAR | AA59: 15 | AB59: 0473566608 | AC59: YY | AD59: U8 | AE59: Y
A60: 58 | B60: HONEY BADGERS | C60: Y | D60: CHRIS MOTT | E60: 0429967507 | F60: PO BOX 982 | G60: BRIDGETOWN | H60: WA 6255 | I60: chris.mott@education.wa.edu.au | J60: NATHAN WALTER | K60: 38 | L60: 0409771685 | M60: N | N60: CRAIG BESWICK | O60: 44 | P60: 0438003841 | Q60: Y | R60: CHRIS MOTT | S60: 46 | T60: 0429967507 | U60: Y | V60: NE | Z60: GEORGE CRAIG | AA60: 48 | AB60: 0438611019 | AC60: Y | AD60: OP | AE60: Y
A61: 59 | B61: SCOTHIES | D61: CARMEN BAIRSTOW | E61: 0407001440 | F61: 237 MT PLEASANT | G61: DUMBLEYOUNG | H61: WA 6350 | I61: carmen@flexitrans.com.au | J61: ORSON BAIRSTOW | K61: 15 | L61: 0407001440 | M61: YY | N61: TOM MUTTER | O61: 14 | P61: 0428167928 | Q61: YY | R61: BEN SIMPSON | S61: 15 | T61: 0407001440 | U61: YY | V61: ASHLEIGH ERICKSON | W61: 15 | X61: 0437801416 | Y61: YY | Z61: DARDAYNE RUSSIE | AA61: 15 | AC61: YY | AD61: SO | AE61: Y
A62: 60 | B62: THE MAROONS | C62: Y | D62: SHELDON COXON | E62: 0418905842 | F62: 18 OWSTON ST | G62: MOSMAN PARK | H62: WA 6012 | I62: sheldon@coxongroup.com.au | J62: XAVIER JENNINGS | K62: 34 | L62: 0438901399 | M62: Y | N62: RYAN FIELDING | O62: 34 | P62: 0401057399 | Q62: Y | R62: CALLAN STURGEON | S62: 25 | T62: 0400546227 | U62: Y | V62: ISABELLA COXON | W62: 15 | Z62: ANTHONY GAUNT | AA62: 45 | AB62: 0417187900 | AC62: Y | AD62: OP | AE62: Y
A63: 61 | B63: THE MARRONS | C63: Y | D63: SHELDON COXON | E63: 0418905842 | F63: 18 OWSTON ST | G63: MOSMAN PARK | H63: WA 6012 | I63: sheldon@coxongroup.com.au | J63: TIM CARPENTER | K63: 41 | L63: 0423131749 | M63: Y | N63: SHELDON COXON | O63: 47 | P63: 0418905842 | Q63: Y | R63: RAINE KENT | S63: 27 | T63: 0406114766 | U63: Y | V63: ASHLEIGH PLASKETT | W63: 28 | X63: 0405039543 | Y63: Y | Z63: SHELDON COXON | AA63: 47 | AB63: 0418905842 | AC63: Y | AD63: OP | AE63: Y
A64: 62 | B64: 6101 DELTA | D64: JOHN CARTER | E64: 0411620210 | F64: 19A ALDAY ST | G64: ST JAMES | H64: WA 6102 | I64: jpcarter@hotmail.co.uk | J64: HARRY CARTER | K64: 16 | L64: 0481502446 | M64: YY | N64: SIMON TULIP | O64: 58 | P64: 0466774629 | Q64: Y | R64: SIENNA HEPWORTH | S64: 12 | T64: 0405499170 | U64: YY | V64: NE | Z64: JOHN CARTER | AA64: 46 | AB64: 0411620210 | AC64: Y | AD64: OP | AE64: Y
A65: 63 | B65: LEMONIS/TANTIPRASUT LAWYERS | D65: DAVE BERGLUND | E65: 0417921773 | F65: 22a BAY VIEW CRESENT | G65: DUNSBOROUGH | H65: WA 6281 | I65: daveberg1@hotmail.com | J65: GERARD HILL | K65: 22 | L65: 0404416508 | M65: Y | N65: DAVID BERGLUND | O65: 61 | P65: 0417921773 | Q65: Y | R65: TRAVIS NEDERPELT | S65: 34 | T65: 0481266603 | U65: Y | V65: SARAH DACEY | W65: 42 | X65: 0475215519 | Y65: Y | Z65: PHILLIP DEISEL | AA65: 54 | AC65: Y | AD65: OP | AE65: Y
A66: 64 | B66: SHBS | D66: ISABELLA AIRD | E66: 0429201050 | F66: RMB 360 | G66: BRIDGETOWN | H66: WA 6255 | I66: bellaaird@gmail.com | J66: TESS MEECHAM | K66: 21 | M66: N | N66: ALICE HAMILTON | O66: 21 | Q66: N | R66: JAYDE HOPE-BLYTH | S66: 21 | U66: N | V66: NE | Z66: ELLIE BROWN | AA66: 21 | AC66: N | AD66: WO | AE66: Y
A67: 65 | B67: VINTAGE BLACKWOOD | C67: Y | D67: ELIZA DOWLING | E67: 0488775095 | F67: PO BOX 2 | G67: POPANYINNING | H67: WA 6309 | I67: t.w.dowling@bigpond.com | J67: ELIZA DOWLING | K67: 54 | L67: 0488775095 | M67: Y | N67: DENNIS SHIMINSKI | O67: 58 | P67: 0438909092 | Q67: Y | R67: JEMMA REID | S67: 23 | U67: Y | V67: CARMEN BAIRSTOW | W67: 45 | X67: 0407001440 | Y67: Y | Z67: DAVID BICKNELL | AA67: 68 | AB67: 0429926401 | AC67: Y | AD67: OP | AE67: Y | AF67: DRYANDRA EQUESTRIAN CLUB
A68: 66 | B68: UP AND COMING | C68: Y | D68: IAN 't HART | E68: 0497670930 | F68: 21 LEONORA ST | G68: ALBANY | H68: WA 6330 | I68: ithart@jcsa.wa.edu.au | J68: MICHAEL DYMNICKI | K68: 39 | L68: 0417920986 | M68: N | N68: IAN 't HART | O68: 45 | P68: 0497670930 | Q68: Y | R68: DONOVAN CASTELYN | S68: 27 | T68: 0407777855 | U68: N | V68: BRIGITA KOTSI | W68: 34 | X68: 0499091327 | Y68: Y | Z68: NATHAN 't HART | AA68: 18 | AB68: 0405717683 | AC68: Y | AD68: OP | AE68: Y
A69: 67 | B69: BLACKOUT ELECTRICAL | C69: Y | D69: GINA LOOKE | E69: 0428272945 | F69: 2615 BUNNING RD | G69: MT HELENA | H69: WA 6082 | I69: ian.ginalooke@bigpond.com | J69: JOSEFINE WANG | K69: 32 | L69: 0410800773 | M69: Y | N69: IAN LOOKE | O69: 60 | P69: 0428291018 | Q69: Y | R69: SAMUEL LOOKE | S69: 32 | T69: 0427866514 | U69: Y | V69: GINA LOOKE | W69: 57 | X69: 0428272945 | Y69: Y | Z69: CALLUM RIDEOUT | AA69: 32 | AB69: 0450137044 | AC69: Y | AD69: OP | AE69: Y
A70: 68 | B70: THE YOUNG AND THE REST OF US | D70: ASHLEE MENTLEIN | E70: 0422220014 | F70: PO BOX 980 | G70: BRIDGETOWN | H70: WA 6255 | I70: ashlee_jade@westnet.com.au | J70: MATT VUKSANOVIC | K70: 23 | L70: 0466623588 | M70: Y | N70: PATRICK SCALLAN | O70: 60 | Q70: Y | R70: EMMA WATTS | S70: 27 | T70: 0457504647 | U70: Y | V70: NE | Z70: TIM WATTS | AA70: 57 | AD70: OP | AE70: Y
A71: 69 | B71: TEAM SLOTH | D71: JUSTIN MATTHEWS | E71: 0429017069 | F71: 96 BLACKWOOD RD | G71: GREENBUSHES | H71: WA 6254 | I71: jgmatthews@bigpond.com | J71: RAY BOYD | K71: 53 | L71: 0479119960 | M71: Y | N71: TROY VAN DIEMEN | O71: 48 | P71: 0488210846 | Q71: Y | R71: SEBASTIAN BOYD | S71: 20 | U71: Y | V71: NE | Z71: JASON RODGERS | AA71: 48 | AB71: 0419099239 | AC71: Y | AD71: OP | AE71: Y
A72: 70 | B72: DOUG'S TEAM | D72: CRAIG CARTER | E72: 0403974059 | F72: 38 BULIMBA RD | G72: NEDLANDS | H72: WA 6009 | I72: craigandrobyn@optusnet.com.au | J72: JAMES DEWING | K72: 34 | L72: 0400241885 | M72: Y | N72: WARREN SOUTHWELL | O72: 62 | P72: 0407423060 | Q72: Y | R72: HOLLY CORDELL | S72: 31 | T72: 0422525485 | U72: Y | V72: GILLIAN WADDINGTON | W72: 46 | X72: 0408943376 | Y72: Y | Z72: CRAIG CARTER | AA72: 67 | AB72: 0403974059 | AC72: Y | AD72: OP | AE72: Y
A73: 71 | B73: VIOLET FEMMES | D73: CLAUDIA TSCHOPP | E73: 0400212517 | F73: PO BOX 989 | G73: BRIDGETOWN | H73: WA 6255 | I73: tschoppcl@gmail.com | J73: MEL WATERS | K73: 38 | L73: 0428299570 | M73: Y | N73: TENILLE GIBLETT | O73: 34 | P73: 0429106076 | Q73: Y | R73: BROOKE HAMILTON | S73: 39 | T73: 0439947404 | U73: Y | V73: NE | Z73: CLAUDIA TSCHOPP | AA73: 42 | AB73: 0400212517 | AC73: Y | AD73: WO | AE73: Y
A74: 72 | B74: TRACES OF NUTS | D74: TRACY WALLWORK | E74: 0438695434 | F74: 24 WATT ST | G74: SWANBOURNE | H74: WA 6010 | I74: tracyrob@wallworks.com.au | J74: JANE VALENTINE | K74: 56 | L74: 0414934987 | M74: Y | N74: TRACY WALLWORK | O74: 56 | P74: 0411259451 | Q74: Y | R74: SUSAN SANDAY | S74: 72 | T74: 0414240003 | U74: Y | V74: NE | Z74: ERIN KRUK | AA74: 26 | AB74: 0409299073 | AC74: Y | AD74: SL | AE74: Y
A75: 73 | B75: MIXED NUTS | D75: JOHN WRAY | E75: 0410408049 | F75: 93 WOOD ST | G75: SWANBOURNE | H75: WA 6010 | I75: barry.ashwin@bigpond.com | J75: GLEN STEVENS | K75: 60 | L75: 0427472747 | M75: Y | N75: JOHN WRAY | O75: 59 | P75: 0410408049 | Q75: Y | R75: JANE VALENTINE | S75: 56 | T75: 0414934987 | U75: Y | V75: NE | Z75: JOHN WRAY | AA75: 59 | AB75: 0410408049 | AC75: Y | AD75: SV | AE75: Y
A76: 74 | B76: DUX NUTS | D76: BARRY ASHWIN | E76: 0427017396 | F76: 11 WAYEELA PL | G76: CITY BEACH | H76: WA 6015 | I76: barry.ashwin@bigpond.com | J76: STEVE STANDING | K76: 58 | L76: 0407767801 | M76: Y | N76: BARRY ASHWIN | O76: 58 | P76: 0427017396 | Q76: Y | R76: BARRY ASHWIN | S76: 58 | T76: 0427017396 | U76: Y | V76: JEFFERY GATES | W76: 54 | X76: 0412065733 | Y76: Y | Z76: STEVE STANDING | AA76: 58 | AB76: 0407767801 | AC76: Y | AD76: SV | AE76: Y
A77: 75 | B77: KIMBERLEY CLUB | D77: JANE GILLHAM | E77: 0417983419 | F77: 13 CYPRESS BRACE | G77: DUNSBOROUGH | H77: WA 6281 | I77: gilham.jane@gmail.com | J77: JULIE WALTERS | K77: 55 | L77: 0430591864 | M77: Y | N77: JONATHON EVANS | O77: 43 | P77: 0422305774 | Q77: Y | R77: GRANT FAWCETT | S77: 49 | T77: 0438984633 | U77: Y | V77: JANE GILLHAM | W77: 45 | X77: 0417983419 | Y77: Y | Z77: WAYNE DAVIES | AA77: 53 | AB77: 0402346629 | AC77: Y | AD77: VE | AE77: Y | AF77: Y | AH77: PASSION OF FIRE - 'JESTER' | AI77: H 28/5 | AL77: Moora Horsemens
A78: 76 | B78: COUCH POTATOES | D78: MADISON MOULE | E78: 0447810071 | F78: PO BOX 611 | G78: KALBARRI | H78: WA 6536 | I78: madison.jm@bigpond.com | J78: HARRISON ROUT | K78: 16 | L78: 0491467889 | M78: YY | N78: MADISON MOULE | O78: 16 | P78: 0447810071 | Q78: YY | R78: JORDAN WEST | S78: 16 | T78: 0477251981 | U78: YY | V78: NE | Z78: HARRISON ROUT | AA78: 16 | AB78: 0491467889 | AC78: YY | AD78: U8 | AE78: Y
A79: 77 | B79: GERRY HATRICKS | C79: Y | D79: VERN GOUGH | E79: 0438398825 | F79: 3 BARUNA CRT | G79: MANDURAH | H79: WA 6210 | I79: skipa@iinet.net.au | J79: ROB CARLESS | K79: 62 | L79: 0419910216 | M79: Y | N79: VERN GOUGH | O79: 71 | P79: 0419201411 | Q79: Y | R79: VERN GOUGH | T79: 0438398825 | U79: Y | V79: NE | Y79: Y | Z79: GREG COCKRAM | AC79: Y | AD79: SV | AE79: Y
A80: 78 | B80: SHAKE'n'BAKE | D80: ROB JARRETT | E80: 0412581348 | F80: 28CASULA AVE | G80: COODANUP | H80: WA 6210 | I80: robbie_jay@hotmail.com | J80: NATHAN JAMIESON | K80: 35 | N80: ROB JARRETT | O80: 54 | P80: 0412581348 | Q80: Y | R80: MICHAEL FRIEND | S80: 46 | T80: 0418226465 | V80: NE | Z80: JOHN QUINN | AA80: 57 | AB80: 0413524524 | AD80: OP | AE80: Y
A81: 79 | B81: LIFESPORTS TEAM SHANK | D81: TRISH DAVIES | E81: 0429644055 | F81: PO BOX 954 | G81: BRIDGETOWN | H81: WA 6255 | I81: trish@lifesports.com.au | J81: RUSSELL FORREST | N81: DAVE CAMPBELL | P81: 0474086321 | Q81: N | R81: PETER VOWLES | T81: 0417970920 | V81: NE | Z81: ANDREW CHADWICK | AD81: VE | AE81: Y
A82: 80 | B82: TEAM MOORE | D82: FELICITY MOORE | E82: 0430477106 | F82: 98 TERRACE RD | G82: GUILDFORD | H82: WA 6055 | I82: flissmunro@hotmail.com | J82: ISAAC MOORE | K82: 16 | L82: 0411634164 | M82: YY | N82: FELICITY MOORE | O82: 34 | P82: 0430477106 | Q82: Y | R82: FELICITY MOORE | S82: 34 | T82: 0430477106 | U82: Y | V82: NE | Z82: SIMON MOORE | AA82: 38 | AB82: 0466080791 | AC82: Y | AD82: OP | AE82: Y
A83: 81 | B83: RACING RUGRATS | D83: KEITH YARDLEY | E83: 0427913232 | F83: PO BOX 1821 | G83: BUNBURY | H83: WA 6230 | I83: keith.tracieyardley@yahoo.com | J83: KEITH YARDLEY | K83: 56 | L83: 0427913232 | M83: Y | N83: JAMES DUNCAN | O83: 49 | P83: 0419941379 | Q83: Y | R83: GEORGE WILLIAMS | S83: 62 | U83: Y | V83: NE | Z83: EVIE DEL PASSO | AA83: 14 | AC83: YY | AD83: OP | AE83: Y
A84: 82 | B84: LIFESPORTS - TEAM FITZY | D84: TRISH DAVIES | E84: 0429644055 | F84: PO BOX 954 | G84: BRIDGETOWN | H84: WA 6255 | I84: trish@lifesports.com.au | J84: CAMERON HAYES | N84: JUSTIN FITZPATRICK | O84: 42 | P84: 0488227726 | R84: KAIDEN RICHINGS | V84: SARAH MUELLER | W84: 30 | X84: 0416318575 | Z84: ALAN BURMAN | AD84: OP | AE84: Y
A85: 83 | B85: ANY IDEAS | D85: BEC PICCOLI | E85: 0402656605 | F85: 28A PAINE COURT | G85: KARRINYUP | H85: WA 6018 | I85: becpiccoli@gmail.com | J85: MARC RADAIC | K85: 40 | L85: 0448440229 | M85: Y | N85: JILL HUNTER | O85: 40 | P85: 0411166246 | Q85: Y | R85: JUSTIN PREBBLE | S85: 39 | T85: 0407723471 | U85: Y | V85: SAMANTHA CHUDLEIGH | W85: 54 | X85: 0421825286 | Y85: Y | Z85: ANDREW PICCOLI | AA85: 35 | AB85: 0400719215 | AC85: Y | AD85: OP | AE85: Y
A86: 84 | B86: LIFESPORTS THE BOYS | D86: TRISH DAVIES | E86: 0429644055 | F86: PO BOX 954 | G86: BRIDGETOWN | H86: WA 6255 | I86: trish@lifesports.com.au | J86: KYLE WILSON | K86: 19 | N86: DYLAN McKAY | O86: 18 | R86: TIM DAVIES | V86: NE | Z86: TOBY WARD | AA86: 19 | AD86: OP | AE86: Y
A87: 85 | B87: LIFESPORTS LEGENDS | D87: TRISH DAVIES | E87: 0429644055 | F87: PO BOX 954 | G87: BRIDGETOWN | H87: WA 6255 | I87: trish@lifesports.com.au | J87: LEWIS RICHINGS | K87: 17 | N87: BRETT DAVIES | O87: 16 | R87: SINEAD ELAM | S87: 16 | V87: ESTELLE MUNDAY | Z87: BEN RODGERS | AA87: 17 | AD87: U8
A88: 86 | B88: CHICKEN DINNERS | D88: JOSH PONTON | E88: 0477001809 | F88: 205 PADBURY AVE | G88: MILLENDON | H88: WA 6056 | I88: jlponton@bigpond.com | J88: JOSH O'HART | K88: 34 | L88: 0411296483 | M88: Y | N88: STEVE KANE | O88: 41 | P88: 0410525536 | Q88: Y | R88: STEVE KANE | S88: 41 | T88: 0410525536 | U88: Y | V88: MADISON TRISTRAM | W88: 20 | X88: 0429685331 | Y88: Y | Z88: JOSH PONTON | AA88: 18 | AB88: 0477001809 | AC88: Y | AD88: OP | AE88: Y
A89: 87 | B89: THE HAIRY CLACKERS | D89: ROSLYN HOUSTON | E89: 0466511797 | F89: 14D ARNOTT COURT | G89: KELMSCOTT | H89: WA 6111 | I89: houston.roslyn@yahoo.com | J89: KSRYN PORTER | K89: 36 | M89: Y | N89: MAREE AINSWORTH | O89: 57 | Q89: Y | R89: SIAN OWEN | S89: 54 | U89: Y | V89: ROSLYN HOUSTON | W89: 44 | Y89: Y | Z89: JASON FERRIS | AA89: 49 | AC89: Y | AD89: VE | AE89: Y
A90: 88 | B90: THE COIGHT'S | D90: OSKAR BOLSENBROOK | E90: 0417977382 | F90: 35 HILL RD | G90: ROLEYSTONE | H90: WA 6111 | I90: oskarb123@gmail.com | J90: OSKAR BOLSENBROOK | K90: 49 | L90: 0417977382 | M90: Y | N90: MITCH SPENCER | O90: 32 | P90: 0422056813 | Q90: Y | R90: MITCH SPENCER | S90: 32 | T90: 0422056813 | U90: Y | V90: OSKAR BOLSENBROOK | W90: 49 | X90: 0417977382 | Y90: Y | Z90: OSKAR BOLSENBROOK | AA90: 49 | AB90: 0417977382 | AC90: Y | AD90: OP
A91: 89 | B91: LIFESPORTS - MR BILL | D91: TRISH DAVIES | E91: 0429644055 | F91: PO BOX 954 | G91: BRIDGETOWN | H91: WA 6255 | I91: trish@lifesports.com.au | J91: BRETT WILSON | L91: 0428901169 | M91: N | N91: VINCE JUREWICZ | O91: 55 | P91: 0429611970 | R91: JENNILEE VAN ROOYEN | V91: MEGAN RICHARDS | X91: 0427045812 | Y91: N | Z91: LUKAS BAKER | AD91: OP
A92: 90 | B92: 6101 ALPHA | D92: VICKI ARVIDSON | E92: 0497312307 | F92: 3 PALM PLACE | G92: WILSON | H92: WA 6107 | I92: colinarvo@iprimus.com.au | J92: DAVE HARRISON | K92: 48 | L92: 0438911836 | M92: Y | N92: COLIN ARVIDSON | O92: 51 | P92: 0466136626 | Q92: Y | R92: JARVIS HILL | S92: 15 | U92: YY | V92: NE | Z92: GLEN BURGESS | AA92: 47 | AC92: Y | AD92: OP | AE92: Y
A93: 91 | B93: 6101 BRAVO | D93: ALANA HEPWORTH | E93: 0405499170 | F93: 19 NORTHAMPTON ST | G93: EAST VIC PARK | H93: WA 6101 | I93: ashepworth@bigpond.com | J93: KAREN MARTIN | K93: 45 | L93: 0424064726 | M93: Y | N93: SARAH BAILEY | O93: 44 | P93: 0415899028 | Q93: Y | R93: ANNE MAGENNIS | S93: 48 | T93: 0432323702 | U93: Y | V93: NE | Z93: ALANA HEPWORTH | AA93: 43 | AB93: 0405499170 | AC93: Y | AD93: LV | AE93: Y
A94: 92 | B94: 6101 CHARLIE | D94: AL BREEN | E94: 0412939924 | F94: 96 TEAGUE ST | G94: VICTORIA PARK | H94: WA 6100 | I94: jessbreen28@gmail.com | J94: RICHARD LOMEN | K94: 36 | L94: 0467903575 | M94: Y | N94: MARK CASSIDY | O94: 48 | P94: 0408097654 | Q94: Y | R94: LUCY BREEN | S94: 16 | T94: 0411137145 | U94: Y | V94: NE | Z94: AL BREEN | AA94: 49 | AB94: 0412939920 | AC94: Y | AD94: OP | AE94: Y
A95: 93 | B95: 6101 GOLF | D95: VICKI ARVIDSON | E95: 0497312307 | F95: 3 PALM PLACE | G95: WILSON | H95: WA 6107 | I95: colinarvo@iprimus.com.au | J95: GRACE HEPWORTH | K95: 14 | L95: 0405499170 | M95: YY | N95: BRAD SCULLY | O95: 47 | P95: 0405774087 | Q95: Y | R95: MAREK LUKASIC | S95: 46 | U95: Y | V95: NE | Z95: JADE ARVIDSON | AA95: 16 | AB95: 0497312307 | AC95: YY | AD95: OP | AE95: Y
A96: 94 | B96: 6101 FOXTROT | D96: KERRI RICHARDS-SCULLY | E96: 0414907271 | F96: 15 HAMPSHIRE ST | G96: EAST VIC PARK | H96: WA 6101 | I96: thescullys@aapt.net.au | J96: SIMON HEPWORTH | K96: 48 | L96: 0437488277 | M96: Y | N96: SIMON HEPWORTH | O96: 48 | P96: 0437488277 | Q96: Y | R96: RUBY BURGESS | S96: 48 | T96: 0408051968 | U96: Y | V96: NE | Z96: KERRI RICHARDS-SCULLY | AA96: 45 | AB96: 0414907271 | AC96: Y | AD96: OP | AE96: Y
A97: 95 | B97: 6101 ECHO | D97: JESS BREEN | E97: 0412939920 | F97: 96 TEAGUE ST | G97: VICTORIA PARK | H97: WA 6100 | I97: arbreen12@gmail.com | J97: DOMINICK PONTRE | K97: 41 | L97: 0424561701 | M97: Y | N97: GERRY KELLY | O97: 50 | P97: 0406966074 | Q97: Y | R97: JESS BREEN | S97: 48 | T97: 0412939924 | U97: Y | V97: NE | Z97: DAVID FORD | AA97: 54 | AB97: 0408108531 | AC97: Y | AD97: OP | AE97: Y
A98: 96 | B98: STRAY ANIMALS | D98: RAYMOND YONG | E98: 0404315243 | F98: 7 CHANDLER AVE EAST | G98: FLOREAT | H98: WA 6014 | I98: ryong03@gmail.com | J98: MILES DRACUP | K98: 60 | L98: 0409352833 | M98: Y | N98: MARK CRAKE | O98: 63 | P98: 0468875355 | Q98: Y | R98: RAYMOND YONG | S98: 59 | T98: 0404315243 | U98: Y | V98: NE | Z98: JAMES DRACUP | AA98: 27 | AB98: 0434900228 | AC98: Y | AD98: OP | AE98: Y
A99: 97 | B99: THE BACKMARKERS | D99: NIGEL HAWKE | E99: 0429479467 | F99: 69 KURANNUP RD | G99: ALBANY | H99: WA 6330 | I99: nigel.hawke@elders.com.au | J99: LAURA ARCHER | K99: 25 | L99: 0428759795 | M99: Y | N99: BRENDAN MEADE | O99: 45 | P99: 0428611515 | Q99: Y | R99: JOE HAWKE | S99: 14 | T99: 0429479462 | U99: YY | V99: NIGEL HAWKE | W99: 48 | X99: 0429479467 | Y99: Y | Z99: RICHARD DAVY | AA99: 52 | AB99: 0427473013 | AC99: Y | AD99: OP | AE99: Y
A100: 98 | B100: BLACKWOOD BANDITOS | D100: TANIA STEBER | E100: 0477175792 | F100: 45 HAMPSHIRE ST | G100: EAST VIC PARK | H100: WA 6101 | I100: tania.steber@gmail.com | J100: JANINE WAIDE | K100: 46 | L100: 0412233131 | M100: Y | N100: JANE LIDDLE | O100: 57 | P100: 0433411996 | Q100: Y | R100: BRIDGET KELLETT | S100: 40 | T100: 0477530090 | U100: Y | V100: NE | Z100: TANIA STEBER | AA100: 41 | AB100: 0477175792 | AC100: Y | AD100: LV | AE100: Y
...

Sheet 2018
A1: No. | B1: TEAM NAME | C1: Paid | D1: MANAGERS | E1: PHONE | F1: ADDRESS1 | G1: ADDRESS2 | H1: ADDRESS3 | I1: EMAIL | J1: RUNNER | N1: CANOE | R1: SWIM | V1: EQUESTRIAN | Z1: CYCLE | AD1: CAT | AE1: SIGN | AF1: NOTES | AG1: HOW PAY | AH1: THOROUGHBRED | AI1: THOROUGHBRED | AJ1: STANDARDBRED | AK1: STANDARDBRED | AL1: CLUB
B2: 43399 | J2: SURNAME | K2: AGE | L2: PHONE | M2: SIGN | N2: SURNAME | O2: AGE | P2: PHONE | Q2: SIGN | R2: SURNAME | S2: AGE | T2: PHONE | U2: SIGN | V2: SURNAME | W2: AGE | X2: PHONE | Y2: SIGN | Z2: SURNAME | AA2: AGE | AB2: PHONE | AC2: SIGN | AH2: NAME | AI2: BRAND | AJ2: NAME | AK2: BRAND
A3: 1 | B3: BRIDGETOWN TEARAWAYS | C3: Y | D3: RIC WHEATLEY | E3: 0427501207 | F3: 1584 WINNEJUP RD | G3: BRIDGETOWN | H3: WA 6255 | I3: apwheatley@bigpond.com | J3: KATHERINE ROSINSKI | K3: 68 | L3: 97721240 | M3: Y | N3: MARTY WALLACE | P3: 0417904842 | Q3: Y | R3: ANDREW HICKEY | S3: 57 | T3: 0419924993 | V3: RIC WHEATLEY | W3: 64 | X3: 97617507 | Y3: Y | Z3: BARRY SHEPHARD | AA3: 73 | AB3: 97611171 | AC3: Y | AD3: SV | AE3: Y | AJ3: KEVIN
A4: 2 | B4: RUSTY IRONMEN BLUE | C4: Y | D4: CLIVE CHOATE | E4: 0422124908 | F4: 16 KEPPEL MEWS | G4: HALLS HEAD | H4: WA 6210 | I4: choate@westnet.com.au | J4: JIM LANGFORD | M4: Y | N4: MATT RITIKIS | O4: 54 | Q4: Y | R4: ETHAN NORRIS | S4: 47 | U4: Y | V4: LINDA YATES | Y4: Y | Z4: IAN WOOKEY | AA4: 68 | AC4: Y | AD4: SV | AE4: Y
A5: 3 | B5: RUSTY IRONMEN RED | C5: Y | D5: CLIVE CHOATE | E5: 0422124908 | F5: 16 KEPPEL MEWS | G5: HALLS HEAD | H5: WA 6210 | I5: choate@westnet.com.au | J5: STEPHEN BROWN | K5: 57 | M5: Y | N5: CHRIS BOOCOCK | Q5: Y | R5: JULIA NORRIS | S5: 45 | U5: Y | V5: MICHAEL BUTLER | Y5: Y | Z5: STEELE BISHOP | AA5: 65 | AC5: N | AD5: SV | AE5: Y | AH5: FRAPPA | AL5: BROOK HUNT CLUB
A6: 4 | B6: RUSTY IRONMEN GREEN | C6: Y | D6: CLIVE CHOATE | E6: 0422124908 | F6: 16 KEPPEL MEWS | G6: HALLS HEAD | H6: WA 6210 | I6: choate@westnet.com.au | J6: JULIE BOYD | M6: Y | N6: JOHN REYNOLDS | Q6: Y | R6: JUSTIN HARRIS | U6: Y | V6: BOBBY SPENCE | Y6: Y | Z6: DALE WESLEY | AC6: Y | AD6: SV | AE6: Y
A7: 5 | B7: 50 IS THE NEW 30 | C7: Y | D7: JANE WHEELER | E7: 0427717959 | F7: PO BOX 558 | G7: BRIDGETOWN | H7: WA 6255 | I7: wheelerjane29@gmail.com | J7: KAREN ROYER | K7: 57 | L7: 0457190545 | M7: Y | N7: ALISON WHEATLEY | O7: 58 | P7: 0427617507 | Q7: Y | R7: JANE WHEELER | S7: 55 | T7: 0427717959 | U7: Y | V7: RAYLENE WATSON | W7: 54 | Z7: LINDA VOWLES | AA7: 54 | AB7: 0417588651 | AC7: Y | AD7: SL | AE7: Y | AL7: WEARA
A8: 6 | B8: RUSTY IRONMEN BLACK | C8: Y | D8: CLIVE CHOATE | E8: 0422124908 | F8: 16 KEPPEL MEWS | G8: HALLS HEAD | H8: WA 6210 | I8: choate@westnet.com.au | J8: STEVE WISEMAN | M8: Y | N8: GRANT TOMLINSON | Q8: Y | R8: ERICA THOMAS | U8: Y | V8: SAMANTHA CLEVELAND | Y8: Y | Z8: MARK HOOKWAY | AC8: Y | AD8: VE
A9: 7 | B9: GEEGEELUP RACERS | C9: Y | D9: MICK DEWING | E9: 041790398 | F9: PO BOX 257 | G9: BRIDGETOWN | H9: WA 6255 | I9: mdewing@iinet.net.au | J9: CAMERON BARKER | K9: 33 | L9: 0421451167 | M9: Y | N9: MICK DEWING | O9: 68 | P9: 0417903987 | Q9: Y | R9: JOHN MONCRIEFF | S9: 67 | T9: 0432105754 | U9: Y | V9: KEELY ANGEL | W9: 17 | X9: 97612215 | Y9: Y | Z9: MIKE VAN DUIJNHOVEN | AA9: 70 | AB9: 0428327366 | AC9: Y | AD9: OP | AE9: Y
A10: 8 | B10: HAVANA CLUB | C10: Y | D10: GLEN HOLST | E10: 0419850643 | F10: PO BOX 120 | G10: BRIDGETOWN | H10: WA 6255 | I10: admin@glenholst.com.au | J10: AMBROSE FOLEY | K10: 18 | L10: 0467266545 | M10: Y | N10: GLEN HOLST | O10: 57 | P10: 0419850643 | Q10: Y | R10: JULIAN MILLS | S10: 54 | T10: 0418942535 | U10: Y | V10: EMMA PANIZZA | W10: 30 | X10: 0428740442 | Y10: Y | Z10: CLAUDE QUINONES | AA10: 60 | AB10: 0410479452 | AC10: Y | AD10: OP
A11: 9 | B11: SMASHING KREBS | C11: Y | D11: SHAUN FINCH | E11: 0421637669 | F11: PO BOX 180 | G11: BRIDGETOWN | H11: WA 6255 | I11: saf57@iinet.net.au | J11: DAVID FIELD | K11: 46 | L11: 0417173549 | M11: Y | N11: TIM MULCAHY | O11: 45 | P11: 0418489710 | Q11: Y | R11: JOHANNA VAN ROOYEN | S11: 45 | T11: 0414854864 | U11: Y | V11: AARON BAZELEY | W11: 43 | X11: 0418238231 | Y11: Y | Z11: MIKE HOAR | AA11: 45 | AB11: 97611222 | AC11: Y | AD11: VE | AE11: Y | AG11: EFT | AH11: TOSS AND SPIN(IMABUTU | AI11: G P 9/7(Lazy g ow 139/7)
A12: 10 | B12: RUSTY IRONMEN GOLD | C12: Y | D12: CLIVE CHOATE | E12: 0422124908 | F12: 16 KEPPEL MEWS | G12: HALLS HEAD | H12: WA 6210 | I12: choate@westnet.com.au | J12: ROSS LANGFORD | M12: Y | N12: PAUL DEVONPORT | Q12: Y | R12: LYLE KILDEA | U12: Y | V12: LYNETTE AVINS | Y12: Y | Z12: ADRIAN PERRY | AC12: Y | AD12: VE | AE12: Y
A13: 11 | B13: FIVE ABREAST | D13: DIANNE HOLLETT | E13: 0431184436 | F13: PO BOX 249 | G13: BRIDGETOWN | H13: WA 6255 | I13: bigholl@westnet.com.au | J13: DIANE HOLLETT | K13: 57 | L13: 0431184436 | M13: Y | N13: LYN WHITNEY | O13: 63 | P13: 97611238 | Q13: Y | R13: KYLIE ENGLISH | S13: 53 | V13: VIKTORIA CHLAPIK | W13: 37 | X13: 0499143219 | Y13: Y | Z13: NICKY CAREY | AA13: 49 | AB13: 0468945626 | AC13: Y | AD13: SL | AE13: Y | AF13: Y | AH13: ROCK OF HONOUR | AL13: BROOK HUNT CLUB
A14: 12 | B14: TEAM ROAD KILL | C14: Y | D14: DANIEL THOMPSON | E14: 0400038618 | F14: UNIT 8/17 ALGA ST | G14: SCARBOROUGH | H14: WA 6019 | I14: djthompson100@gmail.com | J14: FRANCES CAULFIELD | K14: 29 | L14: 0429703719 | M14: Y | N14: DANIEL THOMPSON | O14: 28 | P14: 0400038618 | Q14: Y | R14: RASHEEN LEE | S14: 29 | T14: 427663641 | U14: Y | V14: N/A | Z14: BRENTON TIDOW | AA14: 29 | AB14: 0429009384 | AC14: Y | AD14: OP | AE14: Y | AG14: EFT
A15: 13 | B15: MUMS ON THE RUN | C15: Y | D15: STEPHANIE PARNELL | E15: 0430476460 | F15: 5 LAMB AVE | G15: BENTLEY | H15: WA 6102 | I15: stephanie.a.parnell@hotmail.com | J15: STEPHANIE PARNELL | K15: 36 | L15: 0430476460 | M15: Y | N15: SUE DEERING | O15: 44 | P15: 0414848712 | Q15: Y | R15: BIANCA BESTON | S15: 37 | T15: 0431719066 | U15: Y | V15: N/A | Z15: CHERIE LOMEN | AA15: 35 | AB15: 0420521340 | AC15: Y | AD15: WO | AE15: Y
A16: 14 | B16: MONGER MONGRELS | C16: Y | D16: DEAN ZEC | E16: 04248600761 | F16: 26 KURRAJONG PL | G16: GREENWOOD | H16: WA 6024 | I16: dean.zec@msasafety.com | J16: STEVE PREECE | K16: 49 | M16: Y | N16: SCOTT WOOLDRIDGE | O16: 51 | P16: 0424813680 | Q16: Y | R16: DEAN ZEC | S16: 51 | T16: 0428600761 | U16: Y | V16: N/A | Z16: JON ELLIOTT | AA16: 53 | AB16: 0412289801 | AC16: Y | AD16: VE | AE16: Y | AG16: EFT
A17: 15 | B17: NOT ASSIGNED
A18: 16 | B18: TEAM POLINA 2 | C18: Y | D18: PAULA PROCTER | E18: 0400452760 | F18: 4 PETERS WAY | G18: BIBRA LAKE | H18: WA 6163 | I18: ppprocter@hotmail.com | J18: ANDREW HOLYOAKE | K18: 29 | L18: 0431856159 | M18: Y | N18: LAUREN DYSON | O18: 33 | P18: 401211491 | Q18: Y | R18: GRACE BORRELLO | S18: 26 | T18: 0428232389 | U18: Y | V18: MONEEKA ANGEL | W18: 30 | X18: 0419092448 | Y18: Y | Z18: ANDREW HOLYOAKE | AA18: 29 | AB18: 0431856159 | AC18: Y | AD18: OP | AE18: Y | AL18: SOUTHERN FOREST
A19: 17 | B19: FIVE ALIVE | C19: Y | D19: KATHRYN KNOLL | E19: 0428428705 | F19: PO BOX 596 | G19: DONNYBROOK | H19: WA 6239 | I19: knollcando@westnet.com.au | J19: SILVANA DE ZOTTI | K19: 46 | L19: 0407010023 | M19: Y | N19: KATHRYN KNOLL | O19: 51 | P19: 0427427705 | Q19: Y | R19: BRENDON BUNNING | S19: 62 | T19: 0458224230 | V19: CAITLIN LIEBMANN-REIMERS | W19: 41 | X19: 0411161872 | Y19: Y | Z19: LEIGHTON KNOLL | AA19: 57 | AB19: 0427427705 | AC19: Y | AD19: SV | AE19: Y
A20: 18 | B20: RUSTY IRONMEN PINK | C20: Y | D20: CLIVE CHOATE | E20: 0422124908 | F20: 16 KEPPEL MEWS | G20: HALLS HEAD | H20: WA 6210 | I20: choate@westnet.com.au | J20: ANGELA MILNE | M20: Y | N20: JULIET OLSEN | Q20: Y | R20: JAN DUNSTAN | U20: Y | V20: AMANDA MORGAN | Y20: Y | Z20: NAOMI EDMUNDS | AC20: Y | AD20: SL
A21: 19 | B21: MIXED BAG | C21: Y | D21: KIRSTY MOYNIHAN | E21: 0416219971 | F21: PO BOX 3030 | G21: SHELLEY | H21: WA 6148 | I21: kirsty_v@yahoo.com.au | J21: LISA BAILIE | K21: 42 | L21: 0408293441 | M21: Y | N21: JASON MOYNIHAN | O21: 44 | P21: 0412304777 | Q21: Y | R21: KIRSTY MOYNIHAN | S21: 46 | T21: 0416219971 | U21: Y | V21: N/A | Z21: CRAIG HUXTABLE | AA21: 37 | AB21: 0476549781 | AC21: Y | AD21: OP | AE21: Y
A22: 20 | B22: DOGS OF WAR | C22: Y | D22: JUSTIN KELLY | E22: 0439414882 | F22: 12 ALISON RD | G22: ATTADALE | H22: WA 6156 | I22: justin.kelly@woodgroup.com | J22: JUSTIN KELLY | K22: 38 | L22: 0439414882 | M22: Y | N22: JAMES RHYS | O22: 39 | P22: 0449231345 | Q22: Y | R22: KIM STANES | S22: 38 | T22: 0425625680 | U22: Y | V22: AOIFE QUINN | W22: 26 | X22: 0487046552 | Y22: Y | Z22: ALEXANDER LOCKETT | AA22: 39 | AB22: 0475513203 | AC22: Y | AD22: OP | AE22: Y | AI22: LUBALISTIC | AJ22: XX5 7/8 | AL22: BROOK HUNT CLUB
A23: 21 | B23: TEAM POLINA | C23: Y | D23: PAULA PROCTER | E23: 0400452760 | F23: 4 PETERS WAY | G23: BIBRA LAKE | H23: WA 6163 | I23: ppprocter@hotmail.com | J23: LYNLEY SHEHAN | K23: 54 | L23: 0421237299 | M23: Y | N23: PAUL PROCTER | O23: 60 | P23: 0427776623 | Q23: Y | R23: ELIZA BORRELLO | S23: 31 | T23: 0488902302 | U23: Y | V23: JANE BENTLEY | W23: 33 | X23: 0414252818 | Y23: Y | Z23: TERRY SHEHAN | AA23: 55 | AB23: 0408903249 | AC23: Y | AD23: OP | AE23: Y | AG23: EFT | AH23: MR T | AI23: ? | AL23: Warren Horsemen's
A24: 22 | B24: THE BROWN CROWES | C24: Y | D24: RACHEL BROWN | E24: 0427777497 | F24: PO BOX 57 | G24: GINGIN | H24: WA 6503 | I24: guinness85@live.com | J24: LUKE CROWE | K24: 35 | L24: 0427386952 | M24: Y | N24: KATY ALDRIDGE | O24: 33 | P24: 0418462008 | Q24: Y | R24: PETER CROWE | S24: 63 | T24: 0427385287 | U24: Y | V24: N/A | Z24: CHRISTOPHER BROWN | AA24: 33 | AB24: 0400215022 | AC24: Y | AD24: OP | AE24: Y | AG24: EFT
A25: 23 | B25: RUSTY IRONMEN PURPLE | C25: Y | D25: CLIVE CHOATE | E25: 0422124908 | F25: 16 KEPPEL MEWS | G25: HALLS HEAD | H25: WA 6210 | I25: choate@westnet.com.au | J25: SARAH HULL | K25: 53 | M25: Y | N25: MELISSA MARTYN | O25: 49 | Q25: Y | R25: JANE THOMAS | S25: 56 | U25: Y | V25: ABBEY MORGAN | W25: 14 | Y25: YY | Z25: VIVIENNE HAYNES | AA25: 69 | AC25: Y | AD25: WO | AE25: Y
A26: 24 | B26: RUSTY IRONMEN WHITE | C26: Y | D26: CLIVE CHOATE | E26: 0422124908 | F26: 16 KEPPEL MEWS | G26: HALLS HEAD | H26: WA 6210 | I26: choate@westnet.com.au | J26: JOHN REYBURN | K26: 64 | M26: Y | N26: CLIVE CHOATE | O26: 66 | Q26: Y | R26: ESTHER CUSWORTH | S26: 41 | U26: Y | V26: LOUISE CLIFTON | W26: 14 | Y26: YY | Z26: TREANA BENZ | AA26: 52 | AC26: Y | AD26: OP
A27: 25 | B27: BADGER BEATERS | C27: Y | D27: WADE EMMELUTH | E27: 0450954179 | F27: 137 FLINDERS ST | G27: MT HAWTHORN | H27: WA 6016 | I27: Wade.Emmeluth@outlook.com | J27: KYLE STAINSBY | K27: 18 | L27: 0459992285 | M27: Y | N27: GLENN HUTCHINGS | P27: 0459992285 | Q27: Y | R27: AINSLIE HUTCHINGS | T27: 0407954003 | U27: Y | V27: N/A | Z27: WADE EMMELUTH | AA27: 53 | AB27: 0450954179 | AC27: Y | AD27: OP | AE27: Y
A28: 26 | B28: RUSTY IRONMEN SILVER | C28: Y | D28: CLIVE CHOATE | E28: 0422124908 | F28: 16 KEPPEL MEWS | G28: HALLS HEAD | H28: WA 6210 | I28: choate@westnet.com.au | J28: IAN STEPHENSON | K28: 46 | M28: Y | N28: JOE FORD | Q28: Y | R28: SHAWNALESE NORRIS | S28: 17 | U28: YY | V28: PAIGE HARRISON | W28: 16 | Y28: YY | Z28: LAURIE LONGWORTH | AA28: 59 | AC28: Y | AD28: OP
A29: 27 | B29: FLICK, KATH AND MARGE | C29: Y | D29: KATHRYN BATCHELOR | E29: 0437882253 | F29: 15 VIEW TCE | G29: DARLINGTON | H29: WA 6070 | I29: Kathryn.Batchelor@csiro.au | J29: FELICITY STEELE | K29: 45 | L29: 0407798074 | M29: Y | N29: FELICITY STEELE | O29: 45 | P29: 0407798074 | Q29: Y | R29: KATHRYN BATCHELOR | S29: 45 | T29: 0437882253 | U29: Y | V29: MARGE OJAPOLD | W29: 29 | Y29: Y | Z29: KATHRYN BATCHELOR | AA29: 45 | AB29: 0437882253 | AC29: Y | AD29: LV | AE29: Y | AH29: CHECK NAME
A30: 28 | B30: RUSTY IRONMEN INDIGO | C30: Y | D30: CLIVE CHOATE | E30: 0422124908 | F30: 16 KEPPEL MEWS | G30: HALLS HEAD | H30: WA 6210 | I30: choate@westnet.com.au | J30: JOHN ALLEN | K30: 61 | M30: Y | N30: IAN THOMPSON | O30: 62 | Q30: Y | R30: GLENDA HURTADO | S30: 57 | U30: Y | V30: N/A | Z30: DAVE BERGLUND | AA30: 60 | AC30: Y | AD30: SV
A31: 29 | B31: DARKAN PNUTS | C31: Y | D31: NATHAN CUTHBERT | E31: 0459160702 | F31: LOT 135 COALFIELD HWY | G31: DARKAN | H31: WA 6392 | I31: nathan.cuthbert@landmark.com.au | J31: NATHAN CUTHBERT | K31: 43 | L31: 0459160702 | M31: Y | N31: DEAN KING | P31: 0427809960 | Q31: Y | R31: RYAN WILKE | S31: 39 | T31: 0429361104 | U31: Y | V31: N/A | Z31: SCOTT EWEN | AA31: 42 | AB31: 0427361227 | AC31: Y | AD31: OP | AE31: Y | AG31: EFT
A32: 30 | B32: THE MAGNIFICENT 7 | C32: Y | D32: ISABELLA COXON | E32: 0498998881 | F32: 18 OWSTON ST | G32: MOSMAN PARK | H32: WA 6012 | I32: isabella@coxongroup.com.au | J32: JULIE BISHOP | K32: 47 | L32: 0438477770 | M32: Y | N32: GEOGINA BYASS | O32: 14 | P32: 0448864173 | Q32: YY | R32: CAL STURGEON | S32: 24 | T32: 0400546227 | U32: Y | V32: ISABELLA COXON | W32: 14 | X32: 0498998881 | Y32: YY | Z32: JULIE BISHOP | AA32: 47 | AB32: 0438477770 | AC32: Y | AD32: OP | AE32: Y
A33: 31 | B33: TERRACE ROADIES | C33: Y | D33: HELKE MELVILLE | E33: 0400560145 | F33: 97 TERRACE RD | G33: GUILDFORD | H33: WA 6055 | I33: helkiedelk@hotmail.com | J33: JAMES MELVILLE | K33: 40 | L33: 0417932359 | M33: Y | N33: HELKE MELVILLE | O33: 33 | P33: 0400560145 | Q33: Y | R33: FELICITY MOORE | S33: 33 | T33: 0430477106 | U33: Y | V33: N/A | Z33: SIMON MOORE | AA33: 37 | AB33: 0466080791 | AC33: Y | AD33: OP | AE33: Y
A34: 32 | B34: FOOTHILLS - GREEN | C34: Y | D34: PAT BERESFORD | E34: 0447722747 | F34: 140 ELLIOTT RD | G34: SCARBOROUGH | H34: WA 6019 | I34: patberesford2812@gmail.com | J34: JOANNE WHEAT | K34: 43 | M34: Y | N34: LEIGH COAKER | O34: 42 | P34: 0417967155 | Q34: Y | R34: FLEUR COAKER | S34: 41 | T34: 0430500939 | U34: Y | V34: N/A | Z34: PAT BERESFORD | AA34: 67 | AB34: 0447722747 | AC34: Y | AD34: VE | AE34: Y
A35: 33 | B35: VINTAGE BLACKWOOD | C35: Y | D35: ELIZA DOWLING | E35: 0488775095 | F35: PO BOX 2 | G35: POPANYINNING | H35: WA 6309 | I35: t.w.dowling@bigpond.com | J35: ELIZA DOWLING | K35: 53 | L35: 0488775095 | M35: Y | N35: DENNIS SHIMINSKI | O35: 57 | P35: 0438909092 | Q35: Y | R35: ALISON EDGECOMBE | S35: 45 | T35: 0438447010 | U35: Y | V35: CARMEN BAIRSTOW | W35: 43 | X35: 0407001440 | Y35: Y | Z35: DAVID BICKNELL | AA35: 66 | AB35: 0429926401 | AC35: Y | AD35: VE | AE35: Y | AL35: WAGIN ARC | AM35: WAERA
A36: 34 | B36: WHEATBELT WARRIORS | C36: Y | D36: ELIZA DOWLING | E36: 0488775095 | F36: PO BOX 2 | G36: POPANYINNING | H36: WA 6309 | I36: t.w.dowling@bigpond.com | J36: ORSON BAIRSTOW | K36: 14 | L36: 0472648206 | M36: Y | N36: GEORGIE FISHER | O36: 17 | P36: 0408696992 | Q36: YY | R36: HOLLY DOWLING | S36: 16 | T36: 0467965243 | U36: YY | V36: DANEE BAIRSTOW | W36: 16 | X36: 0458851772 | Y36: YY | Z36: SOPHIE EDGECOMBE | AA36: 17 | AB36: 0438447010 | AC36: YY | AD36: U8 | AE36: Y | AL36: DRYANDRA PC
A37: 35 | B37: BINEBS | C37: Y | D37: EBONY TAYLOR | E37: 0420423988 | F37: 123 NORTH BEACH DR | G37: OSBORNE PARK | H37: WA 6017 | I37: ebs_taylor@hotmail.com | J37: EBONY TAYLOR | K37: 28 | L37: 0420423988 | M37: Y | N37: IAN McMULLEN | O37: 29 | P37: 0439937743 | Q37: Y | R37: EBONY TAYLOR | S37: 28 | T37: 0420423988 | U37: Y | V37: N/A | Z37: IAN McMULLEN | AA37: 29 | AB37: 0439937743 | AC37: Y | AD37: OP | AE37: Y
A38: 36 | B38: CHAMPIONS | C38: Y | D38: SONYA McCORMACK | E38: 0400891837 | F38: PO BOX 34 | G38: DOODLAKINE | H38: WA 6411 | I38: sonyaandtom@bigpond.com | J38: SAMUEL VAN DIEMEN | K38: 18 | L38: 0407384631 | M38: Y | N38: CARLENE DAVIDSON | O38: 51 | Q38: Y | R38: STEPHEN PARK | S38: 50 | U38: Y | V38: N/A | Z38: SONYA McCORMACK | AA38: 51 | AB38: 0400891137 | AC38: Y | AD38: OP | AE38: Y
A39: 37 | B39: LEGENDS | C39: Y | D39: SONYA McCORMACK | E39: 0400891837 | F39: PO BOX 34 | G39: DOODLAKINE | H39: WA 6411 | I39: sonyaandtom@bigpond.com | J39: CAROLYN MADER | M39: Y | N39: PENNY JOHN | O39: 51 | P39: 0439954931 | Q39: Y | R39: ROBYN HEAGNEY | U39: Y | V39: N/A | Z39: LOUISE YOUNG | AA39: 51 | AB39: 0413044275 | AC39: Y | AD39: VE | AE39: Y
A40: 38 | B40: FRISKY MIDGET | C40: Y | D40: SILKE HIGHET | E40: 0420662160 | F40: 54 SAMSON ST | G40: MOSMAN PARK | H40: WA 6012 | I40: highets@bigpond.com | J40: KATE INGRAM | K40: 51 | L40: 0422096040 | M40: Y | N40: GREG HOGAN | O40: 51 | P40: 0412382426 | Q40: Y | R40: SILKE HIGHET | S40: 50 | T40: 0420662160 | U40: Y | V40: NATASHA BARBARICH | W40: 46 | X40: 0418556543 | Y40: Y | Z40: ANDREW HIGHET | AA40: 49 | AB40: 0429067714 | AC40: Y | AD40: VE | AE40: Y
A41: 39 | B41: PORK HUNTS | C41: Y | D41: JEMMA READ | E41: 0400089183 | F41: PO BOX 547 | G41: YORK | H41: WA 6302 | I41: jemmaread97@gmail.com | J41: JAMES FILEAR | K41: 41 | L41: 0419956918 | M41: Y | N41: PETER ALLEN | O41: 52 | P41: 0424267240 | Q41: Y | R41: JEMMA READ | S41: 21 | T41: 0400089183 | U41: Y | V41: PETER ALLEN | W41: 52 | X41: 0424267240 | Y41: Y | Z41: JEMMA READ | AA41: 21 | AB41: 0400089183 | AC41: Y | AD41: OP | AJ41: ERIC
A42: 40 | B42: LIFESPORTS GUNNA CATCH YA | C42: Y | D42: TRISH DAVIES | E42: 0429644055 | F42: PO BOX 954 | G42: BRIDGETOWN | H42: WA 6255 | I42: trish@lifesports.com.au | J42: DARCY CRAVEN | K42: 14 | M42: YY | N42: MATT TILBEE | O42: 16 | Q42: YY | R42: SALLY MEREDITH | S42: 17 | V42: N/A | Z42: NATHAN DAVIES | AA42: 13 | AC42: YY | AD42: U8 | AE42: Y | AF42: Y
A43: 41 | B43: OVER 4T | C43: Y | D43: PETER WHITNEY | E43: 97611238 | F43: PO BOX 99 | G43: BRIDGETOWN | H43: WA 6255 | I43: lyn@whitney.net.au | J43: TONY CROSSLAND | K43: 63 | L43: 0427744477 | M43: Y | N43: TED WILLETT | O43: 71 | P43: 0488644064 | Q43: Y | R43: MARTIN QUILL | S43: 56 | T43: 0458109349 | U43: Y | V43: N/A | Z43: IAN KUGLER | AA43: 63 | AB43: 97651512 | AC43: Y | AD43: SV | AE43: Y | AG43: EFT
A44: 42 | B44: LOOK AT US GO | C44: Y | D44: PIPPA MONTGOMERY | E44: 0429908044 | F44: LOT 23 THOMAS RD | G44: UPPER CAPEL | H44: WA 6239 | I44: pippa_montgomery@hotmail.com | J44: FRED MONGOMERY | K44: 38 | L44: 0408745697 | M44: Y | N44: CAMERON KISSELL | Q44: Y | R44: JILL WOODHOUSE | S44: 38 | T44: 0415597355 | U44: Y | V44: RENAE WILLIS | W44: 36 | Y44: Y | Z44: SIMON COX | AA44: 45 | AB44: 0428191751 | AC44: Y | AD44: OP | AE44: Y
A45: 43 | B45: NORTH COTT OUTRIDERS | C45: Y | D45: ANGE COOTE | E45: 0439925773 | F45: 15 HOWSON ST | G45: HILTON | H45: WA 6163 | I45: angecoote@gmail.com | J45: NATALIE WHITESIDE | K45: 27 | L45: 0414305494 | M45: Y | N45: TOMMY FLOWER | O45: 37 | P45: 0431503272 | Q45: Y | R45: MATT ROWETT | S45: 29 | T45: 0421529470 | U45: Y | V45: ANGE COOTE | W45: 30 | X45: 0439925773 | Y45: Y | Z45: STEWART McLAUGHLIN | AA45: 37 | AB45: 0421526603 | AC45: Y | AD45: OP | AE45: Y | AH45: CRISTIANO | AL45: WOOROOLOO
A46: 44 | B46: OLD DOCS | C46: Y | D46: PETER BATH | E46: 0407080760 | F46: 6 WEBB ST | G46: COTTESLOE | H46: WA 6011 | I46: gromit@iinet,net.au | J46: TONI BUTI | K46: 57 | L46: 0415662747 | M46: Y | N46: JOHN WHITEHAND | O46: 68 | P46: 0414826106 | Q46: Y | R46: TIM HUMPHREY | S46: 70 | T46: 0488195014 | U46: Y | V46: JOAN GILL | W46: 65 | X46: 0417173710 | Y46: Y | Z46: PETER BATH | AA46: 76 | AB46: 0407080760 | AC46: Y | AD46: SV | AE46: Y
A47: 45 | B47: NEXT GENERATION | C47: Y | D47: ANNE MAGENNIS | E47: 0432325702 | F47: 17 PITT ST | G47: ST JAMES | H47: WA 6102 | I47: satulip@bigpond.com | J47: ALANA TULIP | K47: 13 | L47: 0432325702 | M47: YY | N47: DYLAN KELLY | O47: 14 | P47: 0406966074 | Q47: YY | R47: GRACE HEPWORTH | S47: 13 | T47: 0405499170 | U47: YY | V47: N/A | Z47: LACHLAN CASSIDY | AA47: 13 | AB47: 0417175082 | AC47: YY | AD47: U8 | AE47: Y
A48: 46 | B48: THINK FIT | D48: KATRINA BRYCE | E48: 0418877404 | F48: 18 BEVERLEY TCE | G48: STH GUILDFORD | H48: WA 6055 | I48: katwoman@iinet.net.au | J48: CRAIG BECK | K48: 45 | L48: 0401903255 | M48: Y | N48: AMANDA NISCHKE | O48: 57 | P48: 0412311158 | Q48: Y | R48: LIAM SOUTHAM | S48: 38 | T48: 0434280028 | U48: Y | V48: BRIGITA KOTSI | W48: 33 | X48: 0499091327 | Y48: Y | Z48: KATRINA BRYCE | AA48: 46 | AB48: 0427013740 | AC48: Y | AD48: OP | AE48: Y | AF48: Y | AH48: INSURGENT
A49: 47 | B49: WE FOUND A RUNNER | C49: Y | D49: LOU-ANN BOTTOMLEY | E49: 97588376 | F49: PO BOX 1438 | G49: MARGARET RIVER | H49: WA 6285 | I49: glbottomley@westnet.com.au | J49: DANELLA ASHWIN | K49: 24 | L49: 0433747294 | M49: Y | N49: DECLAN BOTTOMLEY | O49: 19 | P49: 0411470053 | Q49: Y | R49: JORJA WILLIAMSON | S49: 16 | T49: 0402136019 | U49: YY | V49: N/A | Z49: DECLAN BOTTOMLEY | AA49: 19 | AB49: 0411470053 | AC49: Y | AD49: OP | AE49: Y
A50: 48 | B50: TADPOLE'S TROUPE | D50: JEN STANIFORTH-SMITH | E50: 0421680555 | F50: 16 LEWIN WAY | G50: SCARBOROUGH | H50: WA 6019 | I50: jenstanismith@gmail.com | J50: JAMES GRAHAM | K50: 41 | L50: 0400505860 | M50: Y | N50: ROBERT STANIFORTH-SMITH | O50: 51 | P50: 0409640482 | Q50: Y | R50: CASSIE SAVVA | S50: 37 | T50: 0413260388 | V50: JEN STANIFORTH-SMITH | W50: 37 | X50: 0421680555 | Y50: Y | Z50: MICHIEL MEL | AA50: 52 | AB50: 0428556919 | AC50: Y | AD50: VE | AE50: Y | AL50: BLACKWOOD HORSE AND PONY
A51: 49 | B51: NOT FAST JUST FURIOUS | C51: Y | D51: DIONNE BELTON | E51: 0455292508 | F51: 46 FOLLINGTON PL | G51: BANJUP | H51: WA 6164 | I51: dionnebelton@icloud.com | J51: ROXY BELTON | K51: 29 | L51: 0455292508 | M51: Y | N51: BAILLIE LIDDLE | O51: 31 | P51: 0479093322 | Q51: Y | R51: VICTORIA BURGESS | S51: 34 | T51: 0448192191 | U51: Y | V51: DIONNE BELTON | W51: 34 | X51: 0455292508 | Y51: Y | Z51: VICTORIA BURGESS | AA51: 34 | AB51: 0448192191 | AC51: Y | AD51: WO | AE51: Y | AJ51: SPRINGSTEEN
A52: 50 | B52: TEAM SMARTSTYLE | C52: Y | D52: ROWAN BROWN | E52: 0438905339 | F52: 715 COULSTON ST | G52: BOYA | H52: WA 6056 | I52: dugongbrown@gmail.com | J52: JAMES WEBSTER | K52: 40 | L52: 0447334894 | M52: Y | N52: CORAN LONGWOOD | O52: 23 | P52: 0478532383 | Q52: Y | R52: KYLE LEE | S52: 16 | T52: 0407879184 | U52: YY | V52: PATTI ALGIE | W52: 45 | X52: 0401809789 | Y52: Y | Z52: ROWAN BROWN | AA52: 25 | AB52: 0438905339 | AC52: Y | AD52: OP | AE52: Y | AH52: BANKSI | AI52: PF1
A53: 51 | B53: NRG | C53: Y | D53: SHANNON BARNES | E53: 0458336044 | F53: 19 BIRRIGAN LOOP | G53: SWANBOURNE | H53: WA 6010 | I53: psbarnes1@gmail.com | J53: JEMMA BARNES | K53: 16 | L53: 0458336044 | M53: YY | N53: SAM DYBALL | O53: 15 | P53: 0457608267 | Q53: YY | R53: PORSCHA BARNES | S53: 15 | T53: 0458336044 | U53: YY | V53: N/A | Z53: JASPER BLUNT | AA53: 14 | AB53: 0417231889 | AD53: U8 | AE53: Y
A54: 52 | B54: IT'S TIME | C54: Y | D54: TOM CROSS | E54: 0409182014 | F54: 513 CROOKED BROOOK RD | G54: DARDANUP | H54: WA 6236 | I54: tom@jwcross.com.au | J54: ANDREW SAVEN | K54: 53 | L54: 0477140790 | M54: Y | N54: ROD CHAMBERS | O54: 59 | P54: 0434824264 | Q54: Y | R54: RICHARD GEORGE | S54: 58 | T54: 0404819532 | U54: Y | V54: CHRIS HADDON | W54: 58 | X54: 0427907680 | Y54: Y | Z54: TOM CROSS | AA54: 63 | AB54: 0409182014 | AC54: Y | AD54: SV | AE54: Y | AF54: Y | AL54: WAERA
A55: 53 | B55: HERE FOR BEERS | D55: BEN LARKIN | E55: 0437900494 | F55: 93 FIFTH AVE | G55: MT LAWLEY | H55: WA 6050 | I55: ben.larkin@beadellresources.com.au | J55: DAVID SHINNER | K55: 37 | M55: Y | N55: BEN LARKIN | O55: 37 | Q55: Y | R55: ADRIAN BARRETT | S55: 37 | U55: Y | V55: N/A | Z55: ADRIAN PARODY | AA55: 37 | AC55: Y | AD55: OP | AE55: Y
A56: 54 | B56: MUSCLE TRIBE OF DANGER AND EXCELLENCE | C56: Y | D56: MICK ROSER | E56: 0448250121 | F56: 293 OXFORD ST | G56: LEEDERVILLE | H56: WA 6007 | I56: mick.roser@powerlinesplus.com.au | J56: NATHAN TAYLOR | K56: 18 | L56: 0488462546 | M56: Y | N56: KASE HENSON | O56: 22 | P56: 0459790784 | Q56: Y | R56: MICK ROSER | S56: 29 | T56: 0448250121 | U56: Y | V56: MARRIANNA HOLLAND | W56: 32 | X56: 0405770996 | Y56: Y | Z56: JAMES CARTER | AA56: 26 | AB56: 0435249692 | AC56: Y | AD56: OP | AE56: Y | AH56: CHARLIE BE GOOD
A57: 53 | B57: HERE FOR BEERS | D57: BEN LARKIN | E57: 0437900494 | F57: 93 FIFTH AVE | G57: MT LAWLEY | H57: WA 6050 | I57: ben.larkin@beadellresources.com.au | J57: DAVID SHINNER | K57: 37 | M57: Y | N57: BEN LARKIN | O57: 37 | Q57: Y | R57: ADRIAN BARRETT | S57: 37 | U57: Y | V57: N/A | Z57: ADRIAN PARODY | AA57: 37 | AC57: Y | AD57: OP | AE57: Y
A58: 56 | B58: ONE DAY DOER'S | C58: Y | D58: MATT FLETCHER | E58: 0428011320 | F58: 65A SUSSEX ST | G58: EAST VIC PARK | H58: WA 6101 | I58: matthew.fletcher@powerlinesplus.com.au | J58: SIMON TAYLOR | K58: 36 | L58: 0427392386 | M58: Y | N58: CLAYTON ROBINSON | O58: 34 | P58: 0447677773 | Q58: Y | R58: MATTHEW FLETCHER | S58: 30 | T58: 0428011320 | U58: Y | V58: DAVID RICHES | W58: 32 | X58: 0428555152 | Y58: Y | Z58: MIKE GREEN | AA58: 47 | AB58: 0431143747 | AC58: Y | AD58: OP | AE58: Y
A59: 57 | B59: CHOS 'N' ONES | C59: Y | D59: MATT RICHES | E59: 0418750799 | F59: 24B FAIRWAY WEST | G59: YOKINE | H59: WA 6060 | I59: matt.riches@workpac.com | J59: FRANS KAREL | K59: 59 | L59: 0448223156 | M59: Y | N59: LUKE ST JACK | O59: 25 | P59: 0427475853 | Q59: Y | R59: TIM CURRIE | S59: 42 | T59: 0408831469 | U59: Y | V59: MATT RICHES | W59: 37 | X59: 0418750799 | Y59: Y | Z59: RORY MURRAY | AA59: 42 | AB59: 0439892123 | AC59: Y | AD59: OP | AE59: Y
A60: 58 | B60: HONEY BADGERS | C60: Y | D60: CHRIS MOTT | E60: 0429967507 | F60: PO BOX 982 | G60: BRIDGETOWN | H60: WA 6255 | I60: chris.mott@education.wa.edu.au | J60: NATHAN WALTER | K60: 37 | L60: 0409771685 | M60: Y | N60: CRAIG BESWICK | O60: 43 | P60: 0438003841 | R60: CHRIS MOTT | S60: 45 | T60: 0429967507 | U60: Y | V60: N/A | Z60: GEORGE CRAIG | AA60: 47 | AB60: 0438611019 | AC60: Y | AD60: OP | AE60: Y | AF60: Y
A61: 59 | B61: DIAMONDS IN THE ROUGH | C61: Y | D61: JAMES SMALLMAN | E61: 0448976796 | F61: 25 GARDINER HEIGHTS | G61: KINROSS | H61: WA 6028 | I61: james.smallman@diamondunderground.com.au | J61: JOSHUA BATCHELOR | K61: 28 | L61: 0438168571 | M61: Y | N61: SCOTT FOSTER | O61: 27 | P61: 0436486621 | Q61: Y | R61: AL KRISTENSEN | S61: 26 | T61: 0404473334 | U61: Y | V61: STEPHEN O"NEILL | W61: 38 | X61: 0417821129 | Y61: Y | Z61: JAMES SMALLMAN | AA61: 37 | AB61: 0448976796 | AC61: Y | AD61: OP | AE61: Y | AH61: STORIEINDA
A62: 60 | B62: MANJI PARKRUNNERS | D62: CAMERON WHELAN | E62: 0404202189 | F62: 18 MOTTRAM ST | G62: MANJIMUP | H62: WA 6258 | I62: Cam6eronW@gmail.com | J62: CAMERON WHELAN | K62: 23 | L62: 0409202189 | M62: Y | N62: PHIL MILBURN | O62: 60 | P62: 0490047032 | Q62: Y | R62: CALLUM KRISPYN | S62: 14 | T62: 0497575056 | U62: Y | V62: N/A | Z62: GLENN BOOTH | AA62: 48 | AB62: 0418535556 | AC62: Y | AD62: OP | AE62: Y | AF62: Y | AL62: WARREN HORSEMAN CLUB
A63: 61 | B63: THE MARRON | C63: Y | D63: LARA WHITFIELD | E63: 0422601169 | F63: 46 WANDI DRIVE | G63: WANDI | H63: WA 6167 | I63: laura@goldvalley.com.au | J63: XAVIER JENNINGS | K63: 33 | L63: 0438901399 | M63: Y | N63: MARC BISHOP | O63: 47 | P63: 0438448728 | Q63: Y | R63: RAINE KENT | S63: 26 | T63: 0406114766 | U63: Y | V63: LARA WHITFIELD | W63: 29 | X63: 0422601169 | Y63: Y | Z63: MARC BISHOP | AA63: 47 | AB63: 0438448728 | AC63: Y | AD63: OP | AE63: Y | AH63: LEXI
A64: 62 | B64: 6101 DELTA | C64: Y | D64: SHARNIE GATER | E64: 0419927153 | F64: 24 WINOY RIDGE LANE | G64: KALAMUNDA | H64: WA 6076 | I64: sharnie.gater@hotmail.com | J64: SHARNIE GATER | K64: 45 | L64: 0419927153 | M64: Y | N64: DANIEL HEGARTY | O64: 50 | P64: 0457803073 | Q64: Y | R64: MACIE BENNETTS | S64: 14 | T64: 0477045011 | U64: Y | V64: N/A | Z64: MICHAEL BANTON | AA64: 45 | AC64: Y | AD64: OP | AE64: Y
A65: 63 | B65: LEMONIS/TANTIPRASUT LAWYERS | C65: Y | D65: DAVE BERGLUND | E65: 0417921773 | F65: 22a BAY VIEW CRESENT | G65: DUNSBOROUGH | H65: WA 6281 | I65: daveberg1@hotmail.com | J65: NIC HARMAN | K65: 22 | L65: 0422077274 | M65: N | N65: DAVID BERGLUND | O65: 59 | P65: 0417921773 | Q65: Y | R65: TRAVIS NEDERPELT | S65: 33 | T65: 0481266603 | U65: N | V65: SARAH DACEY | W65: 41 | X65: 0475215519 | Y65: Y | Z65: PHIL DEISEL | AC65: Y | AD65: OP | AE65: Y | AF65: Y | AJ65: SOHO SILVERSTONE
A66: 64 | B66: 14 LEGS AND A PONY TAIL | C66: Y | D66: ANNE SCHWENKEN | E66: 0424939520 | F66: 5 HARWOOD ST | G66: HILTON | H66: WA 6163 | I66: a.schwenkenbecher@murdoch.edu.au | J66: ANNE MEYER | K66: 31 | L66: 0438770734 | M66: Y | N66: QUINTIN HUGHES | O66: 47 | P66: 0412942228 | Q66: Y | R66: TIM FLANAGAN | S66: 38 | T66: 0451979015 | U66: Y | V66: ANNE SCHWENKENBECHER | W66: 40 | X66: 0424939520 | Y66: Y | Z66: INES RODRIGUES | AA66: 39 | AB66: 0401081618 | AC66: Y | AD66: OP | AE66: Y
A67: 65 | B67: DUX NUTS | C67: Y | D67: BARRY ASHWIN | E67: 0427017396 | F67: 11 WAYEELA PL | G67: CITY BEACH | H67: WA 6015 | I67: barry.ashwin@bigpond.com | J67: DUNCAN MONRO | K67: 57 | L67: 0409573798 | M67: Y | N67: BARRY ASHWIN | O67: 57 | P67: 0427017396 | Q67: Y | R67: ROB WALLWORK | S67: 58 | T67: 0411259451 | U67: Y | V67: JEFFERY GATES | W67: 53 | X67: 0412065733 | Y67: Y | Z67: BARRY ASHWIN | AA67: 57 | AB67: 0427017396 | AC67: Y | AD67: SV | AE67: Y
A68: 66 | B68: UP AND COMING | C68: Y | D68: IAN T'HART | E68: 0497670930 | F68: 21 LEONORA ST | G68: ALBANY | H68: WA 6330 | I68: ithart@jcsa.wa.edu.au | J68: MICHAEL DYMNICKI | K68: 39 | L68: 0417920986 | M68: Y | N68: IAN 'tHART | O68: 44 | P68: 0497670930 | Q68: Y | R68: BETH HOLLETT | S68: 29 | U68: N | V68: OLIVER WILLIAMSON | W68: 28 | Y68: Y | Z68: ANDREW JOHNS | AA68: 54 | AB68: 0427472935 | AC68: Y | AD68: OP | AE68: Y
A69: 67 | B69: BLACKOUT ELECTRICAL | C69: Y | D69: GINA LOOKE | E69: 0428272945 | F69: 2615 BUNNING RD | G69: MT HELENA | H69: WA 6082 | I69: ian.ginalooke@bigpond.com | J69: JOSEFINE WANG | K69: 31 | L69: 0410800773 | M69: Y | N69: IAN LOOKE | O69: 59 | P69: 0428291018 | Q69: Y | R69: SAMUEL LOOKE | S69: 31 | T69: 0427866514 | U69: Y | V69: GINA LOOKE | W69: 56 | X69: 0428272945 | Y69: Y | Z69: THOMAS HIGGINBOTTOM | AA69: 29 | AB69: 0419576710 | AC69: Y | AD69: OP | AE69: Y | AF69: Y
A70: 68 | B70: MIXED NUTS | C70: Y | D70: DESIREE SILVA | E70: 0418941448 | F70: 11 WAYEELA PL | G70: CITY BEACH | H70: WA 6015 | I70: desirees@westnet.com.au | J70: GLEN STEVENS | K70: 58 | L70: 0427472747 | M70: Y | N70: RALPH ADDIS | O70: 49 | P70: 0417183805 | Q70: Y | R70: DESIREE SILVA | S70: 57 | T70: 0418941448 | U70: Y | V70: N/A | Z70: CAROLINE MUNR | AA70: 53 | AB70: 0439099566 | AC70: Y | AD70: SV | AE70: Y
A71: 69 | B71: DOUGH NUTS | C71: Y | D71: ELIZABETH CROSTON | E71: 0402422090 | F71: 51 SULMAN RD | G71: WEMBLEY DOWNS | H71: WA 6019 | I71: lizcroston@gmail.com | J71: LIZ CROSTON | K71: 51 | L71: 0402422090 | M71: Y | N71: TRACY WALLWORK | O71: 55 | P71: 0438695334 | Q71: Y | R71: LIZ CROSTON | S71: 51 | T71: 0402422090 | U71: Y | V71: N/A | Z71: HELEN WRIGHT | AA71: 55 | AB71: 0409691457 | AC71: Y | AD71: SL | AE71: Y
A72: 70 | B72: DOUG'S TEAM | C72: Y | D72: DOUGLAS CORDELL | E72: 0419960813 | F72: 76 HENSMAN ST | G72: SUBIACO | H72: WA 6008 | I72: cordell2@bigpond.com | J72: SHIRLEY BELL | K72: 70 | L72: 0401929749 | M72: Y | N72: WARREN SOUTHWELL | O72: 61 | P72: 0407423060 | Q72: Y | R72: RAOUL OEHMEN | S72: 33 | T72: 0400241885 | U72: Y | V72: GILLIAN WADDINGTON | W72: 45 | X72: 0408943376 | Y72: Y | Z72: CRAIG CARTER | AA72: 66 | AB72: 0403974059 | AC72: Y | AD72: OP | AE72: Y | AF72: Y
A73: 71 | B73: DELUXE NUTS | C73: Y | D73: JANE VALENTINE | E73: 0414934987 | F73: 92 CHIPPING RD | G73: CITY BEACH | H73: WA 6015 | I73: jane.valentine@health.wa.gov.au | J73: JANE VALENTINE | K73: 55 | L73: 0414934987 | M73: Y | N73: DESIREE SILVA | O73: 57 | P73: 0418541448 | Q73: Y | R73: JANE VALENTINE | S73: 55 | T73: 0414934987 | U73: Y | V73: N/A | Z73: ELIZABETH WRAY | AA73: 53 | AB73: 0414930102 | AC73: Y | AD73: SL | AE73: Y
A74: 72 | B74: BRAZIL NUTS | D74: ROB WALLWORK | E74: 0438695434 | F74: 24 WATT ST | G74: SWANBOURNE | H74: WA 6010 | I74: tracyrob@wallworks.com.au | J74: TASH PHILIPS | K74: 28 | L74: 0405329274 | M74: Y | N74: ROB WALLWORK | O74: 58 | P74: 0411259451 | Q74: Y | R74: ROWAN ASHWIN | S74: 26 | T74: 0451141269 | U74: Y | V74: N/A | Z74: TANIKA BENNELL | AA74: 24 | AB74: 0449696192
A75: 73 | B75: NUMB NUTS | C75: Y | D75: STEVEN STANDING | E75: 0407767801 | F75: 34 KINKUNA WAY | G75: CITY BEACH | H75: WA 6015 | I75: steven.standing@optusnet.com.au | J75: STEVEN STANDING | K75: 57 | L75: 0407767801 | M75: Y | N75: MARK DONOVAN | O75: 56 | P75: 0417936494 | Q75: Y | R75: MARK DONOVAN | S75: 56 | T75: 0417936494 | U75: Y | V75: N/A | Z75: STEVEN STANDING | AA75: 57 | AB75: 0407767801 | AC75: Y | AD75: SV | AE75: Y
A76: 74 | B76: DRIVING ME NUTS | C76: Y | D76: LUKAS GEIDANS | E76: 0415986627 | F76: 5 TARA VISTA | G76: LEEDERVILLE | H76: WA 6007 | I76: lukas.geidans@gmail.com | J76: LUKAS GEIDANS | K76: 25 | L76: 0415986627 | M76: Y | N76: JAMILAH ADDIS | O76: 19 | P76: 0429809433 | Q76: Y | R76: CONOR WALLWORK | S76: 20 | U76: Y | V76: N/A | Z76: DANELLA ASHWIN | AA76: 24 | AB76: 0437747254 | AC76: Y | AD76: OP | AE76: Y
A77: 75 | B77: KIMBERLEY CLUB | C77: Y | D77: JANE GILLHAM | E77: 0417983419 | F77: PO BOX 95 | G77: THREE SPRINGS | H77: WA 6519 | I77: gilham.jane@gmail.com | J77: CALEB GILRAJ | K77: 23 | L77: 0413165133 | M77: Y | N77: DAN COLMAN | O77: 47 | P77: 0409110641 | Q77: Y | R77: GRANT FAWCETT | S77: 48 | T77: 0438984633 | U77: Y | V77: JANE GILLHAM | W77: 44 | X77: 0417983419 | Y77: Y | Z77: JONATHON EVANS | AA77: 50 | AB77: 0406071636 | AC77: Y | AD77: OP | AE77: Y | AF77: Y | AH77: PASSION OF FIRE - 'JESTER' | AI77: H 28/5 | AL77: Moora Horsemens
A78: 76 | B78: MICK'S NUTS | C78: Y | D78: TRACY WALLWORK | E78: 0438695434 | F78: 24 WATT ST | G78: SWANBOURNE | H78: WA 6010 | I78: tracyrob@wallworks.com.au | J78: KIM ROSENTHAL | K78: 60 | L78: 0438695434 | N78: MICHAEL REYNOLDS | O78: 51 | P78: 0439247073 | R78: LIV MARSH | S78: 22 | T78: 0423249449 | V78: N/A | Z78: ERIN KRUK | AA78: 55 | AB78: 0409299023 | AC78: Y | AD78: OP | AE78: Y
A79: 77 | B79: GERRY HATRICKS | C79: Y | D79: VERN GOUGH | E79: 0438398825 | F79: 3 BARUNA CRT | G79: MANDURAH | H79: WA 6210 | I79: skipa@iinet.net.au | J79: ROB CARLESS | K79: 61 | L79: 0419910216 | M79: Y | N79: BARBARA BUCHANAN | O79: 65 | P79: 0411643369 | Q79: Y | R79: VERN GOUGH | S79: 67 | T79: 0438398825 | U79: Y | V79: N/A | Y79: Y | Z79: PHIL COONEY | AA79: 71 | AB79: 0419201411 | AC79: Y | AD79: SV | AE79: Y | AF79: Y
A80: 78 | B80: SHAKE'n'BAKE | C80: Y | D80: ROB JARRETT | E80: 0412581348 | F80: 3 BANCROFT RAMBLE | G80: LANDSDALE | H80: WA 6065 | I80: robbie_jay@hotmail.com | J80: JACK DOWIE | K80: 56 | L80: 0413333650 | N80: ROB JARRETT | O80: 53 | P80: 0412581348 | R80: MICHAEL FRIEND | S80: 46 | T80: 0418226465 | V80: N/A | Z80: CHRIS GREEN | AD80: VE | AE80: Y | AF80: Y
A81: 79 | B81: LIFESPORTS TEAM SHANK | C81: Y | D81: TRISH DAVIES | E81: 0429644055 | F81: PO BOX 954 | G81: BRIDGETOWN | H81: WA 6255 | I81: trish@lifesports.com.au | J81: CRAIG BESWICK | K81: 43 | N81: DAVE CAMPBELL | P81: 0474086321 | Q81: N | R81: PETER VOWLES | T81: 0417970920 | V81: ESTELLE MUNDAY | W81: 14 | X81: 0400102101 | Y81: YY | Z81: ANDREW CHADWICK | AD81: OP | AE81: Y | AF81: Y | AH81: IDOL THYME (DYLAN) | AI81: 08D 1/3
A82: 80 | B82: NUTS NUTS | C82: Y | D82: TOM WALLWORK | E82: 0416152706 | F82: 19 CURRIE ST | G82: JOLLIMONT | H82: WA 6014 | I82: tbwallwork@gmail.com | J82: TOM WALLWORK | K82: 24 | L82: 0416152706 | M82: Y | N82: NICK CARTER | O82: 24 | P82: 0404753047 | Q82: Y | R82: ELLIOTT JAMES | S82: 24 | T82: 0410042430 | U82: Y | V82: N/A | Z82: ALEX FINDLAY | AA82: 24 | AB82: 0467641802 | AC82: Y | AD82: OP | AE82: Y
A83: 81 | B83: RACING RUGRATS | C83: Y | D83: KEITH YARDLEY | E83: 0427913232 | F83: PO BOX 1821 | G83: BUNBURY | H83: WA 6230 | I83: keith.tracieyardley@yahoo.com | J83: KEITH YARDLEY | K83: 55 | L83: 0427913232 | M83: Y | N83: CIMON ALBERTSON | O83: 48 | P83: 0419941379 | Q83: Y | R83: GEORGE WILLIAMS | S83: 61 | U83: Y | V83: PHOEBE WALSH | W83: 23 | X83: 0448511266 | Y83: Y | Z83: DOM MARZANO | AA83: 54 | AB83: 0416341081 | AC83: Y | AD83: OP | AE83: Y | AF83: Y
A84: 82 | B84: LIFESPORTS - TEAM FITZY | C84: Y | D84: TRISH DAVIES | E84: 0429644055 | F84: PO BOX 954 | G84: BRIDGETOWN | H84: WA 6255 | I84: trish@lifesports.com.au | J84: EVAN WHELAN | K84: 16 | N84: JUSTIN FITZPATRICK | O84: 41 | P84: 0488227726 | Q84: Y | R84: RAY MURPHY | U84: Y | V84: SARAH MUELLER | W84: 29 | X84: 0416318575 | Y84: Y | Z84: ALAN BURMAN | AC84: Y | AD84: OP | AE84: Y | AF84: Y | AH84: STAR | AL84: WARREN HORSEMAN'S CLUB
A85: 83 | B85: GET FIT CENTRAL | D85: NICOLA HIBBERT | E85: 0403348101 | F85: 26 ATANASOFF RD | G85: TAPPING | H85: WA 6065 | I85: nicandraf@gmail.com | J85: NICOLA HIBBERT | K85: 40 | L85: 0403348101 | M85: Y | N85: RAFAL NASKRET | O85: 43 | P85: 0402633455 | Q85: Y | R85: NICOLA HIBBERT | S85: 40 | T85: 0403348101 | U85: Y | V85: MICHAEL WATTS | W85: 40 | X85: 0439969953 | Y85: Y | Z85: RAFAL NASKRET | AA85: 43 | AB85: 0402633455 | AC85: Y | AD85: VE | AE85: Y | AJ85: REDMAN | AK85: S6050621
A86: 84 | B86: LIFESPORTS THE BOYS | C86: Y | D86: TRISH DAVIES | E86: 0429644055 | F86: PO BOX 954 | G86: BRIDGETOWN | H86: WA 6255 | I86: trish@lifesports.com.au | J86: KYLE WILSON | K86: 18 | M86: Y | N86: TIM DAVIES | O86: 17 | Q86: YY | R86: JOEL PROCTOR | S86: 16 | U86: N | V86: N/A | Z86: TOBY WARD | AA86: 18 | AD86: U8 | AE86: Y | AF86: Y
A87: 85 | B87: LIFESPORTS LEGENDS | C87: Y | D87: TRISH DAVIES | E87: 0429644055 | F87: PO BOX 954 | G87: BRIDGETOWN | H87: WA 6255 | I87: trish@lifesports.com.au | J87: LEWIS RICHINGS | K87: 16 | M87: YY | N87: BRETT DAVIES | O87: 15 | Q87: YY | R87: BRETT DAVIES | S87: 15 | U87: YY | V87: N/A | Z87: BEN RODGERS | AA87: 16 | AC87: YY | AD87: U8 | AE87: Y | AF87: Y
A88: 86 | B88: FAST THINKING | C88: Y | D88: PHILIP MASSEY | E88: 0414536337 | F88: 35 CRYSTAL BROOK RD | G88: WATTLE GROVE | H88: WA 6107 | I88: philip@printlogic.com.au | J88: DAVID BURCH | K88: 50 | L88: 0417519412 | M88: Y | N88: ADAM REEVE | O88: 47 | P88: 0438664332 | Q88: Y | R88: PIP MASSEY | S88: 59 | T88: 0414536337 | U88: Y | V88: TRACY COOPER | W88: 48 | X88: 0431979335 | Y88: Y | Z88: SIMON WESTLAKE | AA88: 56 | AB88: 0418906038 | AC88: Y | AD88: VE | AE88: Y | AF88: Y
A89: 87 | B89: BEACY BOYS | C89: Y | D89: DAN COFFEY | E89: 0439966248 | F89: 66 ANNIE ST | G89: BEACONSFIELD | H89: WA 6162 | I89: daniel.coffey@dbca.wa.gov.au | J89: DAN COFFEY | K89: 42 | L89: 0439966248 | M89: Y | N89: TIM BRAY | O89: 45 | P89: 0439948645 | Q89: Y | R89: RYAN BOWATER | S89: 41 | T89: 0422616500 | U89: Y | V89: N/A | Z89: TIM BRAZIER | AA89: 42 | AB89: 0438331152 | AC89: Y | AD89: VE | AE89: Y
A90: 88 | B90: WHOZIDEAWASTHIS? | C90: Y | D90: ELI WYATT | E90: 0459195845 | F90: 7 ROBINSON ST | G90: SUBIACO | H90: WA 6008 | I90: Courtney_burchracing@hotmail.com | J90: ELI WYATT | K90: 29 | L90: 0459195845 | M90: Y | N90: TRENT DENSLOW | O90: 35 | P90: 0409370009 | Q90: Y | R90: ELI WYATT | S90: 29 | T90: 0459195845 | U90: Y | V90: COURTNEY BURCH | W90: 29 | X90: 0433727122 | Y90: N | Z90: TRENT DENSLOW | AA90: 35 | AB90: 0409370009 | AC90: Y | AD90: OP | AE90: Y | AJ90: GRAYBUCK | AK90: S5070166
A91: 89 | B91: LIFESPORTS - MR BILL | C91: Y | D91: TRISH DAVIES | E91: 0429644055 | F91: PO BOX 954 | G91: BRIDGETOWN | H91: WA 6255 | I91: trish@lifesports.com.au | J91: BRETT WILSON | L91: 0428901169 | M91: N | N91: VINCE JUREWICZ | O91: 54 | P91: 0429611970 | Q91: Y | R91: LES PLANE | U91: N | V91: MEGAN RICHARDS | X91: 0427045812 | Y91: N | Z91: TIM SAUNDERS | AD91: OP | AE91: Y | AF91: Y
A92: 90 | B92: 6101 ALPHA | C92: Y | D92: FIONA JUBB | E92: 0408051968 | F92: PO BOX 5251 | G92: EAST VIC PARK | H92: WA 6101 | I92: info@eclipsetinting.com.au | J92: GLENN BURGESS | K92: 50 | L92: 0419915646 | M92: Y | N92: GRANT McMURTRIE | P92: 0438538336 | Q92: Y | R92: RUBY BURGESS | S92: 14 | T92: 0408051968 | U92: YY | V92: N/A | Z92: DAVID FORD | AA92: 53 | AB92: 0408108531 | AC92: Y | AD92: OP | AE92: Y
A93: 91 | B93: 6101 BRAVO | C93: Y | D93: ALANA HEPWORTH | E93: 0405499170 | F93: 19 NORTHAMPTON ST | G93: EAST VIC PARK | H93: WA 6101 | I93: ashepworth@bigpond.com | J93: ALANA HEPWORTH | K93: 43 | L93: 0405499170 | M93: Y | N93: BRAD SCULLY | O93: 45 | P93: 0405774087 | Q93: Y | R93: MAREK LUKASIK | S93: 44 | T93: 0401536204 | U93: Y | V93: N/A | Z93: DANIELS FELS | AA93: 53 | AB93: 0438903151 | AD93: VE | AE93: Y
A94: 92 | B94: 6101 CHARLIE | C94: Y | D94: NATASHA AMERY | E94: 0439879484 | F94: 146 STAR ST | G94: CARLISLE | H94: WA 6101 | I94: tash.amery@gmail.com | J94: NATASHA AMERY | K94: 43 | L94: 0439879484 | M94: Y | N94: GUY KNOWLDEN | O94: 52 | P94: 0438099847 | Q94: Y | R94: ALANA TULIP | S94: 13 | T94: 0432325702 | U94: YY | V94: N/A | Z94: COLIN ARVIDSON | AA94: 50 | AB94: 0466136626 | AC94: Y | AD94: OP | AE94: Y
A95: 93 | B95: 6101 GOLF | C95: Y | D95: MARK CASSIDY | E95: 0408097654 | F95: 84 DOUGLAS AVE | G95: SOUTH PERTH | H95: WA 6151 | I95: marktcassidy@yahoo.com.au | J95: MARK CASSIDY | K95: 47 | L95: 0408097654 | M95: Y | N95: SIMON TULIP | O95: 57 | P95: 0466774629 | Q95: Y | R95: MATT REAPER | S95: 20 | T95: 0498374544 | U95: N/A | V95: N/A | Z95: TOM GATER | AA95: 48 | AB95: 0447698751 | AC95: Y | AD95: OP | AE95: Y
A96: 94 | B96: 6101 FOXTROT | C96: Y | D96: KAREN McROBB | E96: 0418945432 | F96: 21 GRESHAM ST | G96: VIC PARK | H96: WA 6100 | I96: kazguy05@yahoo.com.au | J96: KAREN MARTIN | K96: 47 | L96: 0424064726 | M96: Y | N96: JOS WELSH | O96: 48 | P96: 0407546174 | Q96: Y | R96: AMANDA BROWN | S96: 47 | T96: 0408099321 | U96: Y | V96: N/A | Z96: KAREN McROBB | AA96: 49 | AB96: 0418945432 | AC96: Y | AD96: VE | AE96: Y
A97: 95 | B97: 6101 ECHO | C97: Y | D97: VICKI ARVIDSON | E97: 0497312307 | F97: 3 PALM PLACE | G97: WILSON | H97: WA 6107 | I97: colinarvo@iprimus.com.au | J97: JADE ARVIDSON | K97: 15 | L97: 0497312307 | M97: YY | N97: GERARD KELLY | O97: 49 | Q97: Y | R97: JOSIE HEGARTY | S97: 14 | U97: YY | V97: N/A | Z97: JOHN BENNETTS | AA97: 50 | AC97: Y | AD97: OP | AE97: Y
A98: 96 | B98: STRAY ANIMALS | C98: Y | D98: MARK CRAKE | E98: 0468875355 | F98: 74 THE BOULEVARDE | G98: MT HAWTHORN | H98: WA 6016 | I98: nickscrake@conceptual.net.au | J98: MILES DRACUP | K98: 60 | L98: 0409352833 | M98: Y | N98: MARK CRAKE | O98: 62 | P98: 0468875355 | Q98: Y | R98: RAYMOND YONG | S98: 58 | T98: 0404315243 | U98: Y | V98: N/A | Z98: ROD WELLS | AA98: 59 | AB98: 0400221054 | AC98: Y | AD98: SV | AE98: Y | AF98: Y
A99: 97 | B99: 6101 HOTEL | C99: Y | D99: SIMON HEPWORTH | E99: 0437483277 | F99: 19 NORTHAMPTON ST | G99: EAST VIC PARK | H99: WA 6101 | I99: ashepworth@bigpond.com | J99: DAVE HARRISON | K99: 47 | L99: 0438911836 | M99: Y | N99: SIMON HEPWORTH | O99: 47 | P99: 0437483277 | Q99: Y | R99: SARA McROBB | S99: 52 | U99: Y | V99: N/A | Z99: ROB McKRILL | AA99: 60 | AB99: 0408602305 | AC99: Y | AD99: VE | AE99: Y
A100: 98 | B100: BLACKWOOD BANDITOS | C100: Y | D100: TANIA STEBER | E100: 0477175792 | F100: 45 HAMPSHIRE ST | G100: EAST VIC PARK | H100: WA 6101 | I100: tania.steber@gmail.com | J100: JANINE WAIDE | K100: 45 | L100: 0412233131 | M100: Y | N100: BRONWEN FUCHSBICHLER | O100: 41 | P100: 0429980636 | Q100: Y | R100: BRIDGET KELLETT | S100: 39 | T100: 0477530090 | U100: Y | V100: N/A | Z100: TANIA STEBER | AA100: 40 | AB100: 0477175792 | AC100: Y | AD100: LV | AE100: Y
...

Sheet 2017
A1: No. | B1: TEAM NAME | C1: Paid | D1: MANAGERS | E1: PHONE | F1: ADDRESS1 | G1: ADDRESS2 | H1: ADDRESS3 | I1: EMAIL | J1: RUNNER | N1: CANOE | R1: SWIM | V1: EQUESTRIAN | Z1: CYCLE | AD1: CAT | AE1: PAID | AF1: SIGN | AG1: NOTES | AH1: HOW PAY | AI1: THOROUGHBRED | AJ1: THOROUGHBRED | AK1: STANDARDBRED | AL1: STANDARDBRED | AM1: CLUB
B2: 43034 | J2: SURNAME | K2: AGE | L2: PHONE | M2: SIGN | N2: SURNAME | O2: AGE | P2: PHONE | Q2: SIGN | R2: SURNAME | S2: AGE | T2: PHONE | U2: SIGN | V2: SURNAME | W2: AGE | X2: PHONE | Y2: SIGN | Z2: SURNAME | AA2: AGE | AB2: PHONE | AC2: SIGN | AI2: NAME | AJ2: BRAND | AK2: NAME | AL2: BRAND
A3: 1 | B3: BRIDGETOWN TEARAWAYS | C3: Y | D3: JIM TAYLOR | E3: 97612523 | F3: PO BOX 129 | G3: BRIDGETOWN | H3: WA 6255 | I3: windyhollow@westnet.com.au | J3: SUANNE CROSSLAND | M3: N | N3: MARTY WALLACE | P3: 0417904842 | Q3: Y | R3: TERRY HILL | T3: 0429818618 | U3: Y | V3: JAYDE FOY-TAPSCOTT | Y3: Y | Z3: ALISON WHEATLEY | AC3: Y | AD3: OP | AE3: Y | AF3: Y | AH3: CHEQUE | AK3: BERT
A4: 2 | B4: RUSTY IRONMEN BLUE | C4: Y | D4: CLIVE CHOATE | E4: 0422124908 | F4: 16 KEPPEL MEWS | G4: HALLS HEAD | H4: WA 6210 | I4: choate@westnet.com.au | J4: JIM LANGFORD | M4: Y | N4: CLIVE CHOATE | O4: 66 | Q4: Y | R4: ETHAN NORRIS | S4: 47 | U4: Y | V4: JUDITH ALLINGTON | W4: 55 | Y4: N | Z4: IAN WOOKEY | AA4: 68 | AC4: Y | AD4: SV | AE4: Y | AF4: Y | AH4: EFT
A5: 3 | B5: RUSTY IRONMEN RED | C5: Y | D5: CLIVE CHOATE | E5: 0422124908 | F5: 16 KEPPEL MEWS | G5: HALLS HEAD | H5: WA 6210 | I5: choate@westnet.com.au | J5: STEPHEN BROWN | K5: 57 | M5: Y | N5: MATT RITIKIS | Q5: Y | R5: JULIA NORRIS | S5: 44 | U5: Y | V5: SARAH CAMPBELL | Y5: Y | Z5: PETER WARE | AA5: 59 | AC5: Y | AD5: VE | AE5: Y | AF5: Y | AH5: EFT
A6: 4 | B6: RUSTY IRONMEN GREEN | C6: Y | D6: CLIVE CHOATE | E6: 0422124908 | F6: 16 KEPPEL MEWS | G6: HALLS HEAD | H6: WA 6210 | I6: choate@westnet.com.au | J6: PETER SKEGGS | M6: Y | N6: JOHN REYNOLDS | Q6: Y | R6: JAN DUNSTAN | U6: Y | V6: LYNETTE AVINS | Y6: Y | Z6: MARK HOOKWAY | AC6: Y | AD6: SV | AE6: Y | AF6: Y | AH6: EFT
A7: 5 | B7: 50 IS THE NEW 30 | D7: JANE WHEELER | E7: 0427717959 | F7: PO BOX 558 | G7: BRIDGETOWN | H7: WA 6255 | I7: wheelerjane29@gmail.com | J7: KAREN ROYER | K7: 56 | L7: 0457190545 | M7: Y | N7: ALISON WHEATLEY | O7: 57 | P7: 0427617507 | Q7: Y | R7: JANE WHEELER | S7: 54 | T7: 0427717959 | U7: Y | V7: KYLIE MUNYARD | W7: 48 | X7: 0408953686 | Y7: Y | Z7: LINDA VOWLES | AA7: 53 | AB7: 0417588651 | AC7: Y | AD7: SL | AE7: Y | AF7: Y | AH7: EFT | AM7: WAERA
A8: 6 | B8: MANJI PARKRUNNERS | C8: Y | D8: CAMERON WHELAN | E8: 0404202189 | F8: 18 MOTTRAM ST | G8: MANJIMUP | H8: WA 6258 | I8: CameronW6@bigpond.com | J8: CAMERON WHELAN | K8: 22 | L8: 0409202189 | M8: Y | N8: GRAEME PEARCE | O8: 33 | P8: 0488059394 | Q8: Y | R8: CATHERINE BAMESS | S8: 47 | T8: 0435268044 | U8: Y | V8: HAYLEY STANTON | W8: 40 | X8: 0417985888 | Y8: Y | Z8: AMBROSE FOLEY | AA8: 17 | AB8: 0467266545 | AC8: YY | AD8: OP | AE8: Y | AF8: Y | AH8: EFT | AM8: WARREN HORSEMAN CLUB
A9: 7 | B9: GEEGEELUP RACERS | C9: Y | D9: MICK DEWING | E9: 041790398 | F9: PO BOX 257 | G9: BRIDGETOWN | H9: WA 6255 | I9: mdewing@iinet.net.au | J9: JOEL BARKER | K9: 35 | L9: 0400975884 | M9: Y | N9: MICK DEWING | O9: 67 | P9: 0417903987 | Q9: Y | R9: JOHN MONCRIEFF | S9: 66 | T9: 0432105754 | U9: Y | V9: KEELY ANGEL | W9: 16 | X9: 97612215 | Y9: Y | Z9: MIKE VAN DUIJNHOVEN | AA9: 69 | AB9: 0428327366 | AC9: Y | AD9: OP | AE9: Y | AF9: Y | AH9: EFT
A10: 8 | B10: HAVANA CLUB | D10: GLEN HOLST | E10: 0419850643 | F10: PO BOX 120 | G10: BRIDGETOWN | H10: WA 6255 | I10: admin@glenholst.com.au | J10: JOHN McKELVIE | K10: 54 | L10: 0420963186 | M10: Y | N10: GLEN HOLST | O10: 56 | P10: 0419850643 | Q10: Y | R10: JULIAN MILLS | S10: 53 | T10: 0418942535 | U10: Y | V10: EMMA PANIZZA | W10: 30 | X10: 0428740442 | Y10: Y | Z10: CLAUDE QUINTONES | AA10: 59 | AB10: 0410479452 | AC10: Y | AD10: OP | AE10: Y | AF10: Y
A11: 9 | B11: TWO BY THREE | D11: RICHARD DAVY | E11: 0427473013 | F11: 434 CAPE RICHE RD | G11: METTLER | H11: WA 6328 | I11: rvtdavy@gmail.com | J11: JANE ALGIE | K11: 38 | L11: 0497156793 | M11: Y | N11: TIM HENDERSON | O11: 31 | P11: 0439956100 | Q11: Y | R11: RAQUEL CAVALLARO | S11: 45 | T11: 0458789736 | U11: Y | V11: N/A | Z11: RICHARD DAVY | AA11: 50 | AB11: 0427473013 | AC11: Y | AD11: OP | AE11: Y | AF11: Y | AH11: EFT
A12: 10 | B12: RUSTY IRONMEN GOLD | C12: Y | D12: CLIVE CHOATE | E12: 0422124908 | F12: 16 KEPPEL MEWS | G12: HALLS HEAD | H12: WA 6210 | I12: choate@westnet.com.au | J12: STEVE WISEMAN | M12: Y | N12: PAUL DEVONPORT | Q12: Y | R12: JUSTIN HARRIS | U12: Y | V12: LINDA YATES | Y12: Y | Z12: ADRIAN PERRY | AC12: Y | AD12: VE | AE12: Y | AF12: Y | AH12: EFT
A13: 11 | B13: FIVE ABREAST | D13: DIANNE HOLLETT | E13: 0431184436 | F13: PO BOX 249 | G13: BRIDGETOWN | H13: WA 6255 | J13: DIANE HOLLETT | K13: 56 | L13: 0431184436 | M13: Y | N13: LYN WHITNEY | O13: 62 | P13: 97611238 | Q13: Y | R13: ELIZABETH CORRIGAN | S13: 64 | T13: 0437284342 | U13: Y | V13: MICHELLE RITCHIE | W13: 37 | X13: 0413211241 | Y13: Y | Z13: BEVERLEY SZOLKOWSKI | AA13: 60 | AB13: 0419097319 | AC13: Y | AD13: SL | AE13: N | AF13: Y | AH13: CHEQUE
A14: 12 | B14: TEAM ROAD KILL | C14: Y | D14: DANIEL THOMPSON | E14: 0400038618 | F14: UNIT 8/17 ALGA ST | G14: SCARBOROUGH | H14: WA 6019 | I14: djthompson100@gmail.com | J14: FRANCES CAULFIELD | K14: 28 | L14: 0429703719 | M14: Y | N14: DANIEL THOMPSON | O14: 27 | P14: 0400038618 | Q14: Y | R14: ANTHEA PETERSEN | S14: 29 | T14: 0438990638 | U14: Y | V14: N/A | Z14: JAMES PEARSE | AA14: 28 | AB14: 0427663641 | AC14: Y | AD14: OP | AE14: Y | AF14: Y | AH14: EFT
A15: 13 | B15: MUMS ON THE RUN | C15: Y | D15: STEPHANIE PARNELL | E15: 0430476460 | F15: 5 LAMB AVE | G15: BENTLEY | H15: WA 6102 | I15: stephanie.a.parnell@hotmail.com | J15: STEPHANIE PARNELL | K15: 35 | L15: 0430476460 | M15: Y | N15: SUE DEERING | O15: 43 | P15: 0414848712 | Q15: Y | R15: BIANCA BESTON | S15: 36 | T15: 0431719066 | U15: Y | V15: N/A | Z15: CHERIE LOMEN | AA15: 34 | AB15: 0420521340 | AC15: Y | AD15: WO | AE15: Y | AF15: Y | AH15: EFT
A16: 14 | B16: MONGER MONGRELS | D16: DEAN ZEC | E16: 04248600761 | F16: 26 KURRAJONG PL | G16: GREENWOOD | H16: WA 6024 | I16: dean.zec@msasafety.com | J16: CLEO | K16: 50 | M16: N | N16: SCOTT WOOLDRIDGE | O16: 50 | P16: 0424813680 | Q16: N | R16: DEAN ZEC | S16: 50 | T16: 0428600761 | U16: N | V16: N/A | Z16: JON ELLIOTT | AA16: 52 | AB16: 0412289801 | AC16: N | AD16: VE | AE16: Y | AF16: Y | AH16: EFT
A17: 15 | B17: FIVE ALIVE | C17: Y | D17: LEIGHTON KNOLL | E17: 0428428705 | F17: PO BOX 596 | G17: DONNYBROOK | H17: WA 6239 | I17: knollcando@westnet.com.au | J17: JOSHUA STRETCH | K17: 27 | L17: ,0438939369 | M17: Y | N17: KATE MARTIN | O17: 38 | P17: 0421028730 | Q17: Y | R17: BRENDON BUNNING | S17: 61 | T17: 0458224230 | U17: Y | V17: RENAE TUCCI | W17: 25 | X17: 0419959394 | Y17: Y | Z17: MARK FRASER | AA17: 33 | AB17: 0435046545 | AC17: Y | AD17: OP | AE17: Y | AF17: Y | AH17: EFT
A18: 16 | B18: RUNNING ON APPLES | C18: Y | D18: MARLEE DOUST | E18: 97718456 | F18: PO BOX 296 | G18: MANJIMUP | H18: WA 6258 | J18: AUSTIN WATSON | K18: 19 | L18: 0414135176 | M18: Y | N18: JOSH RAYSON | O18: 35 | P18: 0439976773 | Q18: Y | R18: PAUL GOODE | S18: 43 | T18: 0427250678 | U18: Y | V18: AMANDA DAVEY | W18: 47 | X18: 0409500763 | Y18: N | Z18: RAY SULLIVAN | AA18: 67 | AB18: 0427771909 | AC18: Y | AD18: OP | AE18: Y | AF18: Y | AH18: EFT | AK18: ZEBEEDEE | AL18: S3061977
A19: 17 | B19: BREAKFAST CLUB | D19: DALLAS SLAPE | E19: 0438375680 | F19: 101 SUNBURY RD | G19: VICTORIA PARK | H19: WA 6100 | I19: walandwal1@bigpond.com | J19: DALLAS SLAPE | K19: 47 | L19: 0438375680 | M19: Y | N19: AARON SLAPE | O19: 18 | P19: 0488095501 | Q19: Y | R19: JANELLE SLAPE | S19: 21 | T19: 0447931372 | U19: Y | V19: N/A | Z19: DANIEL DAVIS | AA19: 25 | AB19: 0419926340 | AC19: Y | AD19: OP | AE19: Y | AF19: Y | AH19: EFT
A20: 18 | B20: CIRQUE DE SORE LEGS | C20: Y | D20: IDA BONO | E20: 0478684859 | F20: 23 LAKESIDE DR | G20: HELENA VALLEY | H20: WA 6056 | I20: ida.bono@aesgroup.net.au | J20: IDA BONO | K20: 45 | L20: 0478684859 | M20: Y | N20: KERRI LOCKHART | O20: 32 | P20: ;0438924010 | Q20: Y | R20: MARIKA BURKE | S20: 40 | T20: 0408081356 | U20: Y | V20: EMMA CRANE | W20: 31 | X20: 0428511786 | Y20: Y | Z20: CARLEY CHAU | AA20: 36 | AB20: 0417949195 | AC20: Y | AD20: WO | AE20: Y | AF20: Y | AH20: EFT
A21: 19 | B21: MIXED BAG | C21: Y | D21: PHYLL MOYNIHAN | E21: 0413137115 | F21: 2A DARNELL AVE | G21: MY PLEASANT | H21: WA 6153 | I21: moynihan2@optusnet.com.au | J21: RON MASON | K21: 24 | L21: 0487931395 | M21: Y | N21: PHYLL MOYNIHAN | O21: 66 | P21: 0413137115 | Q21: Y | R21: KIRSTY MOYNIHAN | S21: 45 | T21: 0416219971 | U21: Y | V21: N/A | Z21: EBONY CHRYSTIE | AA21: 22 | AB21: 0477779104 | AC21: Y | AD21: OP | AE21: Y | AF21: Y | AH21: EFT
A22: 20 | B22: DOGS OF WAR | C22: Y | D22: JUSTIN KELLY | E22: 0439414882 | F22: 12 ALISON RD | G22: ATTADALE | H22: WA 6156 | I22: justin.kelly@woodgroup.com | J22: JUSTIN KELLY | K22: 37 | L22: 0439414882 | M22: Y | N22: ALISTAIR TALBERT | O22: 42 | P22: 0433711825 | Q22: Y | R22: MAX LANOELLE | S22: 36 | T22: 0432025588 | U22: Y | V22: KELLY WHITE | W22: 37 | X22: 0417704945 | Y22: Y | Z22: ALEXANDER LOCKETT | AA22: 38 | AB22: 0475513203 | AC22: Y | AD22: OP | AE22: Y | AF22: Y | AH22: EFT | AI22: CRISTIANO | AJ22: XX5 7/8 | AM22: BROOK HUNT CLUB
A23: 21 | B23: TEAM POLINA | C23: Y | D23: LYNLEY SHEHAN | E23: 0421237299 | F23: 114 BORONIA RD | G23: BANJUP | H23: WA 6164 | I23: tlshehan@yahoo.com.au | J23: LYNLEY SHEHAN | K23: 53 | L23: 0421237299 | M23: Y | N23: PAUL PROCTER | O23: 59 | P23: 0427776623 | Q23: Y | R23: ANDREW HOLYOAKE | S23: 28 | T23: 0431856159 | U23: Y | V23: JANE BENTLEY | W23: 32 | X23: 0414252818 | Y23: Y | Z23: TERRY SHEHAN | AA23: 54 | AB23: 0408903249 | AC23: Y | AD23: OP | AE23: Y | AF23: Y | AH23: EFT | AI23: MR T | AJ23: ?
A24: 22 | B24: THE BROWN CROWES | C24: Y | D24: RACHEL BROWN | E24: 0427777497 | F24: PO BOX 57 | G24: GINGIN | H24: WA 6503 | I24: guinness85@live.com | J24: LUKE CROWE | K24: 34 | L24: 0427386952 | M24: Y | N24: LUKE CROWE | O24: 34 | P24: 0427386952 | Q24: Y | R24: PETER CROWE | S24: 62 | T24: 0427385287 | U24: Y | V24: N/A | Z24: CHRISTOPHER BROWN | AA24: 32 | AB24: 0400215022 | AC24: Y | AD24: OP | AE24: Y | AF24: Y | AH24: EFT
A25: 23 | B25: EQ CETERA BLACKWOOD TEAM | C25: Y | D25: ROBERT SHAW | E25: 0400691305 | F25: 232 HOPKINSON ROAD | G25: DARLING DOWNS | H25: WA 6122 | I25: robshaw@westnet.com.au | J25: EMMA GEE | K25: 37 | L25: 0433564665 | M25: Y | N25: STEVEN TSOCAS | O25: 44 | P25: 0423034233 | Q25: Y | R25: PAULINE SOUTHALL | S25: 61 | T25: 0488551586 | U25: Y | V25: CAREN EARL | W25: 45 | X25: 0432774131 | Y25: Y | Z25: DAVID ROSE | AA25: 47 | AB25: 0409102336 | AC25: Y | AD25: VE | AE25: Y | AF25: Y | AH25: EFT | AM25: WAERA
A26: 24 | B26: SOUTHERN SISTAS | D26: ROXY CLAYTON | E26: 0438993031 | F26: 5 LITTLE OXFORD ST | G26: ALBANY | H26: WA 6330 | I26: roxyclayton2802@live.com.au | J26: SARAH DE BOER | K26: 20 | L26: 0428946628 | M26: Y | N26: KELLY WATERHOUSE | O26: 39 | P26: 0438838924 | Q26: Y | R26: RANEE WILSON | S26: 53 | T26: 0423204200 | U26: Y | V26: ROXY CLAYTON | W26: 29 | X26: 0438993031 | Y26: Y | Z26: LYNDA WIGLEY | AA26: 46 | AB26: 0417933775 | AC26: Y | AD26: WO | AE26: Y | AF26: Y | AH26: EFT | AI26: SAINT OLIVER | AJ26: GOW 72/7
A27: 25 | B27: BADGER BEATERS | D27: WADE EMMELUTH | E27: 0450954179 | F27: 137 FLINDERS ST | G27: MT HAWTHORN | H27: WA 6016 | I27: Wade.Emmeluth@outlook.com | J27: KYLE STAINSBY | K27: 17 | L27: 0459992285 | M27: YY | N27: GLENN HUTCHINGS | O27: 44 | P27: 0459992285 | Q27: Y | R27: CHLOE HUTCHINGS | S27: 17 | T27: 0459992285 | U27: YY | V27: N/A | Z27: WADE EMMELUTH | AA27: 52 | AB27: 0450954179 | AC27: Y | AD27: OP | AE27: Y | AF27: Y | AH27: C/C
A28: 26 | B28: ROCKET AND GROOT | C28: Y | D28: JORJA WILLIAMSON | E28: 98483435 | F28: 3 TAME CLOSE | G28: DENMARK | H28: WA 6333 | I28: markanddonnaw@dodo.com.au | J28: SAM WILLIAMSON | K28: 20 | L28: 0432578667 | M28: Y | N28: JORJA WILLIAMSON | O28: 15 | P28: 0402136019 | Q28: YY | R28: JORJA WILLIAMSON | S28: 15 | T28: 0402136019 | U28: YY | V28: N/A | Z28: SAM WILLIAMSON | AA28: 20 | AB28: 0432578667 | AC28: Y | AD28: OP | AE28: Y | AF28: Y | AH28: EFT
A29: 27 | B29: WEST BRIDGETOWN WARRIORS | D29: SARAH YOUNGSON | E29: 97612741 | F29: PO BOX 1201 | G29: BRIDGETOWN | H29: WA 6255 | I29: sarah.youngson@westnet.com.au | J29: SARAH YOUNGSON | K29: 44 | L29: 97612741 | M29: Y | N29: LLOYD POWELL | O29: 50 | P29: 0414476015 | Q29: Y | R29: ANGUS YOUNGSON | S29: 54 | T29: 97612741 | U29: Y | V29: DEBRA CHAPMAN | W29: 53 | X29: 0499976995 | Y29: Y | Z29: DAVID MORTON | AA29: 69 | AB29: 97614568 | AC29: Y | AD29: VE | AF29: Y
A30: 28 | B30: NARROGIN JUNIORS | C30: Y | D30: SARAH WIESE | E30: 98859050 | F30: PO BOX 181 | G30: NARROGIN | H30: WA 6312 | I30: wiese@activ8.net,au | J30: EMMA WIESE | K30: 13 | L30: 0407474587 | M30: YY | N30: BILL WIESE | O30: 16 | P30: 0407474587 | Q30: YY | R30: JOSIE SKERRITT | S30: 13 | T30: 0473884771 | U30: YY | V30: BILL WIESE | W30: 16 | X30: 0407474587 | Y30: YY | Z30: TIERNAN PAICE | AA30: 16 | AB30: 0488626601 | AC30: YY | AD30: U8 | AE30: Y | AF30: Y | AH30: EFT | AK30: MATCH TO THE FUSE | AM30: Dryandra Pony Club
A31: 29 | B31: HAPPY CAMPERS | D31: DAVID GOLDSCHMIDT | E31: 93857781 | F31: 19B CHAMBERLAIN ST | G31: COTTESLOE | H31: WA 6011 | I31: dagoldschmidt@gmail.com | J31: SALLY HACKETT | K31: 22 | L31: 0439637313 | M31: Y | N31: SANDRA HACKETT | O31: 54 | P31: 0439637313 | Q31: Y | R31: JOHN MAASKANT | S31: 55 | T31: 0418911759 | U31: Y | V31: N/A | Z31: ANKE GOLDSCHMIDT | AA31: 56 | AB31: 93857781 | AC31: Y | AD31: OP | AE31: Y | AF31: Y | AH31: CHEQUE
A32: 30 | B32: UNDERDONE UNDERSLUNGS | D32: TIM ROWBERRY | E32: 0402238952 | F32: 90 ELLEN ST | G32: FREMANTLE | H32: WA 6160 | I32: timothy.rowberry@education.wa.gov.au | J32: NORM BAKER | K32: 46 | L32: 0407475049 | M32: Y | N32: TIM ROWBERRY | O32: 53 | P32: 0402238952 | Q32: Y | R32: TIM ROWBERRY | S32: 53 | T32: 0402238952 | U32: Y | V32: N/A | Z32: ANDY MEDLAND | AA32: 60 | AB32: 0404488823 | AC32: Y | AD32: VE | AE32: Y | AF32: Y | AH32: C/C
A33: 31 | B33: LADS AND A LADY | C33: Y | D33: ROWAN BROWN | E33: 0438903339 | F33: 47 HYBANTHUS RD | G33: FERNDALE | H33: WA 6148 | I33: dugongbrown@gmail.com | J33: JAMES WEBSTER | K33: 39 | L33: 0400231106 | M33: Y | N33: CORAN LONGWOOD | O33: 22 | P33: 0428532383 | Q33: Y | R33: ANDY DONALDSON | S33: 26 | T33: '0466538554 | U33: Y | V33: CHARLOTTE PUGH | W33: 23 | X33: 0499778799 | Y33: Y | Z33: ROWAN BROWN | AA33: 24 | AB33: 0438903339 | AC33: Y | AD33: OP | AE33: Y | AF33: Y | AH33: EFT | AI33: BINTURONG (BILLY) | AJ33: 3HR 5/9 | AM33: Sustainable Equatation And Adult Riders
A34: 32 | B34: SNAKEMANDU | C34: Y | D34: SIMON JOHNSTON | E34: 0448990699 | F34: 12 AVON GARDENS | G34: MILLBRIDGE | H34: WA 6232 | I34: sc.johnston@bigpond.com | J34: JEREMY BEAUGLEHOLE | K34: 39 | L34: 040778769 | M34: Y | N34: SIMON JOHNSTON | O34: 34 | P34: 0448990699 | Q34: Y | R34: AUSTIN HYDE | S34: 33 | T34: 0400698068 | U34: Y | V34: N/A | Z34: SIMON JOHNSTON | AA34: 34 | AB34: 0448990699 | AC34: Y | AD34: OP | AE34: Y | AF34: Y | AH34: EFT
A35: 33 | B35: ANOTHER BRILLIANT NAME | D35: ELIZA DOWLING | E35: 0488775095 | F35: PO BOX 2 | G35: POPANYINNING | H35: WA 6309 | I35: t.w.dowling@bigpond.com | J35: ELIZA DOWLING | K35: 52 | L35: 0488775095 | M35: Y | N35: JONATHON ENGLAND | O35: 45 | P35: 0438958617 | Q35: Y | R35: DANIELLE ENGLAND | S35: 44 | T35: 0429676077 | U35: Y | V35: N/A | Z35: DAVID BICKNELL | AA35: 65 | AB35: 0429926401 | AC35: Y | AD35: VE | AE35: Y | AF35: Y | AH35: EFT | AM35: WAERA
A36: 34 | B36: PLC | D36: ELIZA DOWLING | E36: 0488775095 | F36: PO BOX 2 | G36: POPANYINNING | H36: WA 6309 | I36: t.w.dowling@bigpond.com | J36: DYKE | M36: N | N36: GEORGIE FISHER | O36: 16 | P36: 0408696992 | Q36: YN | R36: HOLLY DOWLING | S36: 15 | T36: 0467965243 | U36: YY | V36: DANEE BAIRSTOW | W36: 15 | X36: 0458851772 | Y36: YN | Z36: SOPHIE EDGECOMBE | AA36: 16 | AB36: 0438447010 | AC36: YN | AD36: SO | AE36: Y | AF36: Y | AH36: EFT | AM36: DRYANDRA PC
A37: 35 | B37: BINEBS | C37: Y | D37: EBONY TAYLOR | E37: 0420423988 | F37: 123 NORTH BEACH DR | G37: OSBORNE PARK | H37: WA 6017 | I37: ebs_taylor@hotmail.com | J37: EBONY TAYLOR | K37: 27 | L37: 0420423988 | M37: Y | N37: IAN McMULLEN | O37: 28 | P37: 0439937743 | Q37: Y | R37: EBONY TAYLOR | S37: 27 | T37: 0420423988 | U37: Y | V37: N/A | Z37: IAN McMULLEN | AA37: 28 | AB37: 0439937743 | AC37: Y | AD37: OP | AE37: Y | AF37: Y
A38: 36 | B38: DRIVING ME NUTS | D38: TRACY WALLWORK | E38: 0438695434 | F38: 24 WATT ST | G38: SWANBOURNE | H38: WA 6010 | I38: tracyrob@wallworks.com.au | J38: MONICA HOGAN | K38: 16 | L38: 0449720085 | M38: YY | N38: DANIEL REYNOLDS | O38: 15 | Q38: YY | R38: LUCY HIGHET | S38: 15 | T38: 0447441113 | U38: YY | V38: AMBER ROBERTSON | W38: 15 | Y38: NN | Z38: MATTHEW WALLWORK | AA38: 15 | AB38: 0423543533 | AC38: YY | AD38: U8 | AE38: Y | AF38: Y | AH38: EFT
A39: 38 | B39: FRISKY MIDGET | D39: ANDREW HIGHET | E39: 0429067714 | F39: 54 SAMSON ST | G39: MOSMAN PARK | H39: WA 6012 | I39: drhighet@gmail.com | J39: GREG HOGAN | K39: 49 | L39: 0412382426 | M39: Y | N39: WARREN JONES | O39: 51 | P39: 0437249026 | Q39: Y | R39: WARREN JONES | S39: 51 | T39: 0437249026 | U39: Y | V39: CARMEN BAIRSTOW | Y39: N | Z39: ANDREW HIGHET | AA39: 48 | AB39: 0429067714 | AC39: Y | AD39: VE | AE39: Y | AF39: Y | AH39: EFT
A40: 39 | B40: NAT'S NO HOPERS | D40: JOE LOSS | E40: 0421519500 | F40: 59 HAMPTON STREET | G40: FREMANTLE | H40: WA 6160 | I40: joeloss@optusnet.com.au | J40: MARIANA STEKIC | K40: 24 | L40: 0429919936 | M40: Y | N40: GUY COHEN | O40: 29 | P40: 0414812137 | Q40: Y | R40: NATALIE BRANS | S40: 35 | T40: 0402022381 | U40: Y | V40: N/A | Z40: UNA RYAN | AA40: 51 | AB40: 0405310166 | AC40: Y | AD40: OP | AE40: Y | AF40: Y
A41: 40 | B41: 4 MARES, 1 COLT AND A TROLL | C41: Y | D41: MARYANNE PHILLIPS | E41: 0439957237 | F41: 520 LANCE ST | G41: SAWYERS VALLEY | H41: WA 6074 | I41: wineandhorses@bigpond.com | J41: JOSH MORRIS-PALMER | K41: 15 | M41: YY | N41: CAROLYN RYAN | O41: 51 | P41: 0424576656 | Q41: Y | R41: NATALIE MORRIS | S41: 47 | U41: Y | V41: MARYANNE PHILLIPS | W41: 43 | X41: 0439957237 | Y41: Y | Z41: MARK PHILLIPS | AC41: N | AD41: OP | AE41: Y | AF41: Y | AH41: EFT
A42: 41 | B42: OVER 4T | C42: Y | D42: PETER WHITNEY | E42: 97611238 | F42: PO BOX 99 | G42: BRIDGETOWN | H42: WA 6255 | I42: lyn@whitney.net.au | J42: TONY CROSSLAND | K42: 62 | L42: 0427744477 | M42: Y | N42: TED WILLETT | O42: 70 | P42: 0488644064 | Q42: Y | R42: MARTIN QUILL | S42: 56 | T42: 0458109349 | U42: Y | V42: CAROL deGRAW | W42: 54 | X42: 0416207099 | Y42: N | Z42: IAN KUGLER | AA42: 62 | AB42: 97651512 | AC42: Y | AD42: SV | AE42: Y | AF42: Y | AH42: EFT
A43: 42 | B43: LANDOR LEGENDS | D43: JULIE WALSH | E43: 0428511268 | F43: 14 DANDARAGAN ST | G43: MOORA | H43: WA 6510 | I43: topp-dogg@bigpond.com | J43: JOSH POWER | K43: 21 | L43: 0408916966 | M43: Y | N43: LUCY BROWNLIE | O43: 55 | P43: 0408591119 | Q43: Y | R43: SARAH HADDEN | U43: Y | V43: JULIE WALSH | W43: 55 | X43: 0428511268 | Y43: Y | Z43: KEN HILL | AA43: 40+ | AB43: 0408916966 | AC43: Y | AD43: OP | AE43: Y | AF43: Y | AH43: EFT | AI43: ABOUT TURN | AM43: Moora
A44: 43 | B44: HAZZA'S HAZ BEENS | D44: JOE LOSS | E44: 0421519500 | F44: 59 HAMPTON STREET | G44: FREMANTLE | H44: WA 6160 | I44: joeloss@optusnet.com.au | J44: HAYLEY SMITH | K44: 43 | L44: 0422946742 | M44: Y | N44: JOE LOSS | O44: 56 | P44: 0421519500 | Q44: Y | R44: GAVIN NOWROJEE | S44: 46 | T44: 0406011457 | U44: Y | V44: N/A | Z44: GREG WOODBRIDGE | AA44: 46 | AB44: 0417092468 | AC44: Y | AD44: VE | AE44: Y | AF44: Y
A45: 44 | B45: OLD DOCS | D45: TONY VAN MERWYK | E45: 95257773 | F45: 345 WESTCOTT RD | G45: KEYSBROOK | H45: WA 6126 | I45: elantone@bigpond.com | J45: NICOLE DEWING | K45: 51 | L45: 0404071041 | M45: Y | N45: JOHN WHITEHAND | O45: 67 | P45: 0401997183 | Q45: Y | R45: LORETTA VAN MERWYK | S45: 52 | T45: 0404071041 | U45: Y | V45: RAQUEL HORWOOD | W45: 47 | Y45: N | Z45: TONY VAN MERWYK | AA45: 80 | AB45: 0429087043 | AC45: Y | AD45: SV | AE45: Y | AF45: Y | AH45: CHEQUE | AI45: CORSE HES FAST(Tarzan)
A46: 45 | B46: SEAN'S SHIFTY SHYSTERS | D46: JOE LOSS | E46: 0421519500 | F46: 59 HAMPTON STREET | G46: FREMANTLE | H46: WA 6160 | I46: joeloss@optusnet.com.au | J46: SEAN SUPANZ | K46: 49 | L46: 0409203545 | M46: Y | N46: RICHARD PERRETT | O46: 57 | P46: 0407454809 | Q46: Y | R46: TODD BACK | S46: 41 | T46: 0424205433 | U46: Y | V46: N/A | Z46: JOE LOSS | AA46: 56 | AB46: 0421519500 | AC46: Y | AD46: VE | AE46: Y | AF46: Y
A47: 46 | B47: THINK FIT | D47: TEX WEBSTER | E47: 0419202187 | F47: 108 TERRACE RD | G47: GUILDFORD | H47: WA 6055 | I47: glindon.webster@bigpond.com | J47: CRAIG BECK | K47: 44 | L47: 0401903255 | M47: Y | N47: JUSTIN DAVIS | O47: 45 | P47: 0458841447 | Q47: Y | R47: LIAM SOUTHAM | S47: 37 | T47: 0434280028 | U47: Y | V47: TEX WEBSTER | W47: 44 | X47: 0419202187 | Y47: Y | Z47: KATRINA BRYCE | AA47: 45 | AB47: 0427013740 | AC47: Y | AD47: OP | AE47: Y | AF47: Y | AH47: CHEQUE | AI47: HAPPY MAGIC | AJ47: D5H 16/8 | AM47: PERTH POLO CLUB
A48: 47 | B48: PISSFITS | D48: RILEY DODD | E48: 0417063483 | F48: 11 JOHNSON AVE | G48: GUILDFORD | H48: WA 6055 | I48: rileydodd1977@hotmail.com | J48: GRAHAM BROWN | K48: 40 | L48: 0435206029 | M48: Y | N48: RILEY DODD | O48: 40 | P48: 0417063483 | Q48: Y | R48: TAMARA SWAN | S48: 43 | T48: 429660202 | U48: Y | V48: KATIE WEBSTER | Y48: N | Z48: DEAN SWAN | AA48: 46 | AB48: 0400208174 | AC48: Y | AD48: OP | AE48: Y | AF48: Y | AH48: C/C | AI48: SHAKE AND TAKE | AJ48: Lazy S4L 10/0
A49: 48 | B49: ERGT AUSTRALIA | C49: Y | D49: DAVID WORTHY | E49: 0431983324 | F49: 3/4 MILSON PLACE | G49: OCONNOR | H49: WA 6163 | I49: dswfabrications@gmail.com | J49: SHANE ADDIS | K49: 51 | L49: 0419948805 | M49: Y | N49: DAVID WORTHY | O49: 53 | P49: 0431983324 | Q49: Y | R49: ROALD SCHUTTE | S49: 31 | T49: 0406362370 | U49: Y | V49: SAMANTHA UNSTEAD | X49: 0400400165 | Y49: Y | Z49: ALEX WILLIAMS | AA49: 39 | AB49: 0424138308 | AC49: Y | AD49: OP | AE49: Y | AF49: Y
A50: 49 | B50: NEXT GEN SOUTH PERTH | D50: DEANNE BLACKBURN | E50: 0499900940 | F50: 96 WOLFE RD | G50: BANJUP | H50: WA 6164 | I50: deanne.blackburn@nextgenclubs.com.au | J50: DEANNE BLACKBURN | K50: 22 | L50: '0499900940 | M50: Y | N50: LARISSA BLECHYNDEN | O50: 22 | P50: 0438660611 | Q50: Y | R50: DEANNE BLACKBURN | S50: 22 | T50: '0499900940 | U50: Y | V50: N/A | Z50: ZANA NILSON | AA50: 26 | AB50: 0499802806 | AC50: Y | AD50: WO | AE50: Y | AF50: Y
A51: 50 | B51: SCRAMBLED LEGS | C51: Y | D51: JONNY CHRISTIE | E51: 0401333199 | F51: 15 COBDEN ST | G51: BAYSWATER | H51: WA 6053 | I51: jonny_christie@hotmail.com | J51: RHIANNON CHRISTIE | K51: 32 | L51: 0438917956 | M51: Y | N51: JONNY CHRISTIE | O51: 33 | P51: 0401333199 | Q51: Y | R51: KIM CHRISTIE | S51: 37 | T51: 0414726980 | U51: Y | V51: N/A | Z51: ANDREW GEE | AA51: 33 | AB51: 0404348171 | AC51: Y | AD51: OP | AE51: Y | AF51: Y | AH51: EFT
A52: 51 | B52: DON'S PARTY | C52: Y | D52: PAUL ROBINSON | E52: 0408905627 | G52: CLAREMONT | H52: WA 6010 | I52: earthTEG@gmail.com | J52: JOHN ALLEN | K52: 59 | L52: 0428917719 | M52: Y | N52: TREVOR TILLEY | O52: 64 | P52: 0404800337 | Q52: Y | R52: PAUL ROBINSON | S52: 64 | T52: 0408905627 | U52: Y | V52: ANNA VENTER | Y52: N | Z52: GRAHAM FORD | AA52: 65 | AB52: 0439853769 | AC52: Y | AD52: SV | AE52: Y | AF52: Y | AH52: EFT
A53: 52 | B53: IT'S TIME | D53: TOM CROSS | E53: 0409182014 | F53: PO BOX 79 | G53: DARDANUP | H53: WA 6236 | I53: tom@jwcross.com.au | J53: ANDREW SAVEN | K53: 52 | L53: 0477140790 | M53: Y | N53: ROD CHAMBERS | O53: 58 | P53: 0434824264 | Q53: Y | R53: RICHARD GEORGE | S53: 57 | T53: 0404819532 | U53: Y | V53: CHRIS HADDON | Y53: Y | Z53: TOM CROSS | AA53: 62 | AB53: 0409182014 | AC53: Y | AD53: SV | AE53: Y | AF53: Y | AH53: EFT
A54: 53 | B54: WHALE WATCHERS | C54: Y | D54: JOSIE KIDMAN | E54: 0407423718 | F54: PO BOX 1753 | G54: ALBANY | H54: WA 6331 | I54: gagekidman@iinet.net.au | J54: JOSIE KIDMAN | K54: 64 | L54: 0407423718 | M54: Y | N54: MARCIA NORRISH | O54: 41 | P54: 0429381434 | Q54: Y | R54: GEORGIA KIDMAN | S54: 45 | T54: 0439952878 | U54: Y | V54: N/A | Z54: MARCIA NORRISH | AA54: 41 | AB54: 0429381434 | AC54: Y | AD54: SL | AE54: Y | AF54: Y | AH54: EFT | AI54: OUR ROYAL DEMON | AJ54: C6J 70
A55: 54 | B55: LET-DOWNS | C55: Y | D55: SIMONE JESPERSEN | E55: 0433259699 | F55: 3 COODE ST | G55: FREMANTLE | H55: WA 6160 | I55: sjespersen868@gmail.com | J55: GREG TIMMS | K55: 56 | M55: Y | N55: SIMONE JESPERSEN | O55: 49 | P55: 0433259699 | Q55: Y | R55: ANGELA HALL | S55: 55 | T55: 0431936672 | U55: Y | V55: N/A | Z55: KELLIE BATCHELAR | AA55: 48 | AC55: Y | AD55: LV | AE55: Y | AF55: Y | AH55: EFT
A56: 55 | B56: TABAC OR NOT TABAC | C56: Y | D56: AARON ROBERTS | E56: 0427838050 | F56: 13A PAWLETT WAY | G56: KARRINYUP | H56: WA 6018 | I56: aaronroberts@goblue.com.au | J56: AARON ROBERTS | K56: 35 | L56: 0427838050 | M56: Y | N56: CHRISTOPHER BOSTOCK | O56: 33 | P56: 0400211796 | Q56: Y | R56: BLAKE SUTCLIFFE | S56: 35 | T56: 0401609651 | U56: Y | V56: TARLEE SMITH | W56: 26 | X56: 0466090971 | Y56: Y | Z56: ANDREW BOSTOCK | AA56: 35 | AB56: 0408098763 | AC56: Y | AD56: OP | AE56: Y | AF56: Y | AH56: EFT | AI56: ALMEJAZZ
A57: 56 | B57: STRAIGHT OFF THE COUCH | D57: MELANIE McGREGOR | E57: 0434517297 | F57: 1 BIRMINGHAMWAY | G57: PINJARRA | H57: WA 6208 | I57: missmel27@optusnet.com.au | J57: JOSEPH DUXBURY | K57: 22 | L57: 0426610700 | M57: Y | N57: CRAIG JUDD | O57: 38 | P57: 0427352548 | Q57: Y | R57: BRAD HARDMAN | S57: 32 | T57: 0406531761 | U57: Y | V57: MYRA IVES | W57: 51 | X57: 0408947470 | Y57: Y | Z57: MELANIE McGREGOR | AA57: 40 | AB57: 0434517297 | AC57: Y | AD57: OP | AE57: Y | AF57: Y | AH57: EFT | AI57: IRISH | AJ57: 4PT 5/1
A58: 57 | B58: GOVERNOR STIRLING | D58: ELENA JENSEN | E58: 0423316798 | F58: 55 DUDLEY ST | G58: MIDLAND | H58: WA 6056 | I58: sorenelena@y7mail.com | J58: FREJA JENSEN | K58: 14 | L58: 0423316798 | M58: YY | N58: FREJA JENSEN | O58: 14 | P58: 0423316798 | Q58: YY | R58: MATHILDE BENZ | S58: 15 | T58: 0431884490 | U58: YY | V58: N/A | Z58: TRISTAN NASH | AA58: 14 | AB58: 0432131630 | AC58: YY | AD58: SO | AE58: Y | AF58: Y | AH58: EFT
A59: 58 | B59: HONEY BADGER | C59: Y | D59: CHRIS MOTT | E59: 0429967507 | F59: PO BOX 982 | G59: BRIDGETOWN | H59: WA 6255 | I59: chris.mott@education.wa.edu.au | J59: NATHAN WALTER | K59: 36 | L59: 0409771685 | M59: Y | N59: CHRIS MOTT | O59: 44 | P59: 0429967507 | Q59: Y | R59: JODIE PEARCE | S59: 33 | T59: 0429414065 | U59: Y | V59: N/A | Z59: GEORGE CRAIG | AA59: 46 | AB59: 0438611019 | AC59: Y | AD59: OP | AE59: Y | AF59: Y | AH59: EFT
A60: 60 | B60: 6101 LIMA | C60: Y | D60: NATASHA AMERY | E60: 0439879484 | F60: 146 STOR ST | G60: CARLISLE | H60: WA 6101 | I60: tash.amery@gmail.com | J60: NATASHA AMERY | K60: 42 | L60: 0439879484 | M60: Y | N60: BRAD SCULLY | O60: 46 | P60: 0405774087 | Q60: Y | R60: DYLAN KELLY | S60: 13 | T60: 0402841283 | U60: YY | V60: N/A | Z60: DAVE FORD | AA60: 52 | AB60: 0408108531 | AC60: Y | AD60: OP | AE60: Y | AF60: Y | AH60: C/C
A61: 61 | B61: LOOSE NUTS | D61: TRACY WALLWORK | E61: 0438695434 | F61: 24 WATT ST | G61: SWANBOURNE | H61: WA 6010 | I61: tracyrob@wallworks.com.au | J61: STEVE STANDING | K61: 57 | L61: 0407767801 | M61: Y | N61: JOHN TREGONNING | O61: 59 | P61: 0408280561 | Q61: Y | R61: BARRY ASHWIN | S61: 56 | T61: 0427017396 | U61: Y | V61: N/A | Z61: STEVE STANDING | AA61: 57 | AB61: 0407767801 | AC61: Y | AD61: SV | AE61: Y | AF61: Y | AH61: C/C
A62: 62 | B62: 6101 DELTA | C62: Y | D62: MARK CASSIDY | E62: 0475211298 | F62: 84 DOUGLAS AVE | G62: SOUTH PERTH | H62: WA 6151 | I62: marktcassidy@yahoo.com.au | J62: RYAN ARVIDSON | K62: 16 | L62: 0497312307 | M62: YY | N62: MARK CASSIDY | O62: 46 | P62: 0475211298 | Q62: Y | R62: AMANDA BROWN | S62: 46 | T62: 0408099321 | U62: Y | V62: N/A | Z62: TODD BEATON | AA62: 40 | AB62: 0427813351 | AC62: Y | AD62: OP | AE62: Y | AF62: Y | AH62: EFT
A63: 63 | B63: LEMONIS/TANTIPRASUT LAWYERS | C63: Y | D63: DAVE BERGLUND | E63: 0417921773 | F63: 22a BAY VIEW CRESENT | G63: DUNSBOROUGH | H63: WA 6281 | I63: daveberg1@hotmail.com | J63: GERARD HILL | L63: AT START | M63: N | N63: DAVID BERGLUND | O63: 59 | P63: 0417921773 | Q63: Y | R63: TRAVIS NEDERPELT | S63: 32 | T63: 0481266603 | U63: Y | V63: SARAH DACEY | W63: 40 | X63: 0475215519 | Y63: Y | Z63: MATT DEC | AA63: 45 | AB63: 0438944793 | AC63: Y | AD63: OP | AE63: Y | AF63: Y | AH63: CHEQUE | AK63: SOHO SILVERSTONE
A64: 64 | B64: GGS | D64: NICOLE WEBB | E64: 0422134456 | F64: 66 HAMPSTEAD HILLS DR | G64: GIDGEGANNUP | H64: WA 6083 | J64: JESSE MANNING | K64: 33 | L64: 0425126377 | M64: Y | N64: BAILLIE LIDDLE | O64: 30 | P64: 0479093322 | Q64: Y | R64: NICOLETTE MANNING | S64: 33 | T64: 0401279674 | U64: Y | V64: NICOLE WEBB | W64: 42 | X64: 0422134456 | Y64: Y | Z64: BILL SCANLAN | AA64: 39 | AB64: 0422150526 | AC64: Y | AD64: OP | AE64: Y | AF64: Y | AH64: EFT
A65: 65 | B65: SISTERS OF MISCONCEPTION | D65: ANNE HARRIS | E65: 0414692192 | F65: 4 TIBRDDEN CIRCLE | G65: ASCOT | H65: WA 6104 | I65: subarka1@gmail.com | J65: ABBEY MAYOR | K65: 37 | L65: 0438885518 | M65: Y | N65: ANNE HARRIS | O65: 45 | P65: 0414692192 | Q65: Y | R65: ARSIYANTI ARDIE | S65: 41 | T65: 0447458457 | U65: Y | V65: N/A | Z65: JOY MILES | AB65: 0409110703 | AC65: Y | AD65: VE | AE65: Y | AF65: Y | AH65: EFT
A66: 66 | B66: UP AND COMING | D66: IAN 't HART | E66: 98423832 | F66: 21 LEONORA ST | G66: ALBANY | H66: WA 6330 | I66: ianthart@iinet.net.au | J66: MICHAEL DYMNICKL | K66: 38 | L66: 0417920986 | M66: N | N66: IAN 't HART | O66: 43 | P66: 98423832 | Q66: Y | R66: MICHAEL SWADDLE | S66: 24 | T66: 93976415 | U66: Y | V66: OLIVER WILLIAMSON | Y66: Y | Z66: CHRISTOPHER DAVIDSON | AA66: 47 | AC66: N | AD66: OP | AE66: Y | AF66: Y | AH66: EFT
A67: 67 | B67: BLACKOUT ELECTRICAL | D67: GINA LOOKE | E67: 0428272945 | F67: 2615 BUNNING RD | G67: MT HELENA | H67: WA 6082 | I67: ian.ginalooke@bigpond.com | J67: THEA HIGGINBOTTOM | K67: 26 | L67: 0423965375 | M67: Y | N67: IAN LOOKE | O67: 58 | P67: 0428291018 | Q67: Y | R67: SAMUEL LOOKE | S67: 30 | T67: 0427866514 | U67: Y | V67: GINA LOOKE | W67: 55 | X67: 0428272945 | Y67: Y | Z67: THOMAS HIGGINBOTTOM | AA67: 28 | AB67: 0419576710 | AC67: Y | AD67: OP | AE67: Y | AF67: Y | AH67: CHEQUE
A68: 68 | B68: FOUR NUTS | D68: HAMISH ANDERSON | E68: 0401485892 | F68: 21 BRASSEY ST | G68: SWANBOURNE | H68: WA 6010 | J68: CONOR WALLWORK | K68: 19 | L68: 0401485892 | M68: Y | N68: TOM ANDERSON | O68: 18 | P68: 04344907474 | Q68: Y | R68: SAM ROONEY | S68: 18 | T68: ;0435249231 | U68: Y | V68: N/A | Z68: HAMISH ANDERSON | AA68: 18 | AB68: 0401485892 | AC68: Y | AD68: OP | AE68: Y | AF68: Y | AH68: EFT
A69: 69 | B69: TARTAN NUTS | D69: ROBERT ANDERSON | E69: 0413515075 | F69: 21 BRASSEY ST | G69: SWANBOURNE | H69: WA 6010 | I69: banderson@iinet.net.au | J69: ROBERT ANDERSON | K69: 54 | L69: 0413515075 | M69: Y | N69: CRAIG MORRISON | O69: 49 | Q69: Y | R69: CRAIG MORRISON | S69: 49 | U69: Y | V69: N/A | Z69: ROBERT ANDERSON | AA69: 54 | AB69: 0413515075 | AC69: Y | AD69: VE | AE69: Y | AF69: Y | AH69: EFT
A70: 70 | B70: DOUG'S TEAM | D70: SHIRLEY BELL | E70: 0403974059 | F70: 38 BULIMBA RD | G70: NEDLANDS | H70: WA 6009 | I70: craigandrobyn@optusnet.com.au | J70: SHIRLEY BELL | L70: 0401929749 | M70: Y | N70: WARREN SOUTHWELL | O70: 60 | P70: 0407423060 | Q70: Y | R70: AL MARSH | S70: 63 | T70: 0409491954 | U70: Y | V70: GILLIAN WADDINGTON | W70: 44 | X70: 0408943376 | Y70: Y | Z70: CRAIG CARTER | AA70: 65 | AB70: 0403974059 | AC70: Y | AD70: SV | AE70: Y | AF70: Y | AH70: EFT
A71: 71 | B71: TEAM DAYLIGHT SAVINGS | D71: TRACY BASTERFIELD | E71: 0407806282 | F71: 27 BALMORAL DR | G71: BRIDGETOWN | H71: WA 6255 | I71: tracybasterfield@gmail.com | J71: JARAD BASTERFIELD | K71: 43 | L71: 0430432208 | M71: Y | N71: BADEN REES | O71: 25 | P71: 0447090315 | Q71: Y | R71: MICHELLE HANRAHAN | S71: 34 | T71: 0418611023 | U71: Y | V71: N/A | Z71: TRACY BASTERFIELD | AA71: 41 | AB71: 0407806282 | AC71: Y | AD71: OP | AE71: Y | AF71: Y | AH71: EFT
A72: 72 | B72: VICTORIOUS SECRET | C72: Y | D72: ASHLEE RITSON | E72: 0427293640 | F72: 11 GIBSON ST | G72: SOUTH BUNBURY | H72: WA 6230 | I72: ashlee.ritson@gmail.com | J72: ASHLEE RITSON | K72: 29 | L72: 0427293640 | M72: Y | N72: LISA HARDING | O72: 27 | P72: 0427770902 | Q72: Y | R72: ALICE ROTHERAM | S72: 29 | T72: 0403968303 | U72: Y | V72: SARA CLIFTON | W72: 52 | X72: 0437315044 | Y72: Y | Z72: HEIDI WILLIAMS | AA72: 24 | AB72: 0447740311 | AC72: Y | AD72: WO | AE72: Y | AF72: Y | AH72: EFT | AM72: BUNBURY HORSE AND PONY CLUB
A73: 73 | B73: TRACES OF NUTS | D73: TRACY WALLWORK | E73: 0438695434 | F73: 24 WATT ST | G73: SWANBOURNE | H73: WA 6010 | I73: tracyrob@wallworks.com.au | J73: MARK DONOVAN | M73: N | N73: TRACY WALLWORK | O73: 54 | P73: 0438695434 | Q73: Y | R73: ALEXANDER TREGONNING | S73: 56 | T73: 0408280561 | U73: Y | V73: TONY MAC | Y73: N | Z73: LUCINDA ANDERSON | AA73: 50 | AB73: 0402059040 | AC73: Y | AD73: OP | AE73: Y | AF73: Y | AH73: C/C
A74: 74 | B74: DUX NUTS | D74: ROB WALLWORK | E74: 0438695434 | F74: 24 WATT ST | G74: SWANBOURNE | H74: WA 6010 | I74: tracyrob@wallworks.com.au | J74: KIM ROSENTHAL | K74: 57 | L74: 0438695434 | M74: Y | N74: BARRY ASHWIN | O74: 56 | P74: 0427017396 | Q74: Y | R74: ROB WALLWORK | S74: 57 | T74: 0438695434 | U74: Y | V74: JEFF GATES | W74: 52 | X74: 0412065733 | Y74: Y | Z74: MARK DONOVAN | AA74: 55 | AB74: 0438695434 | AC74: Y | AD74: SV | AE74: Y | AF74: Y | AH74: C/C
